Workbook

Sheet Note_AmendCAPI
A1: Les points intégrés dans CAPI sont en couleur JAUNE
A2: Points intégrés mais necessitant une clarification par la suite en couleur VIOLET
A9: A FAIRE
A11: Revenir après à la section S04_Emploi

Sheet couvert
R2: REPÚBLICA DA GUINÉ-BISSAU
O5: MINISTÉRIO DA ECONOMIA, PLANO E INTEGRAÇÃO REGIONAL
S7: INSTITUTO NACIONAL DE ESTATÍSTICA
X8: EHCVM 2
T9: IDENTIFICAÇÃO DO AGREGADO FAMILIAR
T10: AGLOMERADO/DR | AB10: AGREGADO FAMILIAR | AF10: VAGA
AF11: 2
A16: INQUÉRITO HARMONIZADO SOBRE AS CONDIÇÕES DE VIDA DOS AGREGADOS FAMILIARES 2021/2022
A17: COM O APOIO DA COMISSÃO DA UEMOA E DO BANCO MUNDIAL
A18: QUESTIONÁRIO AO AGREGADO FAMILIAR
A21: Coordenadas GPS do agregado familiar | AG21: 1.Em que formato foi conduzida a entrevista?
AG23: 1. PAPI
A24: Latitude | H24: N | AG24: 2. CAPI
AG25: 2.Qual é a ronda da visita?
A26: Longitude | H26: W | AH26: 1 Primeira visita
AH27: 2 Segunda visita
AH28: 3 Terceira visita
B29: Nome e apelido do chefe do agregado familiar:
B31: Morada (localização) do agregado familiar:
A34: CONFIDENCIAL: Nos termos do artigo 7º, da Lei de Base do Sistema Estatístico Nacional, todos os dados estatísticos individuais recolhidos por órgãos produtores de Estatísticas Oficiais do SEN, são de natureza estritamente confidencial.

Sheet TOC
A1: ÍNDICE
A3: 0 | B3: INFORMAÇÕES DE CONTROLO | F3: 10 | G3: EMPRESAS NÃO-AGRÍCOLAS
B4: A Identificação do agregado familiar | C4: 3 | G4: A Existência de empresas não-agrícolas | J4: 45
B5: B Contactos do agregado familiar | C5: 3 | G5: B Características das empresas não-agrícolas (sem existências) | J5: 46
B6: C Informações de controlo | C6: 3
A7: 1 | B7: CARACTERÍSTICAS SOCIODEMOGRÁFICAS DOS MEMBROS DO AGREGADO FAMILIAR | C7: 4 | F7: 11 | G7: HABITAÇÃO | J7: 53
A8: 2 | B8: EDUCAÇÃO (INDIVÍDUOS COM IDADE IGUAL OU SUPERIOR A 3 ANOS) | C8: 8 | F8: 12 | G8: ATIVOS DO AGREGADO FAMILIAR | J8: 56
A9: 3 | B9: SAÚDE GERAL | C9: 12 | F9: 13 | G9: TRANSFERÊNCIAS
A10: 4 | B10: EMPREGO (INDIVÍDUOS COM IDADE IGUAL OU SUPERIOR A 6 ANOS) | G10: A Transferências recebidas pelo agregado familiar | J10: 58
B11: A Situação relativamente à atividade | C11: 16 | G11: A Transferências emitidas pelo agregado familiar | J11: 59
B12: B Emprego principal durante os últimos 12 meses | C12: 19 | F12: 14 | G12: IMPACTOS E ESTRATÉGIAS DE SOBREVIVÊNCIA | J12: 60
B13: C Emprego secundário durante os últimos 12 meses | C13: 22 | F13: 15 | G13: REDES DE SEGURANÇA | J13: 61
A14: 5 | B14: C RENDIMENTOS FORA DO EMPREGO DURANTE OS ÚLTIMOS 12 MESES | C14: 24 | F14: 16 | G14: AGRICULTURA
A15: 6 | B15: POUPANÇA E CRÉDITO | C15: 26 | G15: A Parcelas | J15: 62
A16: 7 | B16: CONSUMO ALIMENTAR DURANTE OS ÚLTIMOS 7 DIAS | G16: B Custo dos insumos | J16: 74
B17: A Refeições consumidas fora do agregado familiar durante os últimos 7 dias | C17: 28 | G17: C Culturas | J17: 75
B18: B Consumo alimentar durante os últimos 30 dias e compras durante os últimos 30 dias | C18: 30 | F18: 17 | G18: PECUÁRIA | J18: 79
A19: 8 | B19: SEGURANÇA ALIMENTAR | F19: 18 | G19: EQUIPAMENTOS AGRÍCOLAS | J19: 88
B20: A Escala de experiência de insegurança alimentar | C20: 36 | F20: 19 | G20: PESCA | J20: 89
B21: B Suplementos alimentares | C21: 37 | F21: 20 | G21: POBREZA SUBJECTIVA, GOVERNANÇA, INSEGURANÇA
A22: 9 | B22: DESPESAS RETROSPETIVAS NÃO ALIMENTARES DO AGREGADO FAMILIAR | G22: A Pobreza subjectiva | J22: 101
B23: A Despesas com festas e cerimónias durante os últimos 12 meses | C23: 38 | G23: B Governança | J23: 102
B24: B Despesas não alimentares durante os últimos 7 dias | C24: 39 | G24: C Insegurança | J24: 103
B25: C Despesas não alimentares durante os últimos 30 dias | C25: 40 | G25: LISTA EXAUSTIVA DE UNIDADES PARA A SEÇÃO 7B | J25: 104
B26: D Despesas não alimentares durante os últimos 3 meses | C26: 41 | G26: NOMENCLATURA DE CULTURAS PARA A SEÇÃO 16A | J26: 105
B27: E Despesas não alimentares durante os últimos 6 meses | C27: 42 | G27: OBSERVAÇÕES | J27: 106
B28: F Despesas não alimentares durante os últimos 12 meses | C28: 43 | G28: VARIÁVEIS | J28: 107

Sheet S0_Cont
A1: SECÇÃO 0: IDENTIFICAÇÃO DO AGREGADO FAMILIAR E INFORMAÇÕES DE CONTROLO
A2: A | B2: Identificação do agregado familiar
A3: 01.- | B3: Região | E3: NOME: | L3: CÓDIGO:
A4: 02.- | B4: Setor | E4: NOME: | L4: CÓDIGO:
A5: 03.-
A6: 04.- | B6: Meio de residência | F6: 1. Urbano 2. Rural | L6: CÓDIGO:
A7: 05.- | B7: Tabanca/Bairro | E7: NOME:
A8: 06.- | B8: N.º do Distrito de Recenseamento (DR) | L8: CÓDIGO:
A9: 07.- | B9: Número do agregado familiar no DR | L9: CÓDIGO:
A10: 07A.- | B10: Tipo de agregado | D10: 1 = Agregado residente, 2 = Agregado num acampamento para pessoas deslocadas internamente ou refugiados ►0,08 | L10: CÓDIGO:
A11: 07B.- | B11: O seu agregado mora nesta localidade há menos de 5 anos? | F11: 1 Sim | G11: =CONCATENATE("2 Não ►",A13) -> 2 Não ►07D.-
A12: 07C.- | B12: Você deixou seu local de residência anterior por causa de guerra, conflitos na comunidade, violência ou ataque de catástrofe natural? | K12: 1. Sim | L12: 2. Não
A13: 07D.- | B13: O agregado famiiar foi entrevistada durante o último inquérito em 2018/2019 | G13: 1. Sim | H13: 2. Não ►0.08
A14: 07E.- | B14: O agregado ocupava o mesmo alojamento durante o inquérito de 2018/19 | G14: 1. Sim | H14: 2. Não ►0.08
A15: 07F1.- | B15: Número de DR em 2018/2019 | L15: CÓDIGO:
A16: 07F2.- | B16: Número de agregado em 2018/2019 | L16: CÓDIGO:
A17: 08.- | B17: Resultado da entrevista | D17: 1= Concluída, agregado familiar selecionado ►(0.10) 2=Concluída, agregado familiar substituto►(0.10) 3=Não concluída | L17: CÓDIGO:
A18: 09.- | B18: Motivo | D18: 1=Recusa 2= Ausente 3=Alojamento desocupada ►(Fim do questionário) | L18: CÓDIGO:
A19: B | B19: Contacto do agregado familiar
A20: 10.- | B20: Nome e apelido do chefe do agregado familiar
A21: 11.- | B21: Morada (localização) do agregado familiar
A22: 12A.- | B22: Primeiro Número do telemóvel do chefe do agregado familiar | L22: NÚMERO:
A23: 12B.- | B23: Segundo Número do telemóvel do chefe do agregado familiar | L23: NÚMERO:
A24: 13.- | B24: Nome de outro membro do agregado familiar que possui um número de telemóvel
A25: 14.- | B25: Número do telemóvel desse outro membro do agregado familiar | L25: NÚMERO:
A26: 15.- | B26: Nome de um primeiro contacto não pertencente ao agregado familiar que possui um número de telemóvel
A27: 16.- | B27: Número do telemóvel dessa outra pessoa | L27: NÚMERO:
A28: 17.- | B28: Nome de um segundo contacto não pertencente ao agregado familiar que possui um número de telemóvel
A29: 18.- | B29: Número do telemóvel dessa outra pessoa | L29: NÚMERO:
A30: C | B30: Informações de controlo
A31: 19.- | B31: Nome e apelido do agente entrevistador | L31: CÓDIGO:
A32: 20.- | B32: Nome e apelido do controlador | L32: CÓDIGO:
A33: 21.- | B33: Nome e apelido do agente de verificação | L33: CÓDIGO:
A34: 22.- | B34: Número de visitas necessárias para administrar o questionário | L34: NÚMERO
D35: Dia | F35: Mês | H35: Ano | J35: Hora/minutos de início | L35: Hora/minutos de fim
A36: 23.- | B36: Recolha - Visita 1
A37: 24.- | B37: Recolha - Visita 2
A38: 25.- | B38: Recolha - Visita 3
A39: 26.- | B39: Controlo
A40: 27.- | B40: Resultado do questionário | D40: 1=Completo 2=Parcial | L40: CÓDIGO:
A41: 28.- | B41: Língua da entrevista | D41: 1=Crioulo 2=Fula 3=Balanta 4=Mandinga 5=Papel 6=Manjaco 7 =Beafada 8=Mancanha 9=Outras Linguas: | L41: CÓDIGO:
A42: 29.- | B42: Número de questionários utilizados no agregado familiar | L42: NÚMERO:
A43: 30.- | B43: Número de ordem do presente questionário entre os questionários utilizados no agregado familiar | L43: NÚMERO DE ORDEM:
A44: 31.- | B44: Número de membros do agregado familiar | L44: NÚMERO:

Sheet S01_Demo
A1: LISTA DE MEMBROS - FLAP | C1: SECÇÃO 1: CARACTERÍSTICAS SOCIODEMOGRÁFICAS DOS MEMBROS DO AGREGADO FAMILIAR | AC1: SECÇÃO 1: CARACTERÍSTICAS SOCIODEMOGRÁFICAS DOS MEMBROS DO AGREGADO FAMILIAR | AL1: SECÇÃO 1: CARACTERÍSTICAS SOCIODEMOGRÁFICAS DOS MEMBROS DO AGREGADO FAMILIAR | AX1: SECÇÃO 1: CARACTERÍSTICAS SOCIODEMOGRÁFICAS DOS MEMBROS DO AGREGADO FAMILIAR
A4: CÓDIGO ID: | B4: ORDEM DE REGISTO | C4: CÓDIGO ID: | D4: 1 | E4: =CONCATENATE("(1.00",E47,")") -> (1.00) | F4: =CONCATENATE("(1.00",F47,")") -> (1.00) | G4: =CONCATENATE("(1.00",G47,")") -> (1.00) | I4: =CONCATENATE("(1.00",I47,")") -> (1.00) | J4: =CONCATENATE("(1.00",J47,")") -> (1.00) | L4: =CONCATENATE("(1.00",L47,")") -> (1.00) | M4: 1.01 | N4: 1.02 | O4: 1.03 | R4: 1.04 | T4: 1.05 | U4: 1.06 | V4: =U4+0.01 -> 1.07 | W4: =V4+0.01 -> 1.08 | X4: =W4+0.01 -> 1.09 | AB4: =X4+0.01 -> 1.1 | AC4: CÓDIGO ID: | AD4: =AB4+0.01 -> 1.11 | AE4: =AD4+0.01 -> 1.12 | AF4: =AE4+0.01 -> 1.13 | AG4: =AF4+0.01 -> 1.14 | AH4: =AG4+0.01 -> 1.15 | AI4: =AH4+0.01 -> 1.16 | AJ4: =AI4+0.01 -> 1.17 | AK4: =AJ4+0.01 -> 1.18 | AL4: CÓDIGO ID: | AM4: =AK4+0.01 -> 1.19 | AN4: =AM4+0.01 -> 1.2 | AO4: =AN4+0.01 -> 1.21 | AP4: =CONCATENATE("(",TEXT(AO4,"0,00"), "a)") -> (1,21a) | AQ4: =AO4+0.01 -> 1.22 | AR4: =AQ4+0.01 -> 1.23 | AS4: =AR4+0.01 -> 1.24 | AT4: =AS4+0.01 -> 1.25 | AU4: =AT4+0.01 -> 1.26 | AV4: =AU4+0.01 -> 1.27 | AW4: =AV4+0.01 -> 1.28 | AX4: CÓDIGO ID: | AY4: =AW4+0.01 -> 1.29 | AZ4: =AY4+0.01 -> 1.3 | BA4: =AZ4+0.01 -> 1.31 | BB4: =BA4+0.01 -> 1.32 | BC4: =BB4+0.01 -> 1.33 | BD4: =BC4+0.01 -> 1.34 | BE4: =BD4+0.01 -> 1.35 | BF4: =BE4+0.01 -> 1.36 | BG4: =BF4+0.01 -> 1.37 | ... BI4: =BH4+0.01 -> 1.39
B5: A. Para os agregados inquiridos ​​em 2018/2019: a lista de todas as pessoas que moravam no alojamento durante a primeira edição é relatada. As novas pessoas que chegaram à residência são adicionadas posteriormente. B. Para os novos agregados: faça uma lista de todas as pessoas que vivem no alojamento, presentes ou ausentes no momento da pesquisa. Para ter certeza de não esquecer alguns indivíduos, liste-os na ordem descrita abaixo | D5: CÓDIGO ID do respondente | E5: [NOME] ainda mora neste agregado? | F5: Por que razão [NOME] não mora mais neste agregado? | G5: Desde quando o [NOME] saiu do agregado? | I5: INQUIRIDOR: [NOME] é um novo membro do agregado ou alguém esquecido no inquérito 2018/19? | J5: Há quanto tempo [NOME] mora no agregado? | L5: Por que [NOME] veio morar neste agregado ou não foi entrevistado em 2018/2019? | M5: Qual é o Sexo (NOME)? | N5: Qual é o laço de parentesco de [NOME] com o chefe do agregado familiar? | O5: Qual é a data de nascimento de [NOME]? | R5: Que idade fez [NOME] no seu último aniversário? | T5: Será que o [NOME] dispõe de uma certidão de nascimento? | U5: A certidão de nascimento foi mostrada? | V5: No caso das pessoas com idade igual ou superior a 10 anos, qual é o estado civil de [NOME]? | W5: O(s) cônjuge(s) de [NOME] vive(m) no agregado familiar? | X5: Qual (quais) é (são) o(s) código(s) ID do(s) cônjuge(s) de [NOME]? | AB5: Com que idade [NOME] se casou pela primeira vez? | AD5: [NOME] está presente na altura do inquérito? | AE5: [NOME] vive em regime permanente neste agregado familiar pelo menos nos últimos 6 meses? | AF5: [NOME] pretende ficar no agregado por pelo menos 6 meses? | AG5: Qual é a religião de [NOME]? | AH5: Qual é a nacionalidade de [NOME]? | AI5: No caso dos nacionais, qual é a etnia de [NOME]? | AJ5: [NOME] nasceu em [localidade de residência]? | AK5: [NOME] alguma vez residiu noutra localidade durante mais de 6 meses? | AM5: Qual é a última cidade onde [NOME] morou antes de vir morar aqui? | AN5: Durante quantos anos [NOME] residiu nessa localidade antes de vir morar aqui? | AO5: Qual foi a razão principal para [NOME] ter vindo morar para esta localidade? | AP5: Há quantos anos [NOME] mora em [local de residência]? | AQ5: O pai de [NOME] vive no agregado familiar? | AR5: ESCREVER O CÓDIGO ID DO PAI DE [NOME] | AS5: O pai de [NOME] está vivo? | AT5: Qual é o nível de instrução mais elevado obtido pelo pai de [NOME]? | AU5: Que ramo de atividade principal exerceu o pai de [NOME]? | AV5: Qual era a categoria socioprofissional do pai de [NOME]? | AW5: Qual era o setor institucional do pai de [NOME]? | AY5: A mãe de [NOME] vive no agregado familiar? | AZ5: ESCREVE O CÓDIGO ID DA MÃE DE [NOME] | BA5: A mãe de [NOME] é viva? | BB5: Qual é o nível de instrução mais elevado obtido pela mãe de [NOME]? | BC5: Que ramo de atividade principal exerceu a mãe de [NOME]? | BD5: Qual era a categoria socioprofissional da mãe de [NOME]? | BE5: Qual era o setor institucional da mãe de [NOME]? | BF5: No caso de pessoas com idade igual ou superior a 10 anos, [NOME] possui telemóvel? | BG5: Mesmo que [NOME] não tenha seu próprio telemovel, [NOME] usou um telefone nos últimos 7 dias? | BH5: Quanto ele gastou em cartões pré-pagos incluindo transferências de crédito nos últimos 7 dias (excluindo assinatura mensal)? | BI5: [NOME] acedeu à internet? Escrever 1 para SIM e 2 para NÃO
AI7: 01=Fula
O8: =CONCATENATE("Se pelo menos o ano de nascimento de [NOME] for declarado ►",TEXT(T4,"(0,00)"),) -> Se pelo menos o ano de nascimento de [NOME] for declarado ►(1,05) | R8: No caso das crianças com menos de 5 anos (0 a 59 meses), idade em meses e anos; por exemplo uma criança de 2 anos e 6 meses, escrever 2 na coluna ANOS e 6 na coluna MESES. No caso das pessoas com idade igual ou superior a 5 anos, idade em anos aquando do último aniversário. | AG8: 1=Muçulmano(a) | AH8: 01 Benin 02 Burkina Faso 03 Cabo Verde 04 Costa do Marfim 05 Gâmbia 06 Gana 07 Guiné 08 Guiné-Bissau 09 Libéria 10 Mali 11 niger 12 Nigéria 13 senegal 14 Serra-Leonne 15 Togo 16 Outra CEDEAO 17 Outra África 18 Outros países fora da África | AI8: 02=Balanta | AM8: 01 Capital | AO8: 01 Enviado por sua família para trabalhar
F9: 1 Era um visitante | N9: 01 Chefe do agregado familiar | AG9: 2 Cristão(ã) | AI9: 03=Mandinga | AM9: 200 Outro urbano | AO9: 02 Veio com seu pai | AV9: Assalariado | BB9: 1 Nenhum | BD9: Assalariado
B10: CHEFE DO AGREGADO FAMILIAR | E10: =CONCATENATE("1 Sim ►(", M4, ")") -> 1 Sim ►(1,01) | F10: 2 Casamento | M10: 1 Masculino | AD10: 1 Presente visto | AG10: 3 Animista | AI10: 04=Papel | AM10: 300 áreas rurais | AO10: 03 Seguir / juntar-se à sua família | AT10: 1 Nenhum | AV10: 1 Quadro Superior | AW10: 1 Administração pública | BB10: 2 Ensino Primário 1º ciclo (1ª a 4ª classe) | BD10: 1 Quadro Superior | BE10: 1 Administração pública | BI10: A | BJ10: B | BK10: C | BL10: D | BM10: E
B11: FILHOS DO CAF CUJA MÃE NÃO VIVE NO AGREGADO FAMILIAR | E11: 2 Não | F11: 3 Divórcio/Separação | M11: 2 Feminino | N11: 02 Cônjuge | V11: 1 Solteiro (a)►(1.11) | W11: 1 Sim | AD11: 2 Presente não visto | AG11: 4 Outra religião | AI11: 05=Manjaco | AM11: 04 Benin | AO11: 04 Falta de emprego | AT11: 2 Ensino Primário 1º ciclo (1ª a 4ª classe) | AU11: =CONCATENATE("0 Desempregado ►(",AY4,")") -> 0 Desempregado ►(1,29) | AV11: 2 Quadro Médio | BB11: 3 Ensino Primário 2º ciclo (5ª a 6ª classe) | BC11: =CONCATENATE("0 Desempregado ►(",BF4,")") -> 0 Desempregado ►(1,36) | BD11: 2 Quadro Médio | BI11: Por telefone | BJ11: No escritório | BK11: No cibercafé | BL11: Em casa | BM11: Na escola/universidade
B12: 1.ª ESPOSA SEGUIDA PELOS FILHOS (DO MAIS NOVO AO MAIS VELHO) | F12: 4 Falecimento (COVID-19) | G12: =CONCATENATE("►►(",TEXT(M4,"0,00"),")") -> ►►(1,01) | I12: =CONCATENATE("1 Novo membro") -> 1 Novo membro | N12: 03 Filho, Filha | V12: 2 Casado(a) monogâmico(a) | W12: 2 Não ►(1.10) | AD12: 3 Ausente | AG12: 5 Sem religião | AI12: 06=Beafada | AM12: 05 Burkina Faso | AO12: 05 melhores oportunidades aqui | AT12: 3 Ensino Primário 2º ciclo (5ª a 6ª classe) | AU12: 1 Agricultura, Pecuária, Pescas… | AV12: 3 Trabalhador ou empregado qualificado | AW12: 2 Empresa pública | BB12: 4 Secundário 1º ciclo (7ª a 9ª classe) | BC12: 1 Agricultura, Pecuária, Pescas… | BD12: 3 Trabalhador ou empregado qualificado | BE12: 2 Empresa pública
B13: 2.ª ESPOSA E FILHOS; 3.ª ESPOSA E FILHOS, ETC. | F13: 5 Falecimento (outra causa) | I13: =CONCATENATE("2 Esquecido ►(", M4, ")") -> 2 Esquecido ►(1,01) | L13: 1 Visitante (por menos de 6 meses) | N13: 04 Pai, Mãe | U13: 1 Sim | V13: 3 Casado(a) poligâmico(a) | AE13: 1 Sim►(1.14) | AF13: 1 Sim | AI13: 07=Mancanha | AJ13: 1 Sim | AK13: =CONCATENATE("1 Sim") -> 1 Sim | AM13: 06 Cabo Verde | AO13: 06 Atribuição | AQ13: 1 Sim | AS13: 1 Sim | AT13: 4 Secundário 1º ciclo (7ª a 9ª classe) | AY13: 1 Sim | BA13: 1 Sim | BB13: 5 Ensino Técnico/Profissional | BC13: 2 Minas, pedreiras | BE13: 3 Grande empresa privada
B14: IRMÃOS E IRMÃS DO CAF | F14: 6 Continuar os estudos em outra parte do país | L14: 2 recém-nascido | N14: 05 Neto, neta | T14: 1 Sim | U14: 2 Não | V14: 4 União de facto | AE14: 2 Não | AF14: 2 Não | AI14: 08=Bijagos | AJ14: =CONCATENATE("2 Não ► (",AM4,")") -> 2 Não ► (1,19) | AK14: =CONCATENATE("2 Não► (",AQ4,")") -> 2 Não► (1,22) | AM14: 07 Costa do Marfim | AO14: 07 Falta de terra | AQ14: =CONCATENATE(" 2 Não ►(",AS4,")") -> 2 Não ►(1,24) | AS14: 2 Não | AT14: 5 'Ensino Técnico/Profissional | AU14: 2 Minas, pedreiras | AV14: 4 Trabalhador ou empregado não qualificado | AW14: 3 Grande empresa privada | AY14: =CONCATENATE("2 Não ►(",TEXT(BA4,"0,00"),")") -> 2 Não ►(1,31) | BA14: 2 Não | BB14: 6 Secundário 2º ciclo (10 a 12 classe) | BC14: 3 Indústrias, eletricidade, água | BD14: 4 Trabalhador ou empregado não qualificado | BE14: 4 Empresa em nome individual | BF14: =CONCATENATE("1 Sim ") -> 1 Sim | BG14: 1 Sim
B15: PAI, MÃE DO CAF | F15: 7 Afectação ou outro emprego noutro lugar no país | L15: 3 Criança adotada ou confiada | N15: 06 Avós | T15: 2 Não ►(1.07) | V15: 5 Viúvo(a) ►(1.10) | AI15: 09=Felupe | AM15: 08 Gâmbia | AO15: 08 Escola | AT15: 6 Secundário 2º ciclo (10 a 12 classe) | AU15: 3 Indústrias, eletricidade, água | BB15: 7 Médio | BC15: 4 Construção civil | BD15: 5 Operário/Servente/governanta | BE15: 5 Empresa associativa | BF15: 2 Não | BG15: =CONCATENATE(" 2 Não ►(",BI4,")") -> 2 Não ►(1,39)
B16: NETOS E NETAS DO CAF | F16: 8 perda de emprego | L16: 4 Casamento | N16: 07 Irmão, irmã | T16: 3 NA ►(1.07) | U16: Se [NOME] dispõe de certidão de nascimento, certifique-se de que a data escrita está em conformidade com 1.03 | V16: 6 Divorciado(a) ►(1.10) | AI16: 10=Outras Etnias | AM16: 09 Gana | AO16: 09 casamento | AT16: 7 Médio | AV16: 5 Operário/Servente/governanta | AW16: 4 Empresa em nome individual | BB16: 8 Superior | BC16: 5 Comércio | BD16: 6 Estagiário ou aprendiz remunerado | BE16: 6 Organismo International/ ONG
B17: SOBRINHOS E SOBRINHAS | F17: 9 Procura de trabalho em outro lugar do país | L17: 5 Divórcio / Separação | N17: 08 Sobrinho(a) | V17: 7 Separado(a) ►(1.10) | AI17: 11=Naturalizado | AM17: 10 Guiné | AO17: 10 divórcio | AT17: 8 Superior | AU17: 4 Construção civil | AV17: 6 Estagiário ou aprendiz remunerado | BB17: 9 Não sabe (NS) | BC17: 6 Transporte | BD17: Não assalariado | BE17: 7 Serviço doméstico | BF17: 3 NA ►Pessoa seguinte
B18: OUTROS PARENTES DO CAF E/OU DAS SUAS ESPOSAS | F18: 10 Migração devido a COVID-19 | L18: 6 Continuar os estudos | N18: 09 Outros parentes do CAF/cônjuge | V18: 8 NA ► (1.11) | AM18: 11 Guiné Bissau | AO18: 11 Perda do cônjuge | AT18: 9 Não sabe (NS) | AU18: 5 Comércio | AW18: 5 Empresa associativa | AZ18: =CONCATENATE("►►(",BF4,")") -> ►►(1,36) | BC18: 7 Restauração, hotelaria | BD18: 7 Estagiário ou aprendiz não remunerado | BE18: 8 Não sabe (NS)
B19: PESSOAS SEM LAÇO DE PARENTESCO COM O CAF | F19: 11 Migração dentro do país (saúde, família, etc.) | L19: 7 Fim dos estudos, volta para o agregado | N19: 10 Pessoa não aparentada com o CAF/cônjuge | AM19: 12 Libéria | AO19: 12 Outros problemas familiares | AR19: =CONCATENATE("►►","(",AY4,")") -> ►►(1,29) | AU19: 6 Transporte | AV19: Não assalariado | BC19: =AU21 -> 8 Artes e espetáculos | BD19: 8 Trabalhador familiar contribuinte numa empresa familiar
F20: 12 Seguir os estudos em outro lugar no exterior | L20: 8 Atribuição ou novo trabalho | N20: 11 Empregado(a) doméstico(a) ou parente do empregado(a) doméstico(a) | R20: (Relativamente à data do inquérito) | AM20: 13 Mali | AO20: 13 Doença de um membro da família | AU20: 7 Restauração, hotelaria | AV20: 7 Estagiário ou aprendiz não remunerado | AW20: 6 Organismo International/ ONG | BC20: 9 Serviços | BD20: 9 Trabalhador por conta própria
F21: 13 Outra migração para o exterior | L21: 9 Procurar trabalho em outro lugar | AM21: 14 niger | AO21: 14 Covid-19 | AU21: 8 Artes e espetáculos | AW21: 7 Serviço doméstico | BC21: 10 Não sabe (NS) | BD21: 10 Patrão/Empregador
L22: 10 Perda de emprego | AM22: 15 Nigéria | AO22: 15 Instabilidade política | AU22: 9 Serviços | AV22: 8 Trabalhador familiar contribuinte numa empresa familiar | AW22: 8 Não sabe (NS) | BD22: 11 Não sabe (NS)
L23: 11 Por causa do COVID-19 | AM23: 16 senegal | AO23: 16 Conflito intercomunitário | AU23: 10 Não sabe (NS)
L24: 12 Outro motivo (saúde, família, etc.) | AM24: 17 Serra-Leoa | AO24: 17 Insegurança (banditismo, terrorismo) | AV24: 9 Trabalhador por conta própria
B25: SE UTILIZA UM QUESTIONÁRIO PAPEL UTILIZAR OUTRO QUESTIONÁRIO CASO HAJA MAIS DE 15 MEMBROS | L25: 13 Esquecido no inquérito de 2018/2019 | AM25: 18 Togo | AO25: 18 Conflito armado / guerra | AV25: 10 Patrão/Empregador
G26: Pessoa seguinte | AH26: =CONCATENATE("Se [NOME] não for nacional do país do inquérito ►(",ROUND(AJ4,2),")") -> Se [NOME] não for nacional do país do inquérito ►(1,17) | AM26: 19 Outra África | AO26: 19 desastres naturais | AV26: 11 Não sabe (NS)
O27: Não sabe (NS) | AM27: 20 outros países fora da África 22 Inglaterra | AO27: 20 Outros (especifique)
O28: 98 | P28: 98 | Q28: 9998 | AM28: 21 Portugal
G29: 98 | H29: 9998 | J29: 98 | K29: 9998 | L29: =CONCATENATE("►►(",TEXT(M4,"0,00"),")") -> ►►(1,01) | AM29: 22 Inglaterra
B30: NOMES E APELIDOS | E30: CÓDIGO | F30: CÓDIGO | G30: MÊS | H30: ANO | I30: CÓDIGO | J30: MÊS | K30: ANO | L30: CÓDIGO | M30: CÓDIGO | N30: CÓDIGO | O30: DIA | P30: MÊS | Q30: ANO | R30: ANOS | S30: MÊS | T30: CÓDIGO | U30: CÓDIGO | V30: CÓDIGO | W30: CÓDIGO | X30: ID | Y30: ID | Z30: ID | AA30: ID | AB30: ANOS | AD30: CÓDIGO | AE30: CÓDIGO | AF30: CÓDIGO | AG30: CÓDIGO | AH30: CÓDIGO | AI30: CÓDIGO | AJ30: CÓDIGO | AK30: CÓDIGO | AM30: CÓDIGO | AN30: NÚMERO | AO30: CÓDIGO | AP30: NÚMERO | AQ30: CÓDIGO | AR30: CÓDIGO ID: | AS30: CÓDIGO | AT30: CÓDIGO | AU30: CÓDIGO | AV30: CÓDIGO | AW30: CÓDIGO | AY30: CÓDIGO | AZ30: CÓDIGO ID: | BA30: CÓDIGO | BB30: CÓDIGO | BC30: CÓDIGO | BD30: CÓDIGO | BE30: CÓDIGO | BF30: CÓDIGO | BG30: CÓDIGO | BH30: FRANCOS CFA | BI30: CÓDIGO
A31: 1 | C31: 1 | AC31: 1 | AL31: 1 | AX31: 1
A32: 2 | C32: 2 | AC32: 2 | AL32: 2 | AX32: 2
A33: 3 | C33: 3 | AC33: 3 | AL33: 3 | AX33: 3
A34: 4 | C34: 4 | AC34: 4 | AL34: 4 | AX34: 4
A35: 5 | C35: 5 | AC35: 5 | AL35: 5 | AX35: 5
A36: 6 | C36: 6 | AC36: 6 | AL36: 6 | AX36: 6
A37: 7 | C37: 7 | AC37: 7 | AL37: 7 | AX37: 7
A38: 8 | C38: 8 | AC38: 8 | AL38: 8 | AX38: 8
A39: 9 | C39: 9 | AC39: 9 | AL39: 9 | AX39: 9
A40: 10 | C40: 10 | AC40: 10 | AL40: 10 | AX40: 10
A41: 11 | C41: 11 | AC41: 11 | AL41: 11 | AX41: 11
A42: 12 | C42: 12 | AC42: 12 | AL42: 12 | AX42: 12
... A45: 15 | C45: 15 | AC45: 15 | AL45: 15 | AX45: 15

Sheet S02_Educ
A1: SECÇÃO 2: EDUCAÇÃO (INDIVÍDUOS COM IDADE IGUAL OU SUPERIOR A 3 ANOS) | V1: SECÇÃO 2: EDUCAÇÃO (INDIVÍDUOS COM IDADE IGUAL OU SUPERIOR A 3 ANOS) | BC1: SECÇÃO 2: EDUCAÇÃO (INDIVÍDUOS COM IDADE IGUAL OU SUPERIOR A 3 ANOS) | BX1: SECÇÃO 2: EDUCAÇÃO (INDIVÍDUOS COM IDADE IGUAL OU SUPERIOR A 3 ANOS)
A3: CÓDIGO ID: | B3: 2 | C3: =B3+0.01 -> 2.01 | F3: =C3+0.01 -> 2.02 | I3: =CONCATENATE(F3, "a") -> 2,02a | L3: =F3+0.01 -> 2.03 | N3: =L3+0.01 -> 2.04 | R3: =CONCATENATE(N3,"b") -> 2,04b | S3: =N3+0.01 -> 2.05 | T3: =S3+0.01 -> 2.06 | U3: =T3+0.01 -> 2.07 | V3: CÓDIGO ID: | W3: =U3+0.01 -> 2.08 | X3: =W3+0.01 -> 2.09 | Y3: =CONCATENATE(X3,"a") -> 2,09a | Z3: =CONCATENATE(X3,"b") -> 2,09b | AA3: =CONCATENATE(X3,"c") -> 2,09c | AG3: =CONCATENATE(X3,"d") -> 2,09d | AH3: =CONCATENATE(X3,"e") -> 2,09e | AP3: =X3+0.01 -> 2.1 | AQ3: =AP3+0.01 -> 2.11 | AR3: =AQ3+0.01 -> 2.12 | AT3: =CONCATENATE(AR3, "a") -> 2,12a | AU3: =CONCATENATE(AR3, "b") -> 2,12b | AV3: =CONCATENATE(AR3, "c") -> 2,12c | AW3: =AR3+0.01 -> 2.13 | BA3: =AW3+0.01 -> 2.14 | BB3: =BA3+0.01 -> 2.15 | BC3: =BB3+0.01 -> 2.16 | BD3: CÓDIGO ID: | BE3: =BC3+0.01 -> 2.17 | BF3: =+BE3+0.01 -> 2.18 | BO3: =BF3+0.01 -> 2.19 | BS3: =BF3+0.01 -> 2.19 | BT3: =BS3+0.01 -> 2.2 | BU3: =BT3+0.01 -> 2.21 | BV3: =BU3+0.01 -> 2.22 | BW3: =BV3+0.01 -> 2.23 | BX3: =BW3+0.01 -> 2.24 | BY3: CÓDIGO ID: | BZ3: =BX3+0.01 -> 2.25 | CA3: =BZ3+0.01 -> 2.26 | CB3: =CA3+0.01 -> 2.27 | CC3: =CB3+0.01 -> 2.28 | CD3: =CC3+0.01 -> 2.29 | CE3: =CD3+0.01 -> 2.3 | CF3: =CE3+0.01 -> 2.31 | CG3: =CF3+0.01 -> 2.32 | CH3: =CG3+0.01 -> 2.33
B4: CÓDIGO ID do respondente | C4: [NOME] é capaz de ler um pequeno texto nas seguintes línguas? | F4: [NOME] é capaz de escrever um pequeno texto nas seguintes línguas? | I4: [NOME] consegue entender um pequeno texto lido nos seguintes idiomas? | L4: [NOME] seguiu ou segue atualmente estudos numa escola formal? | N4: =CONCATENATE("Qual foi a principal razão pela qual [NOME] não frequentou a escola formal? Se 1 à 14 ►(",TEXT(S3,"0,00"),")") -> Qual foi a principal razão pela qual [NOME] não frequentou a escola formal? Se 1 à 14 ►(2,05) | R4: [NOME] vai começar a escola quando as coisas melhorarem? | S4: [NOME] frequentou uma escola não formal ou uma formação não formal? | T4: Que tipo de educação não formal [NOME] frequentou? | U4: Que idade tinha [NOME] quando entrou para a escola? | W4: [NOME] frequentou uma escola no ano letivo de 2019/2020? | X4: Quem dirigiu a escola frequentada por [NOME] no ano letivo de 2019/2020? | Y4: =CONCATENATE("A escola de [NOME] foi temporariamente fechada devido a COVID-19 durante o ano letivo 2019/2020", [1]Variables!D2,"?") -> #VALUE! | Z4: =CONCATENATE("[NOME] entrou em contato com os professores ou com a administração da escola quando esta foi fechada durante o ano",[1]Variables!D2," ?") -> #VALUE! | AA4: =CONCATENATE("Como [NOME] manteve contato com a escola quando ela foi fechada durante o ano letivo de 2019/2020?",[1]Variables!D2," ?") -> #VALUE! | AG4: =CONCATENATE("[NOME] participou de atividades educacionais enquanto a escola esteve fechada durante o ano letivo de 2019/2020 ",[1]Variables!D2," ?") -> #VALUE! | AH4: =CONCATENATE("Que tipo de atividades educativas [NOME] realizou durante o encerramento da escola no ano letivo de 2019/2020 ",[1]Variables!D2," ?") -> #VALUE! | AP4: Que resultado obteve [NOME] no ano letivo de 2019/2020? | AQ4: Por que razão [NOME] abandonou a escola durante o ano letivo? | AR4: [NOME] frequenta uma escola no ano letivo de 2020/2021? | AT4: O motivo pelo qual [NOME] não foi à escola está relacionado ao COVID-19? | AU4: Como o COVID-19 mudou a educação de [NOME]? | AV4: [NOME] pretende voltar para a escola? | AW4: Qual a razão principal para [NOME] não ter andado na escola em 2020/2021? | BA4: Qual é o nível de ensino frequentado por [NOME] no ano letivo de 2020/2021? | BB4: Qual é a área de estudos de [NOME]? | BC4: Que classe frequenta [NOME] no nível declarado no ano letivo de 2020/2021? | BE4: [NOME] está satisfeito com o ensino recebido na escola? | BF4: No contexto da sua escolaridade, [NOME] depara com algum dos problemas seguintes? | BO4: Qui gère l'école que fréquente [NOM]? | BS4: Quem dirige a escola frequentada por [NOME] no ano letivo de 2020/2021? | BT4: =CONCATENATE("Qual é o valor das propinas (incluindo taxas de inscrição) para o ano letivo de 2020/2021",[1]Variables!E3, " ?") -> #VALUE! | BU4: Qual é o montante das contribuições para o ano letivo de 2020/2021? | BV4: Qual é o montante das despesas de [NOME] com materiais (manuais, cadernos) para o ano letivo de 2020/2021 | BW4: Qual é o montante das despesas para os demais materiais escolares para o ano letivo de 2020/2021? | BX4: Qual é o montante das despesas de [NOME] com uniformes para o ano letivo de 2020/2021? | BZ4: Qual é o montante das despesas de [NOME] com cantina escolar para o ano letivo de 2020/2021? | CA4: Qual é o montante das despesas de [NOME] com o transporte escolar para o ano letivo de 2020/2021? | CB4: Qual é o montante das demais despesas escolares (curso de apoio ou reciclagem, etc.)? | CC4: Qual é o montante da bolsa/subsídio que [NOME] recebeu nos últimos 12 meses? | CD4: Qual é o nível de estudos mais elevado obtido por [NOME]? | CE4: Qual era a área de estudos de [NOME]? | CF4: Qual foi a última classe frequentada por [NOME] no nível declarado? | CG4: Em que ano [NOME] frequentou a escola pela última vez? | CH4: Qual é o diploma mais elevado obtido por [NOME]?
AW6: "01 Muito jovem / Muito velho 02 Sem escola, escola muito longe 03 Recusa da família 04 Preferência por um trabalho 05 Trabalho de campo / pastoralismo 06 Trabalho doméstico 07 Quer se casar 08 É uma menina 09 Gravidez 10 Altas taxas de matrícula 11 Falta de recursos financeiros 12 Estudos inadequados 13 Estudos de pouco uso 14 Doente / aleijado 15 Estudos concluídos 16 Abandono escolar, fracasso escolar 17 Problema de certidão de nascimento 18 Outro (a ser especificado) "
N8: 01 Demasiado jovem | CE8: 0 Medicina, farmácia, etc
N9: 02 Inexistência de escola, escola demasiado distante | AQ9: 1 Obteve um emprego | AU9: 1 Não pode continuar estudando em outro lugar do país | BO9: 1 GOUVERNEMENT | BS9: 1 Governo | CE9: 1 Ciências exatas (matemática, físico-química, ciências da vida e da Terra) | CH9: 00 Nenhum
C10: Escrever 1 para SIM ou 2 para NÃO | F10: Escrever 1 para SIM ou 2 para NÃO | I10: Escrever 1 para SIM ou 2 para NÃO | N10: 03 Recusa da família | X10: 1 Governo | AA10: Escrever 1 Para SIM Ou 2 Para NÃO | AH10: Escrever 1 Para SIM Ou 2 Para NÃO | AP10: =CONCATENATE("1 Diplomado, estudos concluídos ►(",ROUND(AR3,2),")") -> 1 Diplomado, estudos concluídos ►(2,12) | AQ10: 2 Casou-se | AV10: 1 Sim | BB10: 0 Medicina, farmácia, etc | BF10: Escrever 1 para SIM ou 2 para NÃO | BO10: 2 ORGANISATION RELIGIEUSE | BS10: 2 Gestão religiosa privada | CE10: 2 Artes, letras e ciências humanas | CH10: 01 EB (Ensino Básico 1º ciclo)
C11: nas casas correspondentes | F11: nas casas correspondentes | I11: nas casas correspondentes | N11: 04 Preferência por um emprego | X11: 2 Gestão religiosa privada | AA11: nos lugares apropriados | AH11: nos lugares apropriados | AQ11: 3 É rapariga | AV11: 2 Não | BB11: 1 Ciências exatas (matemática, físico-química, ciências da vida e da Terra) | BF11: nas colunas correspondentes | BO11: 3 LE PRIVE | BS11: 3 Gestão privada não religiosa | CE11: 3 Técnicas de administração e gestão | CF11: 1. 1.º ano | CH11: 02 EB (Ensino Básico 2º ciclo)
C12: A | D12: B | E12: C | F12: A | G12: B | H12: D | I12: A | J12: B | K12: C | N12: 05 Lavoura/pastorícia | T12: 01 Escola corânica | X12: 3 Gestão privada não religiosa | AP12: =CONCATENATE("2 Passou para classe superior ►(",AR3,")") -> 2 Passou para classe superior ►(2,12) | AQ12: 4 Gravidez | BA12: =CONCATENATE("1 Pré-escolar ►(",TEXT(BC3,"0,00"),")") -> 1 Pré-escolar ►(2,16) | BE12: 1 Muito satisfeito | BO12: 4 LA COMMUNAUTE | CD12: =CONCATENATE("1 Pré-escolar ►(",TEXT(CF3,"0,00"),")") -> 1 Pré-escolar ►(2,31) | CE12: 4 Técnicas de informáticas e industrial (Engenharia civil, mecânica, eletrónica e informática) | CF12: 2. 2.º ano | CH12: 03 ES (Ensino Secundário 1º ciclo)
C13: Português | D13: Crioulo | E13: Outra língua | F13: Português | H13: Outra língua | I13: Português | J13: Crioulo | K13: Outra Língua | N13: 06 Serviço doméstico | S13: 1 Sim | X13: 4 Gestão internacional privada | AA13: A | AB13: B | AC13: C | AD13: D | AE13: E | AF13: H | AH13: A | AI13: B | AJ13: C | AK13: D | AL13: E | AM13: F | AN13: G | AO13: H | AQ13: 5 Estudos demasiado difíceis | AU13: 2 Não pode continuar os seus estudos fora do país | BA13: =CONCATENATE("2 Primário 1º ciclo ►(",TEXT(BC3,"0,00"),")") -> 2 Primário 1º ciclo ►(2,16) | BC13: 1. 1.º ano | BE13: 2 Satisfeito | BF13: A | BG13: B | BH13: C | BI13: D | BJ13: E | BK13: F | BL13: G | BM13: H | BN13: I | BO13: 9 AUTRES | BP13: J | BQ13: K | BR13: L | BS13: 4 Gestão internacional privada | CD13: =CONCATENATE("2 Primário 1º ciclo ►(",TEXT(CF3,"0,00"),")") -> 2 Primário 1º ciclo ►(2,31) | CE13: 5 Direito e ciências jurídicas | CF13: 3. 3.º ano | CG13: Colocar 9998 se NS (não sabe) | CH13: 04 ES (Ensino Secundário 2º ciclo)
N14: 07 É rapariga | S14: 2 Não ► Secção 3 | T14: 02 Formação profissional | X14: 5 A Comunidade | AA14: SMS | AB14: Aplicativos Mobile (WhatsApp, Facebook ...) | AC14: Email | AD14: Correio | AE14: Telemóvel | AF14: Visita do professor / gerência | AH14: Fez lição de casa dada pelos professores | AI14: Aplicativos educacionais usados ​​no computador/Telemóvel/Tablet | AJ14: Seguimento de programas educacionais na TV | AK14: Seguimento de programas educacionais no rádio | AL14: Estudou sozinho | AM14: Ensinado pelos pais ou outro membro do agregado | AN14: Ensinado por um tutor | AO14: Outro (a ser especificado) | AP14: =CONCATENATE("3 Reprovado, repetição►(",AR3,")") -> 3 Reprovado, repetição►(2,12) | AQ14: 6 Escola demasiado distante | AV14: =CONCATENATE("►► ","(",TEXT(CD3, "0,00"),")") -> ►► (2,29) | BA14: =CONCATENATE("3 Primário 2 ciclo (Pós Primário) Geral ►(",TEXT(BC3,"0,00"),")") -> 3 Primário 2 ciclo (Pós Primário) Geral ►(2,16) | BC14: 2. 2.º ano | BE14: 3 Pouco satisfeito | BF14: Insuficiência de manuais/materiais | BG14: Insuficiência de mesas, bancos e equipamentos | BH14: Absentismo dos professores/greve | BI14: Ensino pouco satisfatório | BJ14: Excesso de pessoal | BK14: Insuficiência de professores | BL14: Falta de instalações sanitárias | BM14: Frequência das contribuições | BN14: Sala de aula em mau estado | BP14: Nenhum dispositivo para lavar as mãos com água e sabão | BQ14: Uso não obrigatório de máscaras | BR14: Distanciamento não respeitado nas salas de aula | CC14: ESCREVER ZERO SE A PESSOA NÃO TIVER RECEBIDO BOLSA NEM SUBSÍDIO | CD14: =CONCATENATE("3 Primário 2 ciclo (Pós Primário) Geral ►(",TEXT(CF3,"0,00"),")") -> 3 Primário 2 ciclo (Pós Primário) Geral ►(2,31) | CE14: 6. Ciências Económicas | CF14: 4. 4.º ano | CH14: 05 ETP (Ensino Técnico/profissional)
G15: Crioulo | N15: 8 Propinas elevadas | W15: 1 Sim | X15: 6 Outra (especificar) | Y15: 1 Sim | Z15: 1 Sim | AG15: 1 Sim | AP15: =CONCATENATE("4 Reprovado, expulsão►(",AR3,")") -> 4 Reprovado, expulsão►(2,12) | AQ15: 7 Falta de meios financeiros | BB15: 2 Artes, letras e ciências humanas | BC15: 3. 3.º ano | BE15: 4 Nada satisfeito | BS15: 5 A Comunidade | BT15: ESCREVER ZERO NO CASO DE UM MONTANTE NULO | BU15: ESCREVER ZERO NO CASO DE UM MONTANTE NULO | BV15: ESCREVER ZERO NO CASO DE UM MONTANTE NULO | BW15: ESCREVER ZERO NO CASO DE UM MONTANTE NULO | BX15: ESCREVER ZERO NO CASO DE UM MONTANTE NULO | BZ15: ESCREVER ZERO NO CASO DE UM MONTANTE NULO | CA15: ESCREVER ZERO NO CASO DE UM MONTANTE NULO | CB15: ESCREVER ZERO NO CASO DE UM MONTANTE NULO | CE15: 7. Outra (à especificar) | CF15: 5. 5.º ano | CH15: 06 EM (Ensino Médio)
L16: =CONCATENATE("1 Sim ►(",U3,")") -> 1 Sim ►(2,07) | N16: 9 Falta de meios financeiros | T16: 03 Curso de alfabetização | W16: 2 Não | Y16: =CONCATENATE("2 Não ►(",TEXT(AP3,"0,00"),")") -> 2 Não ►(2,10) | Z16: =CONCATENATE("2 Não►(",AG3,")") -> 2 Não►(2,09d) | AG16: =CONCATENATE("2 Não ►(",TEXT(AP3,"0,00"),")") -> 2 Não ►(2,10) | AP16: 5 Abandono durante o ano letivo | AQ16: 8 Serviço doméstico | AR16: =CONCATENATE("1 Sim ►(",BA3,")") -> 1 Sim ►(2,14) | AT16: 1 Sim | AU16: 3 Outro (a ser especificado) | BA16: =CONCATENATE("4 Primario 3 ciclo") -> 4 Primario 3 ciclo | BB16: 3 Técnicas de administração e gestão | BC16: 4. 4.º ano | BS16: 6 Outra (especificar) | CD16: =CONCATENATE("4 Primario 3 ciclo") -> 4 Primario 3 ciclo | CF16: 6. 6.º ano | CH16: 07 Licenciado
L17: 2 Não | N17: 10 Estudos inadequados | R17: 1 Sim | W17: =CONCATENATE("►(",AR3,")") -> ►(2,12) | AQ17: 9 Trabalho agrícola, guarda de rebanhos | AR17: 2 Não | AT17: =CONCATENATE("2 Não ►(", TEXT(AW3,"0,00"),")") -> 2 Não ►(2,13) | BC17: 5. 5.º ano | CF17: 7. 7.º ano | CH17: 08 Pós graduação/Especialização
N18: 11 Estudos pouco úteis | R18: 2 Não | T18: 04 Outra (aulas de línguas, etc.) | BA18: 5 EnsinoTécnico Profissional | BC18: 6. 6.º ano | CD18: 5 Ensino Técnico Profissional | CF18: 8. 8º ano | CH18: 09 Mestrado
N19: 12 Doença/enfermidade | R19: ►►Secção 3 | AQ19: 10 Violências, insegurança | BA19: 6 Secundário 2 Geral | BB19: 4 Técnicas de informáticas e industrial (Engenharia civil, mecânica, eletrónica e informática) | BC19: 7. 7.º ano | CD19: 6 Secundário 2 Geral | CF19: 9. 9º ano | CH19: 10 Doutorado
N20: 13 Insegurança | T20: ►►Secção 3 | BA20: 7 Médio (preparação diplomas nivel BAC+2) | BC20: 8. 8º ano | CD20: 7 Médio (preparação diplomas nivel BAC+2) | CF20: 10. 10º ano
N21: 14 Outra (especificar) | AQ21: 11 COVID-19 | BB21: 5 Direito e ciências jurídicas | BC21: 9. 9º ano
N22: 15 Não começou devido a COVID-19 | AQ22: 12 Outros problemas de saúde | BC22: 10. 10º ano
AQ23: 13 Preferência por uma formação profissional | BA23: =CONCATENATE("8 Superior ") -> 8 Superior | BB23: 6. Ciências Económicas | CC23: =CONCATENATE("►► (",ROUND(CH3,2),")") -> ►► (2,33) | CD23: =CONCATENATE("8 Superior ") -> 8 Superior
AQ24: 14 Outro (a precisar) | AW24: =CONCATENATE("►► ","(",ROUND(CD3, 2),")") -> ►► (2,29) | BB24: 7. Outra (à especificar)
B25: CÓDIGO ID: | L25: CÓDIGO | N25: CÓDIGO | R25: CÓDIGO | S25: CÓDIGO | T25: CÓDIGO | U25: ANOS | W25: CÓDIGO | X25: CÓDIGO | Y25: CÓDIGO | Z25: CÓDIGO | AG25: CÓDIGO | AP25: CÓDIGO | AQ25: CÓDIGO | AR25: CÓDIGO | AT25: CÓDIGO | AU25: CÓDIGO | AV25: CÓDIGO | AW25: CÓDIGO | BA25: CÓDIGO | BB25: CÓDIGO | BC25: CÓDIGO | BE25: CÓDIGO | BS25: CÓDIGO | BT25: MONTANTE EM FRANCOS CFA | BU25: MONTANTE EM FRANCOS CFA | BV25: MONTANTE EM FRANCOS CFA | BW25: MONTANTE EM FRANCOS CFA | BX25: MONTANTE EM FRANCOS CFA | BZ25: MONTANTE EM FRANCOS CFA | CA25: MONTANTE EM FRANCOS CFA | CB25: MONTANTE EM FRANCOS CFA | CC25: MONTANTE EM FRANCOS CFA | CD25: CÓDIGO | CE25: CÓDIGO | CF25: CÓDIGO | CG25: ANO | CH25: CÓDIGO
A26: 1 | V26: 1 | BD26: 1 | BY26: 1
A27: 2 | V27: 2 | BD27: 2 | BY27: 2
A28: 3 | V28: 3 | BD28: 3 | BY28: 3
A29: 4 | V29: 4 | BD29: 4 | BY29: 4
A30: 5 | V30: 5 | BD30: 5 | BY30: 5
A31: 6 | V31: 6 | BD31: 6 | BY31: 6
A32: 7 | V32: 7 | BD32: 7 | BY32: 7
A33: 8 | V33: 8 | BD33: 8 | BY33: 8
A34: 9 | V34: 9 | BD34: 9 | BY34: 9
A35: 10 | V35: 10 | BD35: 10 | BY35: 10
A36: 11 | V36: 11 | BD36: 11 | BY36: 11
A37: 12 | V37: 12 | BD37: 12 | BY37: 12
... A40: 15 | V40: 15 | BD40: 15 | BY40: 15

Sheet S03_Sante
A1: SECÇÃO 3: SAÚDE GERAL | P1: SECÇÃO 3: SAÚDE GERAL | AR1: SECÇÃO 3: SAÚDE GERAL | BI1: SECÇÃO 3: SAÚDE GERAL
A4: CÓDIGO ID: | B4: 3 | C4: =B4+0.01 -> 3.01 | D4: =C4+0.01 -> 3.02 | F4: =D4+0.01 -> 3.03 | G4: =F4+0.01 -> 3.04 | I4: =G4+0.01 -> 3.05 | J4: =I4+0.01 -> 3.06 | L4: =J4+0.01 -> 3.07 | N4: =L4+0.01 -> 3.08 | O4: =N4+0.01 -> 3.09 | P4: CÓDIGO ID: | Q4: =O4+0.01 -> 3.1 | AB4: =Q4+0.01 -> 3.11 | AD4: =AB4+0.01 -> 3.12 | AE4: =AD4+0.01 -> 3.13 | AF4: =AE4+0.01 -> 3.14 | AG4: =AF4+0.01 -> 3.15 | AH4: =AG4+0.01 -> 3.16 | AI4: =AH4+0.01 -> 3.17 | AJ4: =CONCATENATE(AI4+0.01,"a") -> 3,18a | AK4: =CONCATENATE(AI4+0.01,"b") -> 3,18b | AL4: =CONCATENATE(AI4+0.01,"c") -> 3,18c | AM4: CÓDIGO ID: | AN4: =AI4+0.02 -> 3.19 | AO4: =AN4+0.01 -> 3.2 | AP4: =AO4+0.01 -> 3.21 | AQ4: =AP4+0.01 -> 3.22 | AR4: =AQ4+0.01 -> 3.23 | AS4: =AR4+0.01 -> 3.24 | AT4: =CONCATENATE(AS4, "a") -> 3,24a | AU4: =CONCATENATE(AS4,"b") -> 3,24b | AV4: =AS4+0.01 -> 3.25 | AW4: =AV4+0.01 -> 3.26 | AX4: =AW4+0.01 -> 3.27 | AY4: =AX4+0.01 -> 3.28 | AZ4: =AY4+0.01 -> 3.29 | BA4: =AZ4+0.01 -> 3.3 | BB4: =BA4+0.01 -> 3.31 | BC4: =CONCATENATE("(",TEXT(BB4,"0,00"),"a)") -> (3,31a) | BD4: =CONCATENATE("(",TEXT(BB4,"0,00"),"b)") -> (3,31b) | BE4: =BB4+0.01 -> 3.32 | BF4: =BE4+0.01 -> 3.33 | BG4: =BF4+0.01 -> 3.34 | BH4: =BG4+0.01 -> 3.35 | BI4: CÓDIGO ID: | BJ4: =BH4+0.01 -> 3.36 | BK4: =BJ4+0.01 -> 3.37 | BL4: =BK4+0.01 -> 3.38 | BM4: =BL4+0.01 -> 3.39 | BN4: =BM4+0.01 -> 3.4 | BO4: =BN4+0.01 -> 3.41 | BP4: =BO4+0.01 -> 3.42 | BQ4: =BP4+0.01 -> 3.43 | BR4: =BQ4+0.01 -> 3.44 | ... BY4: =BX4+0.01 -> 3.51 | CA4: =BY4+0.01 -> 3.52 | CB4: =CA4+0.01 -> 3.53
B5: CÓDIGO ID do respondente | C5: [NOME] teve um problema de saúde, doença ou acidente durante os últimos 30 dias que não resultou em hospitalização? | D5: Qual foi o principal problema de saúde que [NOME] teve? | F5: O problema de saúde impediu [NOME] de exercer as suas atividades quotidianas normais? | G5: Durante quanto tempo a doença de [NOME] impediu o exercício das suas atividades quotidianas normais? | I5: [NOME] foi examinado numa unidade de saúde (incluindo uma farmácia) ou por um curandeiro tradicional nos últimos 30 dias relativamente a esse problema de saúde? | J5: Qual foi o principal motivo pelo qual [NOME] não consultou? | L5: Onde [NOME] foi consultado pela primeira vez para este episódio de doença? | N5: Quem consultou [NOME] pela primeira vez por causa deste episódio de doença? | O5: [NOME] ficou satisfeito com o serviço recebido nesta primeira consulta? | Q5: [NOME] teve problemas após a sua consulta? | AB5: Qual é a distância entre o domicílio de [NOME] e a localidade desta primeira consulta? | AD5: [NOME] consultou um serviço de saúde, ou curandeiro, nos últimos 3 meses sem hospitalização (não considerar as consultas pré-natal)? | AE5: Qual foi o montante das despesas de consulta num médico de clínica geral, excetuando hospitalização, de [NOME] nos últimos 3 meses? | AF5: Qual foi o montante das despesas de consulta num médico especialista, excetuando hospitalização, de [NOME] nos últimos 3 meses? | AG5: Qual foi o montante das despesas de consulta num dentista de [NOME] nos últimos 3 meses? | AH5: Qual foi o montante das despesas de consulta num curandeiro tradicional de [NOME] nos últimos 3 meses? | AI5: Qual foi o montante das despesas com exames médicos e cuidados de saúde de [NOME], excetuando hospitalização, nos últimos 3 meses? | AJ5: Qual foi o custo dos medicamentos tradicionais fora da hospitalização para [NOME] durante os últimos 3 meses? | AK5: Qual é o custo de medicamentos não hospitalares comprados em farmácias públicas para [NOME] durante os últimos 3 meses? | AL5: Qual é o custo de medicamentos não hospitalares comprados em farmácias privadas para [NOME] durante os últimos 3 meses? | AN5: [NOME] teve um problema de saúde nos últimos 12 meses que resultou em pelo menos uma hospitalização? | AO5: Quantas vezes [NOME] foi hospitalizado nos últimos 12 meses? | AP5: Qual foi o último problema médico pelo qual [NOME] foi hospitalizado nos últimos 12 meses? | AQ5: Para o último problema de saúde que exigiu hospitalização nos últimos 12 meses, quantos dias [NOME] permaneceu no hospital? Para o último problema de saúde que exigiu hospitalização nos últimos 12 meses, quantos dias [NAME] permaneceu no hospital? | AR5: Onde foi [NOME] hospitalizado por este último problema de saúde? | AS5: Qual foi o montante de despesas de hospitalização para este último problema de saúde? | AT5: [NOME] incorreu em despesas de transporte de saúde (ambulâncias, veículos médicos especializados, aluguel de táxi, motocarro) | AU5: Qual é o valor gasto? | AV5: [NOME] incorreu em despesas com dispositivos médicos terapêuticos, como muletas, cadeira de rodas, prótese dentária, óculos graduados, etc. nos últimos 12 meses? | AW5: Qual foi o montante das despesas com lentes de correção e armação de óculos nos últimos 12 meses? | AX5: Qual foi o montante despendido nos últimos 12 meses com muletas, cadeiras de rodas ou veículo para inválidos com ou sem motor, próteses dentárias, próteses auditivas ou outros dispositivos terapêuticos e ortopédicos? | AY5: [NOME] incorreu em despesas de vacinação, circuncisão, controlo geral de saúde (check-up) nos últimos 12 meses? | AZ5: Qual foi o montante das despesas de vacinação? | BA5: Qual foi o montante das despesas de circuncisão? | BB5: Qual foi o montante das despesas do controlo geral de saúde (check-up)? | BC5: [NOME] incorreu em algum custo para testes de COVID-19 nos últimos 12 meses? | BD5: Quanto custam os testes do COVID-19? | BE5: [NOME] está coberto por algum seguro médico? | BF5: Qual é a taxa de reembolso? | BG5: Quem patrocina/financia o seguro médico de [NOME]? | BH5: Qual é a forma de reembolso? | BJ5: [NOME] beneficia de algum encargo particular (Mutualismo e consulta gratuita)? | BK5: De que encargo de saúde se trata? | BL5: [NOME] dorme habitualmente debaixo de um mosquiteiro? | BM5: [NOME] dormiu de baixo de um mosquiteiro na noite passada? Se Sim este mosquiteiro é impregnado ou simples | BN5: À exceção do mosquiteiro, qual é o meio principall que [NOME] utiliza para se proteger contra as picadas dos mosquitos? | BO5: [NOME] tem dificuldades de visão mesmo com óculos? | BP5: [NOME] tem dificuldades de audição mesmo com um aparelho auditivo? | BQ5: [NOME] tem dificuldade em andar ou subir escadas? | BR5: [NOME] tem dificuldades de memória ou concentração? | BS5: [NOME] tem dificuldade em executar tarefas como lavar-se ou vestir-se? | BT5: [NOME] tem dificuldade em comunicar ou fazer-se entender na sua língua habitual? | BU5: Atenção: As perguntas 3.47 a 3.51 são feitas apenas para mulheres de 12 a 49 anos Nos últimos 12 meses, você teve um bebê? [Para mulheres com idade entre 12 e 49 anos] | BV5: Qual foi o custo de parto? | BW5: Você está grávida atualmente? | BX5: Quantas consultas pré-natais você fez durante a gravidez ou já fez durante esta gravidez? | BY5: Quanto foi gasto em cada consulta pré-natal? | CA5: Inquiridor: As perguntas 3.52 e 3.53 são feitas apenas para crianças menores de 5 anos [NOME] tomou todas as vacinas obrigatórias (BCG, DTCoq1, DTCoq2, DTCoq3, Vitamina A, Polyo, RRO)? [Pour les enfants de moins de 5 ans] | CB5: Qual foi o principal motivo pelo qual [NOME] não foi vacinado?
D8: 1 febre / malária 2 diarréia 3 Acidente / Lesão 4 problema dentário 5 problema de pele 6 doença ocular 7 Problema de tensão 8 febre tifóide 9 Problema de estômago (úlcera) 10 dor de garganta 11 tosse, resfriado, gripe 12 Diabetes 13 meningite 14 COVID-19 15 Parto / com complicações relacionadas à gravidez 16 Dor / fadiga 17 Anemia / anemia falciforme 18 Outros " | Q8: Escrever 1 para SIM e 2 para NÃO
J9: 1 Não é necessário 2 Muito caro 3 Muito longe 4 Automedicação 5 Sem confiança 6 Medo do resultado / tratamento 7 Recusa 8 Falta de dinheiro 9 Não satisfeito na última consulta 10 Medo de contrair COVID-19 11 Serviço especializado não disponível 12 Falta de pessoal 13 Esperando por uma consulta 14 Outros a serem especificados | M9: Público
L10: 1 | M10: Hospital nacional | BK10: 1. Mutualismo de saúde
L11: 2 | M11: Hospital regional (incluíndo hospital de policia, militar) | N11: 1 Médico especialista | Q11: A | R11: B | S11: C | T11: D | U11: E | V11: F | W11: G | X11: H | Y11: I | Z11: I | AA11: J
L12: 3 | M12: Centro de saúde urbano | N12: 2 Médico de clínica geral | Q12: ESTABELECIMENTO EM MÁS CONDIÇÕES DE HIGIENE | R12: LONGA ESPERA | S12: PESSOAL NÃO QUALIFICADO | T12: DEMASIADO CARO | U12: FALTA DE MEDICAMENTO | V12: TRATAMENTO INEFICAZ | W12: ACOLHIMENTO DEFICIENTE | X12: AUSÊNCIA DO PESSOAL | Y12: OUTRO | Z12: SEM DISPOSITIVO PARA LAVAR AS MÃOS (SABÃO, GEL) | AA12: NÃO RESPEITO DAS MEDIDAS DE DISTANCIAÇÃO E USO DE MÁSCARAS | AB12: 1. Menos de 1 km | AP12: 1 Febre / malária 2 Diarréia 3 Acidente / Lesão 4 Problema dentário 5 Problema de pele 6 Doença ocular 7 Problema de tensão 8 Febre tifóide 9 Problema de estômago/barriga (úlcera) 10 Dor de garganta 11 Tosse, resfriado, gripe 12 Diabetes 13 Meningite 14 COVID-19 15 Parto / com complicações relacionadas à gravidez 16 Dor / fadiga 17 Anemia / anemia falciforme 18 Outros " | BG12: 1 Privado (individual) | BH12: 1 Adiantamento de despesas | BN12: 1 Inseticidas
G13: 1 | H13: Menos de uma semana | L13: 4 | M13: Centro de saúde rural | N13: 3 Dentista | O13: 1 Muito satisfeito | AB13: 2. Entre 1 e 2 km | AR13: Publico | AT13: 1 Sim | BG13: 2 Estado/ programa | BK13: 2. Programa de consulta gratuito de crianças menores de 05 anos | BN13: 2.Cremes inseticidas
L14: 5 | M14: Unidade sanitária rural | N14: 4 Enfermeiro(a) | O14: 2 Satisfeito | AB14: 3. Entre 2 e 5 km | AR14: 1 Hospital nacional | AT14: =CONCATENATE("2 Não ►(",TEXT(AV4,"0,00"),")") -> 2 Não ►(3,25) | BW14: =CONCATENATE("1 Sim") -> 1 Sim | CB14: 1 Ainda não atingiu o limite de idade 2 Sem campanha de vacinação 3 Não sabe da vacinação 4 Sem estrutura de saúde 5 Não quer uma vacina "
L15: 6 | M15: Outro Serviço de saúde | N15: 5 Parteira | O15: 3 Pouco satisfeito | AB15: 4. Entre 5 e 15 km | AR15: 2 Hospital regional (incluíndo hospital de policia, militar) | BD15: Se os testes COVID-19 forem gratuitos, escreva 00 Se NA escrever 9999
G16: 2 | H16: Entre uma e duas semanas | N16: 6 Enfermeiro/a auxiliar | O16: 4 Nada satisfeito | AB16: 5. 15 km ou mais | AR16: 3 Centro de saúde urbano | BK16: 3 Programa de mulheres grávidas | BU16: =CONCATENATE("1 Sim") -> 1 Sim | BW16: 2 Não ►Pessoa seguinte
M17: Privado | N17: 7 Farmacêutico | AR17: 4 Centro de saúde rural
L18: 7 | M18: Hospital/clínica privada | N18: 8 Madrona | AC18: =CONCATENATE("►► (",AE4,")") -> ►► (3,13) | AR18: 5 Posto de saúde | BC18: 1 Sim | BK18: 4. Programa gratuito de idosos | BU18: =CONCATENATE("2 Não ►(",TEXT(BW4,"0,00"),")") -> 2 Não ►(3,49)
G19: 3 | H19: Mais de duas semanas | M19: Consultório médico / odontológico / oftalmológico | N19: 9 Agente tecnico de Saúde | AR19: 6 Outro Serviço de saúde publico | BC19: =CONCATENATE("2 Não ►(",TEXT(BE4,"0,00"),")") -> 2 Não ►(3,32) | BM19: 1 Mosquiteiro impregnado
L20: 8 | N20: 10 Outro pessoal de saúde
L21: 9 | M21: Consultório/ Sala de tratamento | N21: 11 Curandeiro/Marabo | AR21: Privado | BK21: 5. Seguro de saúde privado | CA21: =CONCATENATE("1 Sim ►", "Criança seguinte") -> 1 Sim ►Criança seguinte
L23: 10 | M23: Farmácia | AR23: 7 Hospital/clínica privada
L24: 11 | M24: Clinica da empresa, outra privada ou ONG | AR24: 8 Consultório médico/dentário/oftamologia | AS24: Em caso de hospitalização gratuita, escrever 00 | BE24: 1 Sim | BG24: 3 Estado é a entidade patronal | BH24: 2 Terceiro pagador | BK24: 6. Programa de apoio nutricional a crianças menores de 5 anos | BL24: 1 Sim | BM24: 2 Mosquiteiro simples | BN24: 3. Espirais inseticidas | BO24: 1 Não, nenhuma dificuldade | BP24: 1 Não, nenhuma dificuldade | BQ24: 1 Não, nenhuma dificuldade | BR24: 1 Não, nenhuma dificuldade | BS24: 1 Não, nenhuma dificuldade | BT24: 1 Não, nenhuma dificuldade | CA24: =CONCATENATE("2 Não ") -> 2 Não
AE25: Em caso de consulta gratuita, escrever 00 | AF25: Em caso de consulta gratuita, escrever 00 | AG25: Em caso de consulta gratuita, escrever 00 | AH25: Em caso de consulta gratuita, escrever 00 | AI25: Em caso de exames gratuitos, escrever 00 | AJ25: Se os medicamentos forem recebidos gratuitamente, escreva 00 Se NA escrever 9999 | AK25: Se os medicamentos forem recebidos gratuitamente, escreva 00 Se NA escrever 9999 | AL25: Se os medicamentos forem recebidos gratuitamente, escreva 00 Se NA escrever 9999 | AR25: 9 Sala de tratamento | AW25: Em caso de dispositivos recebidos gratuitamente, escrever 00 | AZ25: Em caso de vacinação gratuita, Escrever 00 | BA25: Em caso de circuncisão gratuita, Escrever 00 | BB25: Em caso de check-up gratuito, Escrever 00 | BE25: =CONCATENATE("2 Não ►(",ROUND(BJ4,2),")") -> 2 Não ►(3,36) | BG25: 4 Entidade patronal | BJ25: 1 Sim | BL25: 2 Não | BN25: 4. Redes nas janelas
F26: 1 Sim | L26: 12 | M26: No curandeiro/médico tradicional | AR26: 10 Clinica da empresa, outra privada ou ONG | BG26: 5 Outro (especificar) | BH26: 3 Ambos | BJ26: =CONCATENATE("2 Não ►(",TEXT(BL4,"0,00"),")") -> 2 Não ►(3,38) | BN26: 5 Outro (especificar) | BO26: 2 Sim, alguma dificuldade | BP26: 2 Sim, alguma dificuldade | BQ26: 2 Sim, alguma dificuldade | BR26: 2 Sim, alguma dificuldade | BS26: 2 Sim, alguma dificuldade | BT26: 2 Sim, alguma dificuldade
C27: 1 Sim | F27: 2 Não ►(3.05) | L27: 13 | M27: Consulta ao domicílio | AR27: 11 No curandeiro/matrona/médico tradicional | BN27: 6 Nada
C28: =CONCATENATE("2 Não ►(",AD4,")") -> 2 Não ►(3,12) | AX28: Em caso de dispositivos recebidos gratuitamente, escrever 00 | AY28: 1 Sim | BM28: 3. Não | BO28: 3 Sim, muita dificuldade | BP28: 3 Sim, muita dificuldade | BQ28: 3 Sim, muita dificuldade | BR28: 3 Sim, muita dificuldade | BS28: 3 Sim, muita dificuldade | BT28: 3 Sim, muita dificuldade
I29: 1 Sim►(3.07) | J29: =CONCATENATE("►► (",AD4,")") -> ►► (3,12) | AY29: =CONCATENATE("2 Não ►(",ROUND(BE4,2),")") -> 2 Não ►(3,32)
I30: 2 Não | AE30: Se NA escrever 9999 | AF30: Se NA escrever 9999 | AG30: Se NA escrever 9999 | AH30: Se NA escrever 9999 | AI30: Se NA escrever 9999 | AN30: 1 Sim | AV30: 1 Sim | BO30: 4 É totalmente incapaz | BP30: 4 É totalmente incapaz | BQ30: 4 É totalmente incapaz | BR30: 4 É totalmente incapaz | BS30: 4 É totalmente incapaz | BT30: 4 É totalmente incapaz
AD31: 1 Sim | AN31: =CONCATENATE("2 Não ►(",ROUND(AV4,2),")") -> 2 Não ►(3,25) | AV31: =CONCATENATE("2 Não ►(",ROUND(AY4,2),")") -> 2 Não ►(3,28)
AD32: =CONCATENATE("2 Não ►(",AN4,")") -> 2 Não ►(3,19)
BO33: 5 Não abrangido (menos de 5 anos) | BP33: 5 Não abrangido (menos de 5 anos) | BQ33: 5 Não abrangido (menos de 5 anos) | BR33: 5 Não abrangido (menos de 5 anos) | BS33: 5 Não abrangido (menos de 5 anos) | BT33: 5 Não abrangido (menos de 5 anos)
AE34: MONTANTE EM FRANCOS CFA | AF34: MONTANTE EM FRANCOS CFA | AG34: MONTANTE EM FRANCOS CFA | AH34: MONTANTE EM FRANCOS CFA | AI34: MONTANTE EM FRANCOS CFA | AJ34: MONTANTE EM FRANCOS CFA | AK34: MONTANTE EM FRANCOS CFA | AL34: MONTANTE EM FRANCOS CFA | AS34: MONTANTE EM FRANCOS CFA | AU34: MONTANTE EM FRANCOS CFA | AW34: MONTANTE EM FRANCOS CFA | AX34: MONTANTE EM FRANCOS CFA | AZ34: MONTANTE EM FRANCOS CFA | BA34: MONTANTE EM FRANCOS CFA | BB34: MONTANTE EM FRANCOS CFA | BD34: MONTANTE EM FRANCOS CFA | BF34: PERCENTAGEM | BV34: MONTANTE EM FRANCOS CFA | BY34: MONTANTE EM FRANCOS CFA
C35: CÓDIGO | D35: CÓDIGO | F35: CÓDIGO | G35: CÓDIGO | I35: CÓDIGO | J35: CÓDIGO | L35: CÓDIGO | N35: CÓDIGO | O35: CÓDIGO | AB35: CÓDIGO | AD35: CÓDIGO | AN35: CÓDIGO | AO35: NUMERO | AP35: CÓDIGO | AQ35: NUMERO | AR35: CÓDIGO | AT35: CÓDIGO | AV35: CÓDIGO | AY35: CÓDIGO | BC35: CÓDIGO | BE35: CÓDIGO | BG35: CÓDIGO | BH35: CÓDIGO | BJ35: CÓDIGO | BK35: CÓDIGO | BL35: CÓDIGO | BM35: CÓDIGO | BN35: CÓDIGO | BO35: CÓDIGO | BP35: CÓDIGO | BQ35: CÓDIGO | BR35: CÓDIGO | BS35: CÓDIGO | BT35: CÓDIGO | BU35: CÓDIGO | BW35: CÓDIGO | BX35: Número | CA35: CÓDIGO | CB35: CÓDIGO
A36: 01 | P36: 01 | AM36: 01 | BI36: 01
A37: 02 | P37: 02 | AM37: 02 | BI37: 02
A38: 3 | P38: 3 | AM38: 3 | BI38: 3
A39: 4 | P39: 4 | AM39: 4 | BI39: 4
A40: 5 | P40: 5 | AM40: 5 | BI40: 5
A41: 6 | P41: 6 | AM41: 6 | BI41: 6
A42: 7 | P42: 7 | AM42: 7 | BI42: 7
A43: 8 | P43: 8 | AM43: 8 | BI43: 8
A44: 9 | P44: 9 | AM44: 9 | BI44: 9
A45: 10 | P45: 10 | AM45: 10 | BI45: 10
A46: 11 | P46: 11 | AM46: 11 | BI46: 11
A47: 12 | P47: 12 | AM47: 12 | BI47: 12
A48: 13 | P48: 13 | AM48: 13 | BI48: 13
A49: 14 | P49: 14 | AM49: 14 | BI49: 14
A50: 15 | P50: 15 | AM50: 15 | BI50: 15

Sheet S04_Emploi_A
A1: SECÇÃO 4: EMPREGO | O1: SECÇÃO 4: EMPREGO | AA1: SECÇÃO 4: EMPREGO
A2: PARTE A: SITUAÇÃO RELACIONADA COM A ATIVIDADE (INDIVÍDUOS COM IDADE IGUAL OU SUPERIOR A 6 ANOS) | O2: PARTE A: SITUAÇÃO RELACIONADA COM A ATIVIDADE (INDIVÍDUOS COM IDADE IGUAL OU SUPERIOR A 6 ANOS) | AA2: PARTE A: SITUAÇÃO RELACIONADA COM A ATIVIDADE (INDIVÍDUOS COM IDADE IGUAL OU SUPERIOR A 6 ANOS)
A4: CÓDIGO ID: | B4: 4 | C4: =B4+0.01 -> 4.01 | D4: =CONCATENATE(C4+0.01, "a") -> 4,02a | E4: =CONCATENATE(C4+0.01, "b") -> 4,02b | F4: =C4+0.02 -> 4.03 | G4: =F4+0.01 -> 4.04 | H4: =G4+0.01 -> 4.05 | I4: =CONCATENATE(H4, "a") -> 4,05a | J4: =H4+0.01 -> 4.06 | K4: =J4+0.01 -> 4.07 | L4: =K4+0.01 -> 4.08 | M4: =L4+0.01 -> 4.09 | N4: =M4+0.01 -> 4.1 | O4: CÓDIGO ID: | P4: =N4+0.01 -> 4.11 | Q4: =P4+0.01 -> 4.12 | R4: =Q4+0.01 -> 4.13 | S4: =R4+0.01 -> 4.14 | T4: =S4+0.01 -> 4.15 | U4: =T4+0.01 -> 4.16 | V4: =U4+0.01 -> 4.17 | W4: =V4+0.01 -> 4.18 | X4: =CONCATENATE(W4, "a") -> 4,18a | Y4: =CONCATENATE(W4, "b") -> 4,18b | Z4: =CONCATENATE(W4, "c") -> 4,18c | AA4: CÓDIGO ID: | AB4: =W4+0.01 -> 4.19 | AC4: =AB4+0.01 -> 4.2 | AD4: =AC4+0.01 -> 4.21 | AE4: =AD4+0.01 -> 4.22 | AF4: =AE4+0.01 -> 4.23 | AG4: =CONCATENATE(AF4, "a") -> 4,23a | AH4: =AF4+0.01 -> 4.24 | AO4: =AH4+0.01 -> 4.25 | AP4: =AO4+0.01 -> 4.26 | AQ4: =AP4+0.01 -> 4.27 | AR4: =AQ4+0.01 -> 4.28
B5: Código ID do respondente | C5: Nos últimos 7 dias, quantas horas [NOME] dedicou a fazer compras no mercado para o seu próprio agregado sem remuneração? | D5: Nos últimos 7 dias, quantas horas [NOME] passou a cozinhar e a lavar a louça para o seu próprio agregado sem remuneração? | E5: Nos últimos 7 dias, quantas horas [NOME] lavou roupa para o seu próprio agregado sem remuneração? | F5: Durante os últimos 7 dias, quantas horas [NOME] passou a cuidar de crianças, idosos ou enfermos para o seu próprio agregado sem remuneração? | G5: Nos últimos 7 dias, quantas horas [NOME] dedicou a tarefas domésticas para o seu próprio agregado sem remuneração? | H5: Nos últimos 7 dias, quantas horas [NOME] dedicou a cuidar de crianças ou de idosos para o seu próprio agregado sem remuneração? | I5: Nos últimos 7 dias, quanto tempo [NOME] gastou ajudando as crianças a revisarem as aulas? | J5: Nos últimos 7 dias, [NOME] trabalhou pelo menos uma hora num campo ou jardim de sua propriedade ou [NOME] criou animais, praticou pesca ou caça por conta própria? | K5: Nos últimos 7 dias, [NOME] trabalhou pelo menos uma hora, com remuneração (em natureza/produto ou em dinheiro), numa loja, numa atividade de transformação ou num serviço comercial por conta própria ou por conta de outro membro do agregado familiar? Por exemplo, como artesão, comerciante ou advogado, médico ou outra atividade independente? | L5: Nos últimos 7 dias, [NOME] trabalhou pelo menos uma hora numa empresa, para o Estado, para um patrão ou para qualquer outra pessoa que não seja membro do seu agregado familiar? (mesmo a tempo parcial ou ocasionalmente) | M5: Nos últimos 7 dias, [NOME] trabalhou pelo menos uma hora como aprendiz ou estagiário com remuneração (em Natureza/produto ou em dinheiro? | N5: Dentre as respostas às questões 4.06, 4.07, 4.08, 4.09 há alguma afirmativa (CÓDIGO 1)? | P5: Mesmo que [NOME] não tenha trabalhado nos últimos 7 dias, exerce alguma ocupação que devesse ter exercido nesses últimos 7 dias? | Q5: Por que [NOME] não trabalhou nos últimos 7 dias? | R5: Declarou que não teve nenhuma atividade nos últimos 7 dias, trabalhou num campo, jardim, para outro membro de agregado sem remuneração? | S5: Declarou que não realizou nenhuma atividade durante os últimos 7 dias, no entanto, trabalhou numa empresa, atividade de transformação, atividade de serviço para um outro membro do agregado sem remuneração? | T5: [NOME] procurou um emprego remunerado nos últimos 30 dias? | U5: Como [NOME] consegue se sustentar principalmente? | V5: [NOME] procurou um emprego remunerado nos últimos 30 dias? | W5: Qual foi o principal motivo de [NOME] não ter procurado trabalho nos últimos 30 dias? | X5: Em que ramo de atividade [NOME] trabalhou principalmente? | Y5: Qual era a categoria socioprofissional de [NOME]? | Z5: Qual era o setor institucional de [NOME]? | AC5: Quando (NOME) estará disponível para ter um emprego? | AD5: Há quantos meses [NOME] está desempregado? | AE5: Há quantos meses anda à procura de emprego? | AF5: Porque [NOME] está a procura de um emprego? | AG5: [NOME] perdeu o emprego devido ao COVID-19? | AH5: Por meio de quais canais [NOME] está a procurar emprego? | AO5: Que tipo de emprego procura [NOME]? | AP5: Para que quantia mínima mensal NOME está disponível para emprego? | AQ5: =CONCATENATE("Mesmo que [NOME] não tenha trabalhado nos últimos 7 dias, entre as atividades listadas nas perguntas ",ROUND(J4,2),", ",ROUND(K4,2),", ",ROUND(L4,2), " e ", ROUND(M4,2)," existe alguma que [NOME] realizou durante os últimos 12 meses?",) -> Mesmo que [NOME] não tenha trabalhado nos últimos 7 dias, entre as atividades listadas nas perguntas 4,06, 4,07, 4,08 e 4,09 existe alguma que [NOME] realizou durante os últimos 12 meses? | AR5: Que emprego exerceu [NOME] a título principal e a título secundário nos últimos 12 meses?
AB6: (NOME) está disponível para aceitar um trabalho imediatamente?
U8: 1 recebe uma pensão
Q9: 1 Licença, férias | U9: 2 Recebe aluguéis / anuidades | W9: 1 Muito velho | X9: =CONCATENATE("0 Sem emprego ►(",TEXT(AB4,"0,00"),")") -> 0 Sem emprego ►(4,19) | Y9: ASSALARIADO | Z9: 1 Administração pública
Q10: 2 Licença maternidade | U10: 3 Recebe uma concessão / transferência | W10: 2 Aposentados | Y10: 1 Quadro Superior | AH10: Escrever 1 para SIM e 2 para NÃO | AR10: 1 Agricultura, pecuária, caça, pesca por conta própria ou do agregado familiar
Q11: 3 Paragem provisória por conta própria | U11: 4 Vive da sua poupança | W11: 3 Não quer trabalhar ► (4.27) | X11: 1 Agricultura, Pecuária, Pesca ... | Y11: 2 Quadro Médio | Z11: 2 Empresa pública | AC11: 1 Imediatamente | AH11: nas casas correspondentes | AO11: 1 Assalariado público
U12: 5 Vive da produção de suas colheitas | W12: Se Modalidades 4-14 ► (4.19) | Y12: 3 Trabalhador ou empregado qualificado | Z12: 3 Grande empresa privada | AC12: 2 Dentro de 15 dias | AF12: 1 Perda do emprego anterior | AO12: 2 Assalariado privado
Q13: 4 Licença médica | U13: 6 vidas de transferências de alimentos grátis | W13: 4 Muito jovem | X13: 2 Minas, pedreiras | AC13: 3 Entre 15 dias e um mês | AG13: 1 Sim | AH13: Relações pessoais, parentes | AI13: Concurso, junto dos empregadores | AJ13: Pequenos anuncios par Radio, TV, Journal, Internet | AK13: Agência Nacional de Promoção de Emprego | AL13: Agência de emprego | AM13: Iniciativa pessoal (criar o seu próprio negócio) | AN13: Outro | AO13: =CONCATENATE("3 Explorador agrícola ► (",ROUND(AQ4,2),")") -> 3 Explorador agrícola ► (4,27) | AR13: 2 Empresa em nome individual não agrícola por conta própria
Q14: 5 Em greve | W14: 5 Aluno / Aluno | X14: 3 Indústrias, eletricidade, água | Y14: 4 Trabalhador ou empregado não qualificado | Z14: 4 Empresa individual | AF14: 2 Procura o primeiro emprego | AG14: 2 Não
Q15: 6 Encerramento ou suspensão devido a COVID-19 | U15: 7 Esta sob a responsabilidade da família | W15: 6 Dona de casa | AB15: =CONCATENATE("1 Sim") -> 1 Sim | AC15: 3 Mais de um mês | AD15: Se for Menos de um mês, Escrever 0 | AE15: Se for Menos de um mês, Escrever 0 | AO15: =CONCATENATE("4 Independente não-agrícola► (", ROUND(AQ4,2),")") -> 4 Independente não-agrícola► (4,27) | AR15: 3 Assalariado público ou privado
U16: 8 Mendiga | W16: 7 Doença (contaminada com COVID-19) | X16: 4 construção | Y16: 5 Operário/Servente/governanta | Z16: 5 empresas associativas | AB16: 2 Não
Q17: 7. Outra suspensão temporária | U17: 9 Outro (a ser especificado) | W17: 8 Outras doenças | X17: 5 Comércio | Y17: 6 Estagiário ou aprendiz remunerado | AB17: =CONCATENATE("►(",TEXT(AQ4,"0,00"),")") -> ►(4,27) | AO17: 5 Indiferente | AR17: 4 Trabalho ocasional ou a tempo parcial
Q18: 8 Em formação ou estágio | T18: 1 Sim | W18: 9 Deficiente | X18: 6 Transporte | Z18: 6 Organização Internacional / ONG
Q19: 9 Outro (a ser especificado) | T19: 2 Não | W19: 10 Á espera para começar o seu próprio negócio | X19: 7 Restauração, hotel | Y19: Não assalariado | AR19: 5 Aprendiz
T20: =CONCATENATE("►►(",ROUND(S04_Emploi_B!B4,2),"), PARTE B") -> ►►(4,29), PARTE B | W20: 11 Á Espera por uma resposta a um pedido de emprego | X20: 8 Artes e entretenimento | Y20: 7 Estagiário ou aprendiz não remunerado | AQ20: 1 Sim
Q21: ►► (4.29), PARTE B | V21: =CONCATENATE("1 Sim ►(",AC4,")") -> 1 Sim ►(4,2) | W21: 12 Falta de emprego | X21: 9 Serviços | Z21: 7 Agregado familiar | AQ21: 2 Não ► Secção 5 | AR21: (Atenção: Os dois empregos podem ter o mesmo código, por exemplo, dois empregos assalariados)
J22: 1 Sim | K22: 1 Sim | L22: 1 Sim | M22: 1 Sim | N22: =CONCATENATE("1 Sim ►(",ROUND(S04_Emploi_B!B4,2),") PARTE B") -> 1 Sim ►(4,29) PARTE B | P22: 1 Sim | R22: =CONCATENATE("1 Sim ►(",T4,")") -> 1 Sim ►(4,15) | S22: 1 Sim | V22: 2 Não | W22: 13 Não sabe como procurar | X22: 10 NS | Y22: 8 Trabalhador familiar contribuinte numa empresa familiar | Z22: 8 NS
J23: 2 Não | K23: 2 Não | L23: 2 Não | M23: 2 Não | N23: 2 Não | P23: =CONCATENATE("2 Não ►(",R4,")") -> 2 Não ►(4,13) | R23: 2 Não | S23: =CONCATENATE("2 Não ►(",U4,")") -> 2 Não ►(4,16) | W23: 14 Desemprego sazonal
W24: 15 Incapaz de procurar devido ao COVID-19 | Y24: 9 Trabalhador por conta própria
W25: 16 Outros (a ser especificado) | Y25: 10 Patrão/Empregador
Y26: 11 Não sabe (NS) | AP26: MONTANTE EM FRANCOS CFA | AR26: =CONCATENATE("►►(",ROUND(S04_Emploi_B!B4,2),")", " PARTE B") -> ►►(4,29) PARTE B
C27: HORAS | D27: HORAS | E27: HORAS | F27: HORAS | G27: HORAS | H27: HORAS | I27: HORAS | J27: CÓDIGO | K27: CÓDIGO | L27: CÓDIGO | M27: CÓDIGO | N27: CÓDIGO | P27: CÓDIGO | Q27: CÓDIGO | R27: CÓDIGO | S27: CÓDIGO | T27: CÓDIGO | U27: CÓDIGO | V27: CÓDIGO | W27: CÓDIGO | X27: CÓDIGO | Y27: CÓDIGO | Z27: CÓDIGO | AC27: CÓDIGO | AD27: MÊS | AE27: MÊS | AF27: CÓDIGO | AG27: CÓDIGO | AO27: CÓDIGO | AQ27: CÓDIGO | AR27: PRINCIPAL | AS27: SECUNDÁRIO
A28: 01 | O28: 01 | AA28: 01
A29: 02 | O29: 02 | AA29: 02
A30: 3 | O30: 3 | AA30: 3
A31: 4 | O31: 4 | AA31: 4
A32: 5 | O32: 5 | AA32: 5
A33: 6 | O33: 6 | AA33: 6
A34: 7 | O34: 7 | AA34: 7
A35: 8 | O35: 8 | AA35: 8
A36: 9 | O36: 9 | AA36: 9
A37: 10 | O37: 10 | AA37: 10
A38: 11 | O38: 11 | AA38: 11
A39: 12 | O39: 12 | AA39: 12
A40: 13 | O40: 13 | AA40: 13
A41: 14 | O41: 14 | AA41: 14

Sheet S04_Emploi_B
A1: SECÇÃO 4: EMPREGO | M1: SECÇÃO 4: EMPREGO | AE1: SECÇÃO 4: EMPREGO
A2: PARTE B: B EMPREGO PRINCIPAL DURANTE OS ÚLTIMOS 12 MESES (INDIVÍDUOS COM IDADE IGUAL OU SUPERIOR A 6 ANOS) | M2: PARTE B: B EMPREGO PRINCIPAL DURANTE OS ÚLTIMOS 12 MESES (INDIVÍDUOS COM IDADE IGUAL OU SUPERIOR A 6 ANOS) | AE2: PARTE B: B EMPREGO PRINCIPAL DURANTE OS ÚLTIMOS 12 MESES (INDIVÍDUOS COM IDADE IGUAL OU SUPERIOR A 6 ANOS)
A4: CÓDIGO ID: | B4: =S04_Emploi_A!AR4+0.01 -> 4.29 | D4: =B4+0.01 -> 4.3 | F4: =D4+0.01 -> 4.31 | G4: =F4+0.01 -> 4.32 | H4: =G4+0.01 -> 4.33 | I4: =H4+0.01 -> 4.34 | J4: =I4+0.01 -> 4.35 | K4: =J4+0.01 -> 4.36 | L4: =K4+0.01 -> 4.37 | M4: CÓDIGO ID: | N4: =L4+0.01 -> 4.38 | O4: =N4+0.01 -> 4.39 | P4: =CONCATENATE("(",TEXT($O$4,",00"),P42,")") -> (4,39a) | Q4: =CONCATENATE("(",TEXT($O$4,"0,00"),Q42,")") -> (4,39b) | R4: =O4+0.01 -> 4.4 | S4: =R4+0.01 -> 4.41 | T4: =S4+0.01 -> 4.42 | U4: =T4+0.01 -> 4.43 | X4: =U4+0.01 -> 4.44 | Y4: =X4+0.01 -> 4.45 | AE4: CÓDIGO ID: | AF4: =Y4+0.01 -> 4.46 | AG4: =AF4+0.01 -> 4.47 | AM4: =AG4+0.01 -> 4.48 | AO4: =AM4+0.01 -> 4.49 | AR4: CÓDIGO ID: | AS4: =CONCATENATE("(",LEFT(TEXT(AO4,"0,00"), 4), "bis)") -> (4,49bis) | AT4: =CONCATENATE("(",LEFT(TEXT(AO4,"0,00"), 4), "a)") -> (4,49a) | AU4: =CONCATENATE("(",LEFT(AO4, 4), "b)") -> (4,48b) | AV4: =CONCATENATE("(",LEFT(AO4, 4), "c)") -> (4,48c) | AX4: =CONCATENATE("(",LEFT(AO4, 4), "d)") -> (4,48d) | AY4: =CONCATENATE("(",LEFT(AO4, 4), "e)") -> (4,48e) | AZ4: =CONCATENATE("(",LEFT(AO4, 4), "f)") -> (4,48f) | BB4: =CONCATENATE("(",LEFT(AO4, 4), "h)") -> (4,48h) | BC4: =CONCATENATE("(",LEFT(AO4, 4), "i)") -> (4,48i) | BD4: =CONCATENATE("(",LEFT(AO4, 4), "j)") -> (4,48j) | BF4: =AO4+0.01 -> 4.5 | BG4: =CONCATENATE("(",TEXT(BF4,"0,00"), "a)") -> (4,50a) | BH4: =CONCATENATE("(",TEXT(BF4,"0,00"), "b)") -> (4,50b)
B5: Gostaria de lhe fazer algumas perguntas sobre o emprego principal que ocupou nos últimos 12 meses; trata-se do emprego ao qual dedica habitualmente mais tempo exercido nos últimos 12 meses. Descreva por favor o emprego ou a profissão que [NOME] exerceu nos últimos 12 meses. O que fez no âmbito deste emprego? | D5: Qual é a atividade da empresa em que [NOME] esteve empregado ou que produtos (serviços) fabrica (fornece)? | F5: Qual é o principal empregador de [NOME] neste emprego? | G5: Quantos meses [NOME] exerceu este emprego nos últimos 12 (incluindo férias pagas)? Se menos de 1 mês, escrever 0 | H5: [NOME] beneficia de férias pagas? | I5: Quantos dias de férias anuais [NOME] gozou nos últimos 12 meses? | J5: [NOME] beneficia de baixa por doença? | K5: Quantos dias por mês [NOME] dedica habitualmente a este emprego? | L5: Quantas horas por dia [NOME] dedica habitualmente a este emprego? | N5: [NOME] contribui para o INSS (Instituto Nacional de Segurança Social) ou para o Fundo Nacional de Reformas no âmbito deste emprego? | O5: Qual é a categoria socioprofissional de [NOME] neste emprego? | P5: A empresa tem contabilidade formal? | Q5: A empresa tem número de contribuinte ou identificação fiscal (NIF) | R5: [NOME] beneficia de licença de maternidade/paternidade? | S5: Qual é o número de dias de licença de maternidade/paternidade regulamentar? | T5: [NOME] tem um recibo de ordenado? | U5: Qual foi o salário de [NOME] neste emprego (para o período de tempo considerado)? | X5: [NOME] beneficia de prémio no âmbito deste emprego? | Y5: Em quanto avalia os prémios (apenas aqueles que não estão incluídos no salário)? | AF5: [NOME] beneficia de outras regalias (subsídio de transporte, subsídio de alojamento, etc. que não alimentação) não incluídas no salário no âmbito deste emprego? | AG5: Em quanto avalia as regalias (apenas aquelas que não estão incluídas no salário)? | AM5: Recebe alimentação no âmbito deste emprego? | AO5: Em quanto avalia esta alimentação? | AS5: Quem controla o rendimento ligado a este trabalho? | AT5: [NOME] tinha um emprego remunerado antes dos acontecimentos do COVID-19, ou seja, antes de março de 2020? | AU5: [NOME] chegou a perder o emprego durante o período da pandemia COVID-19, ou seja, de Março de 2020 a Março de 2022? | AV5: Por quanto tempo [NOME] ficou sem trabalho durante o período da crise da Covid-19, ou seja, de Março de 2020 a Março de 2022? UNIDADE DE TEMPO 1 POR SEMANA 2 DUAS SEMANAS 3 MESES | AX5: =CONCATENATE("[NOME] teve que lidar com a redução do tempo de seu trabalho principal durante o período de crise do COVID-19?") -> [NOME] teve que lidar com a redução do tempo de seu trabalho principal durante o período de crise do COVID-19? | AY5: Como o tempo gasto neste trabalho foi afetado? | AZ5: Quanto tempo durou essa situação? SE A ALTERAÇÃO CONTINUAR ATÉ A DATA, INSERIR 98 UNIDADE DE TEMPO 1 POR SEMANA 2 DUAS SEMANAS 3 MESES | BB5: =CONCATENATE("[NOME] teve alguma redução, salário, benefícios e / ou benefícios do emprego principal durante o período de crise do COVID-19?") -> [NOME] teve alguma redução, salário, benefícios e / ou benefícios do emprego principal durante o período de crise do COVID-19? | BC5: Como o salário, benefícios e / ou benefícios deste trabalho de [NOME] foram afetados pelo COVID-19? | BD5: Quanto tempo durou essa situação? SE A MUDANÇA CONTINUAR ATÉ A DATA, INSERIR 98 UNIDADE DE TEMPO 1 POR SEMANA 2 DUAS SEMANAS 3 MESES | BF5: Além do emprego principal que acaba de ser descrito, [NOME] exerceu algum emprego secundário nos últimos 12 meses? | BG5: [NOME] está pronto para fazer algum trabalho extra nas próximas 4 semanas? | BH5: [NOME] teve um trabalho paralelo que normalmente faz, mas não fez nos últimos 12 meses por causa do COVID-19?
AO8: SE NS, ESCREVER 99998
O9: =CONCATENATE("Assalariado ► (",TEXT(R4,"0,00"),")") -> Assalariado ► (4,40) | Z9: SE NS, ESCREVER 999998 | AH9: SE NS, ESCREVER 999998
Z10: Se as regalias estiverem todas incluídas no salário, ESCREVER 0 | AH10: Se as regalias estiverem todas incluídas no salário, ESCREVER 0 | AO10: CÓDIGO DA UNIDADE DE TEMPO
O11: 1 Quadro Superior | V11: UNIDADE DE TEMPO | AO11: 1 | AP11: SEMANA
F12: =CONCATENATE("1 Estado/associações locais") -> 1 Estado/associações locais | O12: 2 Quadro Médio | U12: 1 | V12: SEMANA | AO12: 2 | AP12: MÊS | AU12: 1 Sim | AY12: 1 Menos horas por dia ou menos dias por mês
F13: =CONCATENATE("2 Empresa pública/parapública") -> 2 Empresa pública/parapública | O13: 3 Trabalhador ou empregado qualificado | U13: 2 | V13: MÊS | AO13: 3 | AP13: TRIMESTRE | AU13: =CONCATENATE("2 Não ►",TEXT(AX4,"0,00")) -> 2 Não ►(4,48d) | AY13: 2 Suspenso por algumas semanas ou meses | BC13: 1 Redução de salário, benefícios e / ou vantagens vinculados a este trabalho
O14: 4 Trabalhador ou empregado não qualificado | P14: 1 Sim | Q14: 1 Sim | T14: 1 Sim | U14: 3 | V14: TRIMESTRE | Z14: CÓDIGO DA UNIDADE DE TEMPO | AM14: 1 Sim | AO14: 4 | AP14: ANO | AX14: =CONCATENATE("1 Sim") -> 1 Sim | BB14: 1 Sim
F15: 3 Empresa privada | P15: 2 Não | Q15: 2 Não | T15: 2 Não | U15: 4 | V15: ANO | AH15: CÓDIGO DA UNIDADE DE TEMPO | AM15: =CONCATENATE("2 Não ►(",TEXT(AT4,"0,00"),")") -> 2 Não ►((4,49a)) | AT15: 1 Sim | AX15: =CONCATENATE("2 Não ►", TEXT(BB4,"0,00")) -> 2 Não ►(4,48h) | BB15: =CONCATENATE("2 Não ►(",TEXT(BF4,"0,00"),")") -> 2 Não ►(4,50)
F16: 4 Empresa associativa | H16: 1 Sim | J16: 1 Sim | N16: 1 Sim | O16: 5 Operário/Servente/governanta | R16: 1 Sim | Z16: 1 | AA16: SEMANA | AH16: 1 | AI16: SEMANA | AT16: =CONCATENATE("2 Não ►(",TEXT(BF4,"0,00"),")") -> 2 Não ►(4,50) | BH16: =CONCATENATE("1 Sim 2 Não") -> 1 Sim 2 Não
B17: (Escrever na coluna da esquerda o descritivo do emprego ou da profissão; na coluna da direita, escrever o código correspondente depois da entrevista. Os códigos do emprego/profissão encontram-se no anexo do manual do agente entrevistador) | D17: (Escrever na coluna da esquerda o descritivo do ramo de atividade; na coluna da direita, escrever o código correspondente depois da entrevista. Os códigos dos ramos de atividade encontram-se no anexo do manual do agente entrevistador) | F17: =CONCATENATE("5 Agregado familiar como empregador de pessoal doméstico") -> 5 Agregado familiar como empregador de pessoal doméstico | H17: =CONCATENATE("2 Não ► (",TEXT(J4,"0,00"),")") -> 2 Não ► (4,35) | J17: =CONCATENATE("2 Não ") -> 2 Não | N17: 2 Não | O17: 6 Estagiário ou aprendiz remunerado | R17: =CONCATENATE("2 Não ► (",TEXT(T4,"0,00"),")") -> 2 Não ► (4,42) | Z17: 2 | AA17: MÊS | AH17: 2 | AI17: MÊS
O18: =CONCATENATE("Não assalariado ► (",TEXT(BF4,"0,00"),")") -> Não assalariado ► (4,50) | X18: 1 Sim | Z18: 3 | AA18: TRIMESTRE | AH18: 3 | AI18: TRIMESTRE | BF18: =CONCATENATE("1 Sim ►(",TEXT(S04_Emploi_C!B4,"0,00"),")") -> 1 Sim ►(4,51) | BG18: 1 Sim
F19: =CONCATENATE("6 Organismo internacional /Embaixada") -> 6 Organismo internacional /Embaixada | O19: =CONCATENATE("7 Estagiário ou aprendiz não remunerado ►(",TEXT(R4,"0,00"),")") -> 7 Estagiário ou aprendiz não remunerado ►(4,40) | X19: =CONCATENATE("2 Não ►( ",ROUND(AF4,2),")") -> 2 Não ►( 4,46) | Z19: 4 | AA19: ANO | AH19: 4 | AI19: ANO | BC19: 2 Salário, benefícios e / ou vantagens vinculados a este emprego mais irregular | BF19: 2 Não | BG19: 2 Não | BH19: =CONCATENATE(" ► ► Secção 5") -> ► ► Secção 5
O20: =CONCATENATE("8 Trabalhador familiar contribuinte numa empresa familiar ►(",TEXT(R4,"0,00"),")") -> 8 Trabalhador familiar contribuinte numa empresa familiar ►(4,40) | AF20: 1 Sim
AF21: =CONCATENATE("2 Não ►( ",ROUND(AM4,2),")") -> 2 Não ►( 4,48)
O22: 9 Trabalhador por conta própria | Q22: =CONCATENATE("►(",TEXT(AT4,"0,00"),")") -> ►((4,49a))
O23: 10 Patrão/Empregador
O24: 11 Não sabe (NS)
W25: UNIDADE DE TEMPO | Y25: FRANCOS CFA | AB25: UNIDADE DE TEMPO | AG25: FRANCOS CFA | AJ25: UNIDADE DE TEMPO | AO25: FRANCOS CFA | AQ25: UNIDADE DE TEMPO | AW25: UNIDADE DE TEMPO | BA25: UNIDADE DE TEMPO | BE25: UNIDADE DE TEMPO
B26: EMPREGO/PROFISSÃO | C26: CÓDIGO | D26: RAMO DE ATIVIDADE | E26: CÓDIGO | F26: CÓDIGO | G26: MÊS | H26: CÓDIGO | I26: DIAS | J26: CÓDIGO | K26: DIAS | L26: HORAS | N26: CÓDIGO | O26: CÓDIGO | P26: CÓDIGO | Q26: CÓDIGO | R26: CÓDIGO | S26: DIAS | T26: CÓDIGO | U26: MONTANTE EM FRANCOS CFA | AF26: CÓDIGO | AM26: CÓDIGO | AS26: CÓDIGO | AT26: CÓDIGO | AU26: CÓDIGO | AV26: NÚMERO | AX26: CÓDIGO | AY26: CÓDIGO | AZ26: NÚMERO | BB26: CÓDIGO | BC26: CÓDIGO | BD26: NÚMERO | BF26: CÓDIGO | BG26: CÓDIGO | BH26: CÓDIGO
A27: 01 | M27: 01 | AE27: 01 | AR27: 01
A28: 02 | M28: 02 | AE28: 02 | AR28: 02
A29: 3 | M29: 3 | AE29: 3 | AR29: 3
A30: 4 | M30: 4 | AE30: 4 | AR30: 4
A31: 5 | M31: 5 | AE31: 5 | AR31: 5
A32: 6 | M32: 6 | AE32: 6 | AR32: 6
A33: 7 | M33: 7 | AE33: 7 | AR33: 7
A34: 8 | M34: 8 | AE34: 8 | AR34: 8
A35: 9 | M35: 9 | AE35: 9 | AR35: 9
A36: 10 | M36: 10 | AE36: 10 | AR36: 10
A37: 11 | M37: 11 | AE37: 11 | AR37: 11
A38: 12 | M38: 12 | AE38: 12 | AR38: 12
A39: 13 | M39: 13 | AE39: 13 | AR39: 13
A40: 14 | M40: 14 | AE40: 14 | AR40: 14
A41: 15 | M41: 15 | AE41: 15 | AR41: 15
P42: a | Q42: b

Sheet S04_Emploi_C
A1: SECÇÃO 4: EMPREGO | K1: SECÇÃO 4: EMPREGO
A2: PARTE C: EMPREGO SECUNDÁRIO DURANTE OS ÚLTIMOS 12 MESES (INDIVÍDUOS COM IDADE IGUAL OU SUPERIOR A 6 ANOS) | K2: PARTE C: EMPREGO SECUNDÁRIO DURANTE OS ÚLTIMOS 12 MESES (INDIVÍDUOS COM IDADE IGUAL OU SUPERIOR A 6 ANOS)
A4: CÓDIGO ID: | B4: =S04_Emploi_B!BF4+0.01 -> 4.51 | D4: =B4+0.01 -> 4.52 | F4: =D4+0.01 -> 4.53 | G4: =F4+0.01 -> 4.54 | H4: =G4+0.01 -> 4.55 | I4: =H4+0.01 -> 4.56 | J4: =I4+0.01 -> 4.57 | K4: CÓDIGO ID: | L4: =J4+0.01 -> 4.58 | O4: =L4+0.01 -> 4.59 | P4: =O4+0.01 -> 4.6 | V4: =P4+0.01 -> 4.61 | W4: =V4+0.01 -> 4.62 | AC4: =W4+0.01 -> 4.63 | AE4: =AC4+0.01 -> 4.64 | AH4: =CONCATENATE("(",LEFT(TEXT(AE4,"0,00"), 4), "bis)") -> (4,64bis)
B5: Gostaria de lhe fazer algumas perguntas sobre o emprego secundário que exerceu nos últimos 12 meses. Descreva por favor o emprego ou profissão que [NOME] exerceu nos últimos 12 meses. O que fez no âmbito deste emprego? | D5: Qual é a atividade da empresa em que [NOME] esteve empregado ou que produtos (serviços) fabrica (fornece)? | F5: Qual é o principal empregador de [NOME] neste emprego? | G5: Quantos meses [NOME] exerceu este emprego nos últimos 12 meses? | H5: Quantos dias por mês [NOME] dedica habitualmente a este emprego? | I5: Quantas horas por dia [NOME] dedica habitualmente a este emprego? | J5: Qual é a categoria socioprofissional de [NOME] neste emprego? | L5: Qual foi o salário de [NOME] neste emprego para o período de tempo considerado? | O5: [NOME] beneficia de premios no âmbito deste emprego? | P5: Em quanto avalia os premios (apenas aqueles que não estão incluídos no salário)? | V5: [NOME] beneficia de outras regalias (subsídio de transporte, subsídio de alojamento, etc. que não alimentação) no âmbito deste emprego? | W5: Em quanto avalia as regalias (apenas aquelas que não estão incluídas no salário)? | AC5: Recebe alimentação no âmbito deste emprego? | AE5: Em quanto avalia esta alimentação? | AH5: CÓDIGO ID: | AI5: Quem controla o rendimento ligado a este trabalho?
AE8: SE NS, ESCREVER 99998
J9: Assalariado | Q9: SE NS, ESCREVER 999998 | X9: SE NS, ESCREVER 999998
F10: =S04_Emploi_B!F12 -> 1 Estado/associações locais | Q10: Se as regalias estiverem todas incluídas no salário, ESCREVER 0 | X10: Se as regalias estiverem todas incluídas no salário, ESCREVER 0 | AE10: CÓDIGO DA UNIDADE DE TEMPO
F11: =S04_Emploi_B!F13 -> 2 Empresa pública/parapública | J11: 1 Quadro Superior | M11: UNIDADE DE TEMPO | AE11: 1 | AF11: SEMANA
J12: 2 Quadro Médio | L12: 1 | M12: SEMANA | AE12: 2 | AF12: MÊS
F13: =S04_Emploi_B!F15 -> 3 Empresa privada | J13: 3 Trabalhador ou empregado qualificado | L13: 2 | M13: MÊS | AE13: 3 | AF13: TRIMESTRE
F14: =S04_Emploi_B!F16 -> 4 Empresa associativa | J14: 4 Trabalhador ou empregado não qualificado | L14: 3 | M14: TRIMESTRE | AC14: 1 Sim | AE14: 4 | AF14: ANO
F15: =S04_Emploi_B!F17 -> 5 Agregado familiar como empregador de pessoal doméstico | L15: 4 | M15: ANO | Q15: CÓDIGO DA UNIDADE DE TEMPO | X15: CÓDIGO DA UNIDADE DE TEMPO | AC15: =CONCATENATE("2 Não ► Secção 5") -> 2 Não ► Secção 5
B16: (Escrever na coluna da esquerda o descritivo do emprego ou da profissão; na coluna da direita, escrever o código correspondente depois da entrevista. Os códigos do emprego/profissão encontram-se no anexo do manual do agente entrevistador) | D16: (Escrever na coluna da esquerda o descritivo do ramo de atividade; na coluna da direita, escrever o código correspondente depois da entrevista. Os códigos dos ramos de atividade encontram-se no anexo do manual do agente entrevistador) | J16: 5 Operário/Servente/governanta | Q16: 1 | R16: SEMANA | X16: 1 | Y16: SEMANA
J17: 6 Estagiário ou aprendiz remunerado | Q17: 2 | R17: MÊS | X17: 2 | Y17: MÊS
F18: =S04_Emploi_B!F19 -> 6 Organismo internacional /Embaixada | J18: Não assalariado ► Secção 5 | O18: 1 Sim | Q18: 3 | R18: TRIMESTRE | X18: 3 | Y18: TRIMESTRE
J19: =CONCATENATE("7 Estagiário ou aprendiz não remunerado ►(",TEXT(M4,"0,00"),")") -> 7 Estagiário ou aprendiz não remunerado ►(0,00) | O19: =CONCATENATE("2 Não ►( ",TEXT(ROUND(V4,2),"0,00"),")") -> 2 Não ►( 4,61) | Q19: 4 | R19: ANO | X19: 4 | Y19: ANO
J20: 8 Trabalhador familiar contribuinte numa empresa familiar | V20: 1 Sim
V21: =CONCATENATE("2 Não ►( ",TEXT(ROUND(AC4,2),"0,00"),")") -> 2 Não ►( 4,63)
J22: 9 Trabalhador por conta própria
J23: 10 Patrão/Empregador | N23: UNIDADE DE TEMPO
J24: 11 Não sabe (NS) | P24: FRANCOS CFA | S24: UNIDADE DE TEMPO | W24: FRANCOS CFA | Z24: UNIDADE DE TEMPO | AE24: FRANCOS CFA | AG24: UNIDADE DE TEMPO
B25: EMPREGO/PROFISSÃO | C25: CÓDIGO | D25: RAMO DE ATIVIDADE | E25: CÓDIGO | F25: CÓDIGO | G25: MÊS | H25: DIAS | I25: HORAS | J25: CÓDIGO | L25: FRANCOS CFA | AC25: CÓDIGO | AI25: CÓDIGO
A26: 01 | K26: 01 | AH26: 01
A27: 02 | K27: 02 | AH27: 02
A28: 3 | K28: 3 | AH28: 3
A29: 4 | K29: 4 | AH29: 4
A30: 5 | K30: 5 | AH30: 5
A31: 6 | K31: 6 | AH31: 6
A32: 7 | K32: 7 | AH32: 7
A33: 8 | K33: 8 | AH33: 8
A34: 9 | K34: 9 | AH34: 9
A35: 10 | K35: 10 | AH35: 10
A36: 11 | K36: 11 | AH36: 11
A37: 12 | K37: 12 | AH37: 12
A38: 13 | K38: 13 | AH38: 13
A39: 14 | K39: 14 | AH39: 14
A40: 15 | K40: 15 | AH40: 15

Sheet S05_Revenus_Indiv
A1: SECÇÃO 5: Rendimentos fora do emprego durante os últimos 12 meses (indivíduos com idade igual ou superior a 15 anos) | K1: SECÇÃO 5: Rendimentos fora do emprego durante os últimos 12 meses (indivíduos com idade igual ou superior a 15 anos)
A4: CÓDIGO ID: | B4: 5 | C4: =B4+0.01 -> 5.01 | D4: =C4+0.01 -> 5.02 | E4: =D4+0.01 -> 5.03 | F4: =E4+0.01 -> 5.04 | G4: =F4+0.01 -> 5.05 | H4: =G4+0.01 -> 5.06 | I4: =H4+0.01 -> 5.07 | J4: =I4+0.01 -> 5.08 | K4: CÓDIGO ID: | L4: =J4+0.01 -> 5.09 | M4: =L4+0.01 -> 5.1 | N4: =M4+0.01 -> 5.11 | O4: =N4+0.01 -> 5.12 | P4: =O4+0.01 -> 5.13 | Q4: =P4+0.01 -> 5.14
B5: Qual é o código ID do respondente? | C5: [NOME] beneficiou de uma pensão de reforma (civil e militar, incluindo antigos combatentes) nos últimos 12 meses? | D5: Qual é o montante anual da pensão de reforma (civil e militar, incluindo antigos combatentes) auferido por [NOME] | E5: [NOME] beneficiou de uma pensão de viuvez (em caso de morte de cônjuge) ou de orfandade (morte de pais)? | F5: Qual é o montante anual da pensão de viuvez (em caso de morte de cônjuge) ou de orfandade (morte de pais) auferido por [NOME] | G5: [NOME] beneficiou de uma pensão de invalidez (em caso de acidente de trabalho) nos últimos 12 meses? | H5: Qual é o montante anual da pensão de invalidez (em caso de acidente de trabalho) auferido por [NOME] | I5: [NOME] beneficiou de uma pensão de alimentos (em caso de divórcio ou separação) nos últimos 12 meses? | J5: Qual é o montante anual da pensão de alimentos (em caso de divórcio ou separação) auferido por [NOME] | L5: [NOME] auferiu rendimentos provenientes de arrendamentos de casa de habitação nos últimos 12 meses? | M5: Qual é o montante anual dos rendimentos provenientes de arrendamentos de casa de habitação auferido por [NOME] | N5: [NOME] auferiu rendimentos de capitais e financeiros (dividendos de ações, juros de aplicações, etc.) nos últimos 12 meses? | O5: Qual é o montante anual dos rendimentos de capitais e financeiros (dividendos de ações, juros de aplicações, etc.) auferido por [NOME] | P5: [NOME] auferiu outros rendimentos (ganhos em lotaria, herança, venda de bens, etc.) nos últimos 12 meses? | Q5: Qual é o montante anual de outros rendimentos (ganhos em lotaria, herança, venda de bens, etc.) auferido por [NOME]
C22: 1. Sim | E22: 1. Sim | G22: 1. Sim | I22: 1. Sim | L22: 1. Sim | N22: 1. Sim | P22: 1. Sim
C23: =CONCATENATE("2. Não ► (",E4,")") -> 2. Não ► (5,03) | E23: =CONCATENATE("2. Não ► (",G4,")") -> 2. Não ► (5,05) | G23: =CONCATENATE("2. Não ► (",I4,")") -> 2. Não ► (5,07) | I23: =CONCATENATE("2. Não ► (",L4,")") -> 2. Não ► (5,09) | L23: =CONCATENATE("2. Não ► (",N4,")") -> 2. Não ► (5,11) | N23: =CONCATENATE("2. Não ► (",P4,")") -> 2. Não ► (5,13) | P23: 2. Não ► Secção 6
B25: CÓDIGO ID: | C25: CÓDIGO | D25: FRANCOS CFA | E25: CÓDIGO | F25: FRANCOS CFA | G25: CÓDIGO | H25: FRANCOS CFA | I25: CÓDIGO | J25: FRANCOS CFA | L25: CÓDIGO | M25: FRANCOS CFA | N25: CÓDIGO | O25: FRANCOS CFA | P25: CÓDIGO | Q25: FRANCOS CFA
A26: 1 | K26: 1
A27: 2 | K27: 2
A28: 3 | K28: 3
A29: 4 | K29: 4

Sheet S06_Epargne
A1: SECÇÃO 6: POUPANÇAS E CRÉDITO (INDIVÍDUOS COM IDADE IGUAL OU SUPERIOR A 15 ANOS) | U1: SECÇÃO 6: POUPANÇAS E CRÉDITO (INDIVÍDUOS COM IDADE IGUAL OU SUPERIOR A 15 ANOS)
A2: CÓDIGO ID: | B2: 6 | C2: 6.01 | M2: 6.02 | N2: =M2+0.01 -> 6.03 | O2: =N2+0.01 -> 6.04 | P2: =O2+0.01 -> 6.05 | Q2: =P2+0.01 -> 6.06 | R2: =Q2+0.01 -> 6.07 | S2: =R2+0.01 -> 6.08 | T2: =S2+0.01 -> 6.09 | U2: CÓDIGO ID: | V2: =T2+0.01 -> 6.1 | W2: =V2+0.01 -> 6.11 | X2: =W2+0.01 -> 6.12 | Y2: =X2+0.01 -> 6.13 | AA2: =Y2+0.01 -> 6.14 | AB2: =AA2+0.01 -> 6.15 | AC2: =AB2+0.01 -> 6.16 | AD2: =AC2+0.01 -> 6.17 | AE2: =AD2+0.01 -> 6.18 | AF2: =AE2+0.01 -> 6.19
B3: CÓDIGO ID do respondente | C3: [NOME] Será que possui uma conta nos estabelecimentos financeiros seguintes ou um cartão pré-pago? 1. Sim 2. Não Escrever em cada coluna 1 para Sim ou 2 para Não Se Não em todos os estabelecimentos ir para 6.03 | M3: [NOME] possui poupanças nestas contas? | N3: [NOME] solicitou crédito a uma instituição financeira nos últimos 12 meses? | O3: Por que razão [NOME] não solicitou crédito nos últimos 12 meses? | P3: [NOME] obteve crédito junto de uma destas instituições financeiras nos últimos 12 meses? | Q3: Qual foi o principal motivo pelo qual [NOME] não recebeu o crédito? | R3: [NOME] é membro de uma tontina (abota) ou de uma associação de entreajuda? | S3: [NOME] solicitou crédito a uma associação solidário ou tontina/abota? | T3: [NOME] beneficiou mesmo assim de um crédito no passado que ainda não foi totalmente reembolsado? | V3: Quantos créditos em curso que ainda não foram reembolsados, contraído por [NOME]? | W3: Qual foi a principal utilização que [NOME] fez com este último crédito? | X3: Junto de quem foi contraído este último crédito? | Y3: Em que data foi contraído este último crédito? | AA3: Qual é o montante nominal deste último crédito? (Em Francos CFA) | AB3: Qual é a periodicidade dos reembolsos deste último crédito? | AC3: Qual é o número de prestações de reembolso deste último crédito segundo a periodicidade anterior? | AD3: Qual é o montante nominal que deve ser reembolsado em média a cada prestação deste último crédito? (Em Francos CFA) | AE3: Qual é o número de prestações já reembolsadas deste último crédito? | AF3: A crise do COVID-19 afeta ou afetou a amortização desse crédito?
Y6: (Para o mês, escrever 01 para janeiro, 02 para fevereiro, etc.) | Z6: (Para o ano, escrever os quatro algarismos, ex: 2010 para 2010; 2011 para 2011, etc.)
W7: 1.Educação
O8: 1. Falta de instituições de crédito | Q8: 1. Dossier incompleto | W8: 2. Saúde | AB8: 0. Diário
O9: 2. Não sabe como perguntar | W9: 3. Equipamento para o agregado familiar (viatura, eletrodoméstico, etc.) | X9: 1. Banco | AB9: 1. Semanal
O10: 3. Não atende às condições | Q10: 2. Sem garantia | X10: 2. Caixa rural de poupança, Agência de Promoção de Micro Finanças | AB10: 2. Mensal | AF10: 1 Nenhum efeito
O11: 4. Não tem certeza de obter um | Q11: 3. Baixa capacidade de reembolso | W11: 4. Aquisição de terreno, construção, recuperação de habitação | X11: 3. ONG | AB11: 3. Trimestral | AF11: 2 Tem impedido temporariamente de fazer reembolsos
O12: 5. Não é capaz de reembolsar | X12: 4. Fornecedor | AB12: 4. Semestral
M13: 1. Sim | O13: 6. Altas taxas de juros | P13: =CONCATENATE("1. Sim ► (",V2,"0)") -> 1. Sim ► (6,10) | R13: 1. Sim | S13: 1. Sim | T13: 1 Sim | W13: 5. Criar um negócio, empresa | X13: 5. Cooperativa | AB13: 5. Anual
C14: Instituições financeiras | M14: 2. Não | N14: =CONCATENATE("1. Sim ►(",P2,")") -> 1. Sim ►(6,05) | O14: 7. Outro crédito em andamento | P14: 2. Não | Q14: 4. Outro crédito em andamento | R14: 2. Não | S14: 2. Não | T14: 2 Não ► Secção 7A | W14: 6. Financiar um negócio existente (equipamento, matérias-primas) | X14: 6. Outro agregado familiar | AB14: 6. De uma só vez | AF14: 3 Impede de fazer reembolsos até agora
C15: Banco clássico | E15: Correios | G15: Caixa rural de poupança, Agência de Promoção de micro-finanças | I15: Banca móvel | K15: Cartão pré-pago | N15: 2. Não | O15: 8. Não é necessário | X15: 7. Tontina/associação | AB15: =CONCATENATE("7. Não especificado ►(",TEXT(AF2,"0,00"),")") -> 7. Não especificado ►(6,19)
O16: 9. Banco ou instituição de crédito inacessível devido ao COVID-19 | Q16: 5 Dossier sendo processado | X16: 8. Agiota | AF16: ►► Próxima pessoa
Q17: 6 Outro (especifique) | V17: Se 0 ►Seçao seguinte | W17: 7. Insumos agrícolas (sementes, adubos, rações para animais, etc.) | X17: 9. Outro (especificar)
O18: 10. Outro (a ser especificado) | W18: 8. Consumo do agregado familiar
W19: 9. Eventos/festas
O20: =CONCATENATE("►► (",TEXT(R2,"0,00"),")") -> ►► (6,07) | W20: 10. Outro (especificar)
C21: CÓDIGO | E21: CÓDIGO | G21: CÓDIGO | I21: CÓDIGO | K21: CÓDIGO | M21: CÓDIGO | N21: CÓDIGO | O21: CÓDIGO | P21: CÓDIGO | Q21: CÓDIGO | T21: CÓDIGO | V21: NÚMERO | W21: CÓDIGO | X21: CÓDIGO | Y21: MÊS | Z21: ANO | AA21: MONTANTE | AB21: CÓDIGO | AC21: NÚMERO | AD21: MONTANTE | AE21: NÚMERO | AF21: CÓDIGO
A22: 1 | U22: 1
A23: 2 | U23: 2
A24: 3 | U24: 3
A25: 4 | U25: 4
A26: 5 | U26: 5
A27: 6 | U27: 6
A28: 7 | U28: 7
A29: 8 | U29: 8
A30: 9 | U30: 9
A31: 10 | U31: 10
A32: 11 | U32: 11
A33: 12 | U33: 12
... A36: 15 | U36: 15

Sheet S7a_Conso_Re
A1: SECÇÃO 7A: REFEIÇÕES CONSUMIDAS FORA DO AGREGADO FAMILIAR DURANTE OS ÚLTIMOS 7 DIAS | L1: SECÇÃO 7A: REFEIÇÕES CONSUMIDAS FORA DO AGREGADO FAMILIAR DURANTE OS ÚLTIMOS 7 DIAS
B3: INQUIRIDOR: Deve começar com os alimentos consumidos (pelo menos dois membros juntos) fora de casa por pelo menos dois membros do agregado familiar na linha 98
A4: CÓDIGO ID: | B4: (7A.00) | C4: (7A.01) | D4: (7A.02) | E4: (7A.03) | F4: (7A.04) | G4: (7A.05) | H4: (7A.06) | I4: (7A.07) | J4: (7A.08) | K4: (7A.09) | L4: CÓDIGO ID: | M4: (7A.10) | N4: (7A.11) | O4: (7A.12) | P4: (7A.13) | Q4: (7A.14) | R4: (7A.15) | S4: (7A.16) | T4: (7A.17) | U4: (7A.18) | V4: (7A.19) | W4: (7A.20) | X4: (7A.21)
B5: Quem é o respondente desta sessão | C5: [NOME] tomou um pequeno-almoço (pão, café, chá, donetes, panquecas, croissant, papa, etc.) comprado fora do agregado familiar ou oferecido nos últimos 7 dias? | D5: Nos últimos 7 dias, que montante [NOME] gastou no pequeno-almoço tomado fora? | E5: Nos últimos 7 dias, em quanto estima o montante em caso de pequeno-almoço oferecido, tomado fora por [NOME]? | F5: [NOME] consumiu um almoço (refeição do meio-dia) comprado fora do agregado familiar ou oferecido nos últimos 7 dias? | G5: Nos últimos 7 dias, que montante [NOME] gastou no almoço consumido fora? | H5: Nos últimos 7 dias, em quanto estima o montante em caso de almoço oferecido, consumido fora por [NOME]? | I5: [NOME] consumiu um jantar (refeição da noite) comprado fora do agregado familiar ou oferecido nos últimos 7 dias? | J5: Nos últimos 7 dias, que montante [NOME] gastou no jantar consumido fora? | K5: Nos últimos 7 dias, em quanto estima o montante em caso de jantar oferecido, consumido fora por [NOME]? | M5: [NOME] consumiu uma merenda, isto é, algo entre as refeições principais (bolacha, grelhado, etc.), comprada fora do agregado familiar ou oferecida nos últimos 7 dias? | N5: Nos últimos 7 dias, que montante [NOME] gastou na merenda consumida fora? | O5: Nos últimos 7 dias, em quanto estima o montante em caso de merenda oferecida, consumida fora por [NOME]? | P5: [NOME] tomou uma bebida quente (café, chá, etc.) comprada fora do agregado familiar ou oferecida nos últimos 7 dias? | Q5: Nos últimos 7 dias, que montante [NOME] gastou nas bebidas quentes tomadas fora? | R5: Nos últimos 7 dias, em quanto estima o montante em caso de bebidas quentes oferecidas, tomadas fora por [NOME]? | S5: [NOME] tomou uma bebida não alcólicas (água em pacote ou em garrafa, sumo em pacote ou em garrafa, refrigerante, leite e iogurte, etc) comprada fora do agregado familiar ou oferecida nos últimos 7 dias? | T5: Nos últimos 7 dias, que montante [NOME] gastou em bebidas sem álcool tomadas fora? | U5: Nos últimos 7 dias, em quanto estima o montante em caso de bebida sem álcool oferecida, tomadas fora por [NOME]? | V5: [NOME] tomou uma bebida alcoólica (cerveja local ou importada, vinho, whisky, etc.) comprada fora do agregado familiar ou oferecida nos últimos 7 dias? | W5: Nos últimos 7 dias, que montante [NOME] gastou em bebidas alcoólicas tomadas fora? | X5: Nos últimos 7 dias, em quanto estima o montante em caso de bebida alcoólica oferecida, tomada fora por [NOME]?
C19: 1 Sim, comprado unicamente | F19: =C19 -> 1 Sim, comprado unicamente | I19: 1 Sim, comprado | M19: =I19 -> 1 Sim, comprado | P19: =M19 -> 1 Sim, comprado | S19: =P19 -> 1 Sim, comprado | V19: =S19 -> 1 Sim, comprado
C20: =CONCATENATE("2 Sim, apenas oferecido ►",E4) -> 2 Sim, apenas oferecido ►(7A.03) | F20: =CONCATENATE("2 Sim, apenas oferecido ►",H4) -> 2 Sim, apenas oferecido ►(7A.06) | I20: =CONCATENATE("2 Sim, apenas oferecido ►",K4) -> 2 Sim, apenas oferecido ►(7A.09) | M20: =CONCATENATE("2 Sim, apenas oferecido ►",O4) -> 2 Sim, apenas oferecido ►(7A.12) | P20: =CONCATENATE("2 Sim, apenas oferecido ►",R4) -> 2 Sim, apenas oferecido ►(7A.15) | S20: =CONCATENATE("2 Sim, apenas oferecido ►",U4) -> 2 Sim, apenas oferecido ►(7A.18) | V20: =CONCATENATE("2 Sim, apenas oferecido ►",X4) -> 2 Sim, apenas oferecido ►(7A.21)
C21: 3 Sim, comprado e oferecido | F21: =C21 -> 3 Sim, comprado e oferecido | I21: 3 Sim, comprado e oferecido | M21: =I21 -> 3 Sim, comprado e oferecido | P21: =M21 -> 3 Sim, comprado e oferecido | S21: =P21 -> 3 Sim, comprado e oferecido | V21: =S21 -> 3 Sim, comprado e oferecido
C22: =CONCATENATE("4 Não ►",F4,) -> 4 Não ►(7A.04) | F22: =CONCATENATE("4 Não ►",I4,) -> 4 Não ►(7A.07) | I22: =CONCATENATE("4 Não ►",M4,) -> 4 Não ►(7A.10) | M22: =CONCATENATE("4 Não ►",P4,) -> 4 Não ►(7A.13) | P22: =CONCATENATE("4 Não ►",S4,) -> 4 Não ►(7A.16) | S22: =CONCATENATE("4 Não ►",V4,) -> 4 Não ►(7A.19) | V22: 4 Não ►Linha seguinte
B24: CÓDIGO ID | C24: CÓDIGO | D24: FRANCOS CFA | E24: FRANCOS CFA | F24: CÓDIGO | G24: FRANCOS CFA | H24: FRANCOS CFA | I24: CÓDIGO | J24: FRANCOS CFA | K24: FRANCOS CFA | M24: CÓDIGO | N24: FRANCOS CFA | O24: FRANCOS CFA | P24: CÓDIGO | Q24: FRANCOS CFA | R24: FRANCOS CFA | S24: CÓDIGO | T24: FRANCOS CFA | U24: FRANCOS CFA | V24: CÓDIGO | W24: FRANCOS CFA | X24: FRANCOS CFA
A25: 98 | L25: 98
A26: 1 | L26: 1
A27: 2 | L27: 2
A28: 3 | L28: 3
A29: 4 | L29: 4
A30: 5 | L30: 5
A31: 6 | L31: 6
A32: 7 | L32: 7
A33: 8 | L33: 8
A34: 9 | L34: 9
A35: 10 | L35: 10
A36: 11 | L36: 11
... A40: 15 | L40: 15

Sheet S7b_Conso_Al
A1: SECÇÃO 7B: CONSUMO ALIMENTAR DURANTE OS ÚLTIMOS 7 DIAS E COMPRAS DURANTE OS ÚLTIMOS 30 DIAS
B2: (7B.00) Escrever o codigo ID do respondente principal:
C4: Consumo nos últimos 7 dias | H4: Última compra dos últimos 30 dias
A5: (7B.01) | C5: (7B.02) | D5: (7B.03) | F5: (7B.04) | G5: (7B.05) | H5: (7B.06) | I5: (7B.07) | K5: (7B.08)
A6: Código do produto | B6: LER O NOME DE CADA PRODUTO ESCREVER A RESPOSTA REFERENTE A CADA PRODUTO EM 7B.02 ANTES DE FAZER AS PERGUNTAS DE 7B.03 A 7B.08 | C6: O seu agregado familiar consumiu [PRODUTO] nos últimos 7 dias? | D6: Qual foi a quantidade total do [PRODUTO] consumida pelo agregado familiar nos últimos 7 dias? | F6: Entre esta quantidade consumida, qual dessa provém da produção própria do agregado familiar (agricultura, pecuaria, pesca, acuacultura, caça, colheita)? | G6: Entre esta quantidade consumida, quanto provém de outras fontes (oferta, apanhado do proprio comércio do, troca, etc.)? | H6: Quando foi a última vez que o [PRODUTO] foi comprado no agregado familiar? 1=Ontem 2=últimos 7 dias 3=últimos 30 dias 4=Há mais de 30 dias ►Linha seguinte 5=Nunca ►Linha seguinte | I6: Que quantidade do [PRODUTO] foi comprada da última vez? | K6: Qual é o valor do [PRODUTO] comprado da última vez?
C13: 1=Sim
C14: =CONCATENATE("2=Não ►Linha seguinte",) -> 2=Não ►Linha seguinte
B17: Descritivo dos produtos | C17: CÓDIGO | D17: QUANTIDADE | E17: UNIDADE | F17: QUANTIDADE | G17: QUANTIDADE | H17: CÓDIGO | I17: QUANTIDADE | J17: UNIDADE | K17: MONTANTE (FRANCOS CFA)
B18: CEREAIS E PÃES
A19: 1 | B19: Arroz local de bolanha
A20: =A19+1 -> 2 | B20: Arroz local de Npampam
A21: =A20+1 -> 3 | B21: Arroz importado perfumado
A22: =A21+1 -> 4 | B22: Arroz importado simples
A23: 166 | B23: Arroz importado simples (Gros)
A24: =A22+1 -> 5 | B24: Milho bacil em espiga
A25: =A24+1 -> 6 | B25: Milho bacil em grão
A26: =A25+1 -> 7 | B26: Milho preto/Painço
A27: =A26+1 -> 8 | B27: Milho cavalo/Sorgo
A28: =A27+1 -> 9 | B28: Trigo
A29: =A28+1 -> 10 | B29: Fundo
A30: =A29+1 -> 11 | B30: Outros cereais
A31: =A30+1 -> 12 | B31: Farinha de milho
A32: =A31+1 -> 13 | B32: Fubá
A33: =A32+1 -> 14 | B33: Farinha de milho preto
A34: =A33+1 -> 15 | B34: Sêmola de milho preto
A35: =A34+1 -> 16 | B35: Farinha de trigo local ou importada
A36: =A35+1 -> 17 | B36: Sêmola de trigo
... A40: =A39+1 -> 21 | B40: Pão moderno
A41: 167 | B41: Pão moderno redondo/curto
A42: =A40+1 -> 22 | B42: Pão tradicional
A43: 168 | B43: Pão tradicional 2
A44: 169 | B44: Cereais de pequeno almoço
A45: =A42+1 -> 23 | B45: Croissants
A46: =A45+1 -> 24 | B46: Bolachas
A47: =A46+1 -> 25 | B47: Bolos
A48: =A47+1 -> 26 | B48: Donetes, Panquetes
B49: CARNE
A50: =A48+1 -> 27 | B50: Carne bovina
A51: =A50+1 -> 28 | B51: Carne de camelo
A52: =A51+1 -> 29 | B52: Carne de carneiro
A53: =A52+1 -> 30 | B53: Carne de cabra
A54: =A53+1 -> 31 | B54: Miudezas e tripas (fígado, rim, etc.)
A55: 170 | B55: Miudezas e tripas de galinha (moela)
A56: =A54+1 -> 32 | B56: Carne de porco
A57: =A56+1 -> 33 | B57: Galinha vivo
A58: 171 | B58: Outras aves vivos (Pato, galinha de mato..)
A59: =A57+1 -> 34 | B59: Carne de galinha / frango
A60: =A59+1 -> 35 | B60: Carne de outras aves domésticas
A61: =A60+1 -> 36 | B61: Charcutaria (presunto, salsichas), carnes enlatadas
A62: =A61+1 -> 37 | B62: Carne seca/fumado (vaca, ovelha, porco)
A63: =A62+1 -> 38 | B63: Caça
A64: =A63+1 -> 39 | B64: Outras carnes, n.e.s.
B65: PEIXE E FRUTOS DO MAR
A66: =A64+1 -> 40 | B66: Tainha fresco
A67: =A66+1 -> 41 | B67: Djafal fresco
A68: =A67+1 -> 42 | B68: Carapau fresco
A69: =A68+1 -> 43 | B69: Bentana fresco
A70: =A69+1 -> 44 | B70: Bagre fumado
A71: =A70+1 -> 45 | B71: Bentaninha fumado
A72: 172 | B72: Djafal fumado
A73: =A71+1 -> 46 | B73: Peixe seco
A74: =A73+1 -> 47 | B74: Caranguejos
A75: =A74+1 -> 48 | B75: Camarões frescos
A76: =A75+1 -> 49 | B76: Camarões secos
A77: 173 | B77: Caramujos (caracol)
A78: =A76+1 -> 50 | B78: Outros frutos do mar
A79: =A78+1 -> 51 | B79: Peixe enlatado (sardinhas, atum,…)
B80: LEITE, QUEIJO E OVOS
A81: =A79+1 -> 52 | B81: Leite fresco Importado
A82: 174 | B82: Leite fresco
A83: =A81+1 -> 53 | B83: Leite coalhado, iogurte
A84: =A83+1 -> 54 | B84: Leite condensado
A85: =A84+1 -> 55 | B85: Leite condensado sem açúcar
A86: =A85+1 -> 56 | B86: Leite em pó
A87: =A86+1 -> 57 | B87: Queijo
A88: =A87+1 -> 58 | B88: Leite e farinha para bebês
A89: =A88+1 -> 59 | B89: Outros produtos lácteos
A90: =A89+1 -> 60 | B90: Ovos
B91: ÓLEOS E GORDURAS
A92: =A90+1 -> 61 | B92: Manteiga
A93: =A92+1 -> 62 | B93: Manteiga de karité
A94: =A93+1 -> 63 | B94: Óleo de palma vermelho (Citi)
A95: =A94+1 -> 64 | B95: Óleo de mancarra refinado
A96: =A95+1 -> 65 | B96: Óleo de mancarra "Segal"
A97: =A96+1 -> 66 | B97: Óleo de Soja
A98: =A97+1 -> 67 | B98: Óleo de semente de algodão
A99: =A98+1 -> 68 | B99: Óleo de palma refinado
A100: 175 | B100: Óleo de karité
A101: =A99+1 -> 69 | B101: Chabéu
A102: =A101+1 -> 70 | B102: Outros óleos, n.e.s. (milho, soja, óleo de palmiste, etc.)
B103: FRUTAS
A104: =A102+1 -> 71 | B104: Manga
A105: =A104+1 -> 72 | B105: Ananás
A106: =A105+1 -> 73 | B106: Laranja
A107: =A106+1 -> 74 | B107: Limão
A108: =A107+1 -> 75 | B108: Outros cítricos (mandarina, toranja, etc)
A109: =A108+1 -> 76 | B109: Banana doce
A110: =A109+1 -> 77 | B110: Abacate
A111: =A110+1 -> 78 | B111: Melancia
A112: =A111+1 -> 79 | B112: Melão
...

Sheet S8A_SecAlimentaire_FIES
A1: SECÇÃO 8: SEGURANÇA ALIMENTAR
A2: PARTE A: Escala de experiência de insegurança alimentar
B4: (8A.00) Escreva o código ID do respondente principal da secção:
A6: 8A.01 | B6: Nos últimos 12 meses, você ou outros membros do agregado familiar sentiram apreensão por não disporem de alimentos suficientes por falta de recursos? | K6: 8A.06 | L6: Nos últimos 12 meses, o seu agregado familiar deixou de dispor de alimentos por não haver dinheiro suficiente ou outros recursos?
B8: 1 | C8: Sim | L8: 1 | M8: Sim
B9: 2 | C9: Não | L9: 2 | M9: Não
B10: 98 | C10: Não sabe | L10: 98 | M10: Não sabe
B11: 99 | C11: Recusa | L11: 99 | M11: Recusa
K12: 8A.07 | L12: Nos últimos 12 meses, você ou outros membros do seu agregado familiar tiveram fome, mas não comeram por não haver dinheiro ou outros recursos para obter comida?
A13: 8A.02 | B13: Nos últimos 12 meses,você ou outros membros do seu agregado familiar não puderam ingerir alimentos saudáveis e nutritivos por falta de dinheiro ou outros recursos?
L14: 1 | M14: Sim
B15: 1 | C15: Sim | L15: 2 | M15: =CONCATENATE("Não ► ",K28,) -> Não ► 8A.08
B16: 2 | C16: Não | L16: 98 | M16: =CONCATENATE("Não sabe ► ",K28,) -> Não sabe ► 8A.08
B17: 98 | C17: Não sabe | L17: 99 | M17: =CONCATENATE("Recusa ► ",K28,) -> Recusa ► 8A.08
B18: 99 | C18: Recusa
K19: 8A.07a | L19: Nos últimos 12 meses, aconteceu com frequência que você ou outros membros do seu agregado familiar tivessem fome, mas não tivessem comido por não haver dinheiro suficiente ou recursos para obter comida? Isso aconteceu uma ou duas vezes, em alguns meses, mas não todos, ou quase todos os meses?
A20: 8A.03 | B20: Nos últimos 12 meses,você ou outros membros do seu agregado familiar ingeriram alimentos pouco diversificados por falta de dinheiro ou outros recursos?
B22: 1 | C22: Sim
B23: 2 | C23: Não | L23: 1 | M23: Só uma ou duas vezes
B24: 98 | C24: Não sabe | L24: 2 | M24: Em alguns meses, mas não todos
B25: 99 | C25: Recusa | L25: 3 | M25: Quase todos os meses
L26: 98 | M26: Não sabe
A27: 8A.04 | B27: Nos últimos 12 meses, você ou outros membros do seu agregado familiar ficaram sem uma refeição por não terem dinheiro ou outros recursos para obter comida? | L27: 99 | M27: Recusa
K28: 8A.08 | L28: Nos últimos 12 meses,você ou outros membros do seu agregado familiar passaram um dia inteiro sem comer por falta de dinheiro ou outros recursos?
B29: 1 | C29: Sim
B30: 2 | C30: Não | L30: 1 | M30: Sim
B31: 98 | C31: Não sabe | L31: 2 | M31: =CONCATENATE("Não ► 8B.00") -> Não ► 8B.00
B32: 99 | C32: Recusa | L32: 98 | M32: =CONCATENATE("Não sabe ► 8B.00") -> Não sabe ► 8B.00
L33: 99 | M33: =CONCATENATE("Recusa ► 8B.00") -> Recusa ► 8B.00
A34: 8A.05 | B34: Nos últimos 12 meses,você ou outros membros do seu agregado familiar comeram menos do que achavam que deviam ter comido por falta de dinheiro ou outros recursos?
K35: 8A.08a | L35: Nos últimos 12 meses, aconteceu com frequência que você ou outros membros do seu agregado familiar tivessem passado um dia inteiro sem comer por falta de dinheiro ou outros recursos? Isso aconteceu uma ou duas vezes, em alguns meses, mas não todos, ou quase todos os meses?
B36: 1 | C36: Sim
B37: 2 | C37: Não
B38: 98 | C38: Não sabe | L38: 1 | M38: Só uma ou duas vezes
B39: 99 | C39: Recusa | L39: 2 | M39: Em alguns meses, mas não todos
L40: 3 | M40: Quase todos os meses
L41: 98 | M41: Não sabe
L42: 99 | M42: Recusa

Sheet S8B_SecAlimentaire
A1: SECÇÃO 8: SEGURANÇA ALIMENTAR
A2: PARTE B: COMPLEMENTO DO CONSUMO ALIMENTAR DURANTE OS ÚLTIMOS 7 DIAS
B4: (8B.00) Escreva o código ID do respondente principal da secção:
A7: 8B.01 CÓDIGO | H7: 8B.02 | J7: 8B.03
H8: Nos últimos 7 dias, durante quantos dias o seu agregado familiar consumiu os seguintes produtos? | J8: Nos últimos 7 dias, alguma pessoa não pertencente ao agregado familiar beneficiou pelo menos de uma refeição do agregado? (Se NÃO, avançar para a secção seguinte)
H10: Número de dias | K10: 1 SIM | L10: 2 NÃO
A11: 01 | B11: Cereais e produtos cerealíferos (produtos 1 à 22) (milho/farinha de milho, milho cavalo, fundo, milho bacil, panquecas, arroz, pão, massas alimentícias, etc.)
A12: 02 | B12: Tubérculos e bananas-da-terra (produtos 104 à 110) (batatas, inhames, banana-da-terra, mandioca, taro, etc.) | J12: 8B.04 | L12: 8B.05 | M12: 8B.06
A13: 03 | B13: Leguminosas e grão (produtos 92 a 103) (feijão seco, mancarra e pasta de mancarra, etc.) | L13: Durante quantos dias foi partilhada uma refeição com pessoas não pertencentes ao agregado familiar? | M13: Quantas refeições foram partilhadas com pessoas não pertencentes ao agregado familiar?
A14: 04 | B14: Legumes (produtos 72 a 91) (alface, tomate, candja, beringela, pimento, feijão verde, pepino, etc.)
A15: 05 | B15: Peixe, marisco e carne (produtos 23 a 43) (carne de vaca, carne de carneiro, frango, peixe fresco e seco, etc.)
A16: 06 | B16: Fruta (produtos 60 a 71) (manga, laranja, limão, melancia, melão, ananás, tâmaras, etc.) | L16: Número de dias | M16: Número de refeições
A17: 07 | B17: Leite e produtos lácteos, ovos (produtos 44 a 52) (leite fresco, leite em pó, iogurte, queijo, ovos, etc.) | J17: 01 | K17: Crianças de 0 a 5 anos
A18: 08 | B18: Óleos e gorduras (produtos 53 a 59) (manteiga, óleo de palma, óleo de amendoim, etc.) | J18: 02 | K18: Crianças de 6 a 15 anos
A19: 09 | B19: Açúcar (produtos 114 a 117 (açúcar em pó e em cubos, bombons, mel) | J19: 03 | K19: Adultos de 16 a 65 anos
A20: 10 | B20: Especiarias e condimentos (produtos 118 a 126) (malagueta, sal, caldo de galinha/vaca, alho, gengibre, etc.) | J20: 04 | K20: Adultos com mais de 65 anos

Sheet S9a__Conso_NA
A1: SECÇÃO 9: DESPESAS RETROSPETIVAS ALIMENTARES E NÃO ALIMENTARES DO AGREGADO FAMILIAR
A2: PARTE A: DESPESAS COM FESTAS E CERIMÓNIAS DURANTE OS ÚLTIMOS 12 MESES
A3: (9A.00) | B3: Escreva o código ID do respondente principal da secção:
A5: (9A.01) | C5: (9A.02) | D5: (9A.03) | E5: (9A.04) | F5: (9A.05) | G5: (9A.06) | H5: (9A.07)
A6: Código do evento | B6: Nos últimos 12 meses, efetuou despesas com festas (despesas não referidas anteriormente)? | D6: Qual foi o montante total desta despesa em alimentação? | E6: Qual foi o montante total desta despesa em bebidas? | F6: Qual é a quantidade total dessa despesa em roupas, sapatos, cabeleireiro (incluindo mechas) e jóias | G6: Qual foi o montante total desta despesa na locação de salas, cadeiras e outras locações? | H6: Qual foi o montante total das outras despesas não alimentares?
B9: 1=Sim
B10: 2 Não►Linha seguinte
B11: COMECE POR PERGUNTAR SOBRE TODOS OS EVENTOS E INSIRA 1 PARA SIM OU 2 PARA NÃO NA COLUNA CORRESPONDENTE | D11: MONTANTE EM FRANCOS CFA | E11: MONTANTE EM FRANCOS CFA | F11: MONTANTE EM FRANCOS CFA | G11: MONTANTE EM FRANCOS CFA | H11: MONTANTE EM FRANCOS CFA
A15: 01 | B15: Fim do Ramadão 2021 ou 2022
A16: 02 | B16: Festa de Tabasky 2021
A17: 03 | B17: Outras festas religiosas muçulmanas
A18: 04 | B18: Natal 2021
A19: 05 | B19: Páscoa 2021
A20: 06 | B20: Outras festas religiosas cristãs
A21: 07 | B21: Festa de outras religiões/tradições
A22: 08 | B22: Ano Novo 2022
A23: 09 | B23: Casamento
A24: 10 | B24: Batismos
A25: 11 | B25: Primeira comunhão/comunhão solene
A26: 12 | B26: Funerais/luto
A27: 13 | B27: Outro evento ou festas (toca choro, missas, esmola,...)

Sheet S9b__Conso_NA
A1: SECÇÃO 9: DESPESAS RETROSPETIVAS NÃO ALIMENTARES DO AGREGADO FAMILIAR
A2: PARTE B: DESPESAS NÃO ALIMENTARES DURANTE OS ÚLTIMOS 7 DIAS
A6: (9B.01) | C6: (9B.02) | D6: (9B.03)
A7: Código do produto/serviço | B7: TÍTULO DO PRODUTO/SERVIÇO | C7: O seu agregado familiar adquiriu ou colheu [PRODUTO/SERVIÇO] nos últimos 7 dias? | D7: Qual foi o montante despendido nos últimos 7 dias?
C10: 1. Sim | D10: Montante em francos CFA
C11: 2 Não ► Produto/serviço seguinte
C12: CÓDIGO
A13: 201 | B13: Cigarros/tabaco
A14: =A13+1 -> 202 | B14: Petróleo para lanterna
A15: =A14+1 -> 203 | B15: Carvão vegetal/carvão mineral
A16: =A15+1 -> 204 | B16: Lenha comprada
A17: =A16+1 -> 205 | B17: Lenha apanhada (estimar o valor)
A18: =A17+1 -> 206 | B18: Velas
A19: =A18+1 -> 207 | B19: Fósforos/esqueiro
A20: =A19+1 -> 208 | B20: Combustível para veículo
A21: =A20+1 -> 209 | B21: Combustível para motociclo
A22: =A21+1 -> 210 | B22: Transporte urbano em táxi
A23: =A22+1 -> 211 | B23: Transporte urbano em autocarro/toca-toca
A24: =A23+1 -> 212 | B24: Transporte urbano/rural em moto-táxi
A25: =A24+1 -> 213 | B25: Transporte urbano em comboio
... A29: =A28+1 -> 217 | B29: Despesas com moagem de cereais

Sheet S9c__Conso_NA
A1: SECÇÃO 9: DESPESAS RETROSPETIVAS NÃO ALIMENTARES DO AGREGADO FAMILIAR
A2: PARTE C: DESPESAS NÃO ALIMENTARES DURANTE OS ÚLTIMOS 30 DIAS
A4: (9C.01) | C4: (9C.02) | D4: (9C.03)
A5: Código do produto/serviço | B5: TÍTULO DO PRODUTO/SERVIÇO | C5: O seu agregado familiar adquiriu [PRODUTO/SERVIÇO] nos últimos 30 dias? | D5: Qual foi o montante despendido nos últimos 30 dias?
C8: 1. Sim | D8: Montante em francos CFA
C9: 2 Não ► Produto/serviço seguinte
C11: CÓDIGO
A12: 301 | B12: Whisky e outras bebidas espirituosas
A13: =A12+1 -> 302 | B13: Vinhos modernos
A14: =A13+1 -> 303 | B14: Gás doméstico
A15: =A14+1 -> 304 | B15: Combustível para grupo gerador de uso doméstico
A16: =A15+1 -> 305 | B16: Pilhas
A17: =A16+1 -> 306 | B17: Sabão doméstico, lixívia em pó, detergentes (lixívia líquida, etc.)
A18: =A17+1 -> 307 | B18: Inseticida, rodilha antimosquito
A19: =A18+1 -> 308 | B19: Salário do pessoal doméstico (guarda, servente, motorista, cozinheiro, etc.)
A20: =A19+1 -> 309 | B20: Despesas com branqueamento de roupa, roupa de casa, etc. (passagem a ferro)
A21: =A20+1 -> 310 | B21: Despesas com a recolha do lixo doméstico
A22: =A21+1 -> 311 | B22: Lavagem de veículos
A23: =A22+1 -> 312 | B23: Despesas de estacionamento
A24: =A23+1 -> 313 | B24: Despesas com comunicações telefónicas em cabina/Telecentros
... A35: =A34+1 -> 324 | B35: Outros produtos de toilette (lâmina de barbear, algodão, creme/espuma, etc.)

Sheet def

Sheet folha2

Sheet Folha3

Sheet Folha4

Sheet Folha5

Sheet Folha6

Sheet Folha7

Sheet Folha8

Sheet Folha9

Sheet Folha10

Sheet Folha11

Sheet Folha12

Sheet S9d___Conso_NA
A1: SECÇÃO 9: DESPESAS RETROSPETIVAS NÃO ALIMENTARES DO AGREGADO FAMILIAR
A2: PARTE D: DESPESAS NÃO ALIMENTARES DURANTE OS ÚLTIMOS 3 MESES
A4: (9D.01) | C4: (9D.02) | D4: (9D.03)
A5: Código do produto/serviço | B5: TÍTULO DO PRODUTO/SERVIÇO | C5: O seu agregado familiar adquiriu [PRODUTO/SERVIÇO] nos últimos 3 meses? | D5: Qual foi o montante despendido nos últimos 3 meses?
C8: 1. Sim | D8: Montante em francos CFA
C9: 2 Não ► Produto/serviço seguinte
C11: CÓDIGO
A12: 401 | B12: Despesas com conservação e reparação de calçado: graxa, colocação de solas, etc.
A13: =A12+1 -> 402 | B13: Lâmpadas elétricas para o lar
A14: =A13+1 -> 403 | B14: Lubrificantes (óleo de motor, óleo de travões, liquido para bateria (ácido), graxas, outros lubrificantes n.e.)
A15: =A14+1 -> 404 | B15: Serviços de reparação e manutenção (drenagem, lubrificação, etc.) de meios de transporte pessoais (viaturas, motociclos, bicicletas, etc.)
A16: =A15+1 -> 405 | B16: Transporte entre localidades por automóvel (toca-toca, sete place, autocarro, etc)
A17: =A16+1 -> 406 | B17: Transporte entre localidades por tração animal
A18: =A17+1 -> 407 | B18: Transporte entre localidades por curso de água (barco, piroga, bote)
A19: =A18+1 -> 408 | B19: Despesas com selos postais, envio de remessas, etc.
A20: =A19+1 -> 409 | B20: Despesas com envio de faxes
A21: =A20+1 -> 410 | B21: Produtos de jardinagem (plantas e flores ornamentais), sem ser para agricultura
A22: =A21+1 -> 411 | B22: Alimentos, despesas de manutenção, despesas com veterinário de animais de estimação (cães, gatos, etc.)
A23: =A22+1 -> 412 | B23: Admissão (compra de bilhetes) em eventos desportivos
A24: =A23+1 -> 413 | B24: Admissão (compra de bilhetes) para cinema, concertos, peças de teatro, museus, exposições, etc.
... A32: =A31+1 -> 421 | B32: Bilhetes de travessias e portagens

Sheet S9e__Conso_NA
A1: SECÇÃO 9: DESPESAS RETROSPETIVAS NÃO ALIMENTARES DO AGREGADO FAMILIAR
A2: PARTE E: DESPESAS NÃO ALIMENTARES DURANTE OS ÚLTIMOS 6 MESES
A4: (9E.01) | C4: (9E.02) | D4: (9E.03)
A5: Código do produto/serviço | B5: TÍTULO DO PRODUTO/SERVIÇO (NÃO INCLUIR PANOS, VESTUÁRIO, CALÇADO E JOIAS COMPRADOS POR OCASIÃO DE FESTAS E CERIMÓNIAS, COMO A FESTA DO SACRIFÍCIO, O FIM DO RAMADÃO, O NATAL, A PÁSCOA, O ANO NOVO, CASAMENTOS, FUNERAIS, BATISMOS, ETC., QUE TENHAM SIDO INSCRITOS NAS SECÇÕES ANTERIORES) | C5: O seu agregado familiar adquiriu [PRODUTO/SERVIÇO] nos últimos 6 meses? | D5: Qual foi o montante despendido nos últimos 6 meses?
C6: 1. Sim | D6: Montante em francos CFA
C7: 2 Não ► Produto/serviço seguinte
C9: CÓDIGO
A10: 501 | B10: Tecidos para vestuário: tecidos de pano, panos tecidos, tecidos sintéticos, etc.
A11: =A10+1 -> 502 | B11: Vestuário de senhora (15 anos ou mais): vestido, saia, calças, saia-casaco, etc.
A12: =A11+1 -> 503 | B12: Roupa interior de senhora (15 anos ou mais): combinação, saiote, T-shirt, soutien, collants, etc.
A13: =A12+1 -> 504 | B13: Vestuário de criança (0-14 anos): enxoval para bebé, chambre, calça de rapaz, vestido de menina, cuecas de criança, blusas, etc. (não incluir uniformes escolares)
A14: =A13+1 -> 505 | B14: Vestuário de homem (15 anos ou mais): camisa, calças, casaco, fato, roupa de trabalho, etc.
A15: =A14+1 -> 506 | B15: Roupa interior de homem (15 anos ou mais): cuecas, peúgas, T-shirt e camisola interior, etc.
A16: =A15+1 -> 507 | B16: Despesas com a confeção e conserto de vestuário de homem: fato, calças, camisa, conserto, aluguer de vestuário, etc.
A17: =A16+1 -> 508 | B17: Despesas com a confeção e conserto de vestuário de senhora: vestido, calças, saia, saia-casaco, conserto, aluguer, etc.
A18: =A17+1 -> 509 | B18: Despesas com conservação e conserto de vestuário de criança
A19: =A18+1 -> 510 | B19: Calçado de homem
A20: =A19+1 -> 511 | B20: Calçado de senhora
A21: =A20+1 -> 512 | B21: Calçado de criança

Sheet S9f__Conso_NA
A1: SECÇÃO 9: DESPESAS RETROSPETIVAS NÃO ALIMENTARES DO AGREGADO FAMILIAR
A2: PARTE F: DESPESAS NÃO ALIMENTARES DURANTE OS ÚLTIMOS 12 MESES
A4: (9F.01) | C4: (9F.02) | D4: (9F.03)
A5: Código do produto/serviço | B5: TÍTULO DO PRODUTO/SERVIÇO (NÃO INCLUIR JOIAS COMPRADOS POR OCASIÃO DE FESTAS E CERIMÓNIAS, COMO A FESTA DO SACRIFÍCIO, O FIM DO RAMADÃO, O NATAL, A PÁSCOA, O ANO NOVO, CASAMENTOS, FUNERAIS, BATISMOS, ETC., QUE TENHAM SIDO INSCRITOS NAS SECÇÕES ANTERIORES) | C5: O seu agregado familiar adquiriu [PRODUTO/SERVIÇO] nos últimos 12 meses? | D5: Qual foi o montante despendido nos últimos 12 meses?
C6: 1. Sim | D6: Montante em francos CFA
C7: 2 Não ► Produto/serviço seguinte
C9: CÓDIGO
A10: 601 | B10: Material para conservação e pequenas reparações da habitação (substituição de uma chapa, vidro, lâmpada, etc.)
A11: =A10+1 -> 602 | B11: Mão de obra e serviços de manutenção e reparação corrente da habitação (drenagem da fossa sética, mão de obra para a manutenção da habitação, etc.)
A12: =A11+1 -> 603 | B12: Materiais de alvenaria para construção ou grandes reparações na habitação: cimento, tijolos, aço de construção, areia, cascalho, blocos de betão, etc.
A13: =A12+1 -> 604 | B13: Outros materiais de construção ou grandes reparações na habitação: chapas, madeira para estruturas, tábuas, ripas, contraplacados, materiais elétricos, materiais de canalização, materiais de pintura, ladrilhos, tapetes e revestimentos de pavimento, etc.
A14: =A13+1 -> 605 | B14: Mão de obra para construção e grandes reparações na habitação (alvenaria, coberturas e estrutura, eletricidade, pichelaria, carpintaria, pintura e revestimentos de pavimento), etc.
A15: =A14+1 -> 606 | B15: Custos para cavar e arranjar um poço ou para construir um furo
A16: =A15+1 -> 607 | B16: Despesas com aquisição de terreno ou habitação
A17: =A16+1 -> 608 | B17: Despesas com estudos e projetos de arquitetura
A18: =A17+1 -> 609 | B18: Despesas de subscrição na rede de distribuição de água
A19: =A18+1 -> 610 | B19: Despesas de subscrição na rede de distribuição elétrica
A20: =A19+1 -> 611 | B20: Despesas de ligação à rede de distribuição de água
A21: =A20+1 -> 612 | B21: Despesas de ligação à rede de distribuição elétrica
A22: =A21+1 -> 613 | B22: Móveis de sala de estar e sala de jantar (poltronas, mesa, cadeiras, armários, etc.)
... A66: =A65+1 -> 657 | B66: Outros serviços: anúncios na rádio, em jornais/televisão, agências funerárias, etc.

Sheet Folha13

Sheet Folha14

Sheet Folha15

Sheet Folha16

Sheet S10_Entreprises1 
A2: SECÇÃO 10: EMPRESAS NÃO-AGRÍCOLAS
A4: PARTE A: EXISTÊNCIA DE EMPRESAS NÃO-AGRÍCOLAS
A6: 10.01 | B6: Escrever o código ID (número de ordem) do respondente
B9: Nos últimos 12 meses, algum membro do seu agregado familiar exerceu a atividade seguinte?
A11: =A6+0.01 -> 10.02 | B11: Confecionou donetes; grelhou carne de vaca, carneiro ou galinha; produziu sumos de fruta (cabaceira, faroba, limão, ondjo, veludo); fabricou aguardente tradicional (nsumsum), vinho de palmo, cajú; fez pão ou bolos para revenda por conta proprio? | L11: 1 = Sim | M11: 2 = Não
A14: =A11+0.01 -> 10.03 | B14: Possuiu, em casa ou noutro lugar, uma pequena empresa de confeção de vestuário (alfaiate), de fabrico de sandálias ou outros calçados? | L14: 1 = Sim | M14: 2 = Não
A17: =A14+0.01 -> 10.04 | B17: Possuiu, em casa ou noutro lugar, uma empresa no domínio da construção de habitações (alvenaria, blocos, eletricidade, canalização) ou da carpintaria (fabrico de móveis, camas, portas, janelas) em madeira ou metais, como ferro ou alumínio? | L17: 1 = Sim | M17: 2 = Não
A20: =A17+0.01 -> 10.05 | B20: Possuiu, em casa ou noutro lugar, uma empresa comercial (loja, venda de materiais de construção, material informático, cartões telefónicos, cigarros na berma da estrada, venda de produtos agrícolas e de pecuária frescos, etc.)? | L20: 1 = Sim | M20: 2 = Não
A23: =A20+0.01 -> 10.06 | B23: Exerceu uma profissão liberal por conta própria (médico, terapeuta tradicional, advogado, arquiteto com gabinete próprio ou associado, farmacêutico com farmácia própria, tradutor ou intérprete independente, engenheiro com gabinete de projetos próprio, etc.)? | L23: 1 = Sim | M23: 2 = Não
A26: =A23+0.01 -> 10.07 | B26: Possuiu uma empresa prestadora de outros serviços; táxi, moto-táxi, outros serviços de transporte, reparação e manutenção (viaturas, motociclos, rádios, computadores, TV, frigoríficos, aparelhos de ar condicionado, etc.), lavagem de automóveis; engraxador de sapatos, agente/vendedor imobiliário, cabine telefónica, processamento de texto, fotocópias, etc.? | L26: 1 = Sim | M26: 2 = Não
A29: =A26+0.01 -> 10.08 | B29: Possuiu um restaurante, bar, baracas; vendeu bebidas, possuiu um hotel, um albergue/residência alugada? | L29: 1 = Sim | M29: 2 = Não
A32: =A29+0.01 -> 10.09 | B32: Possuiu uma empresa de aluguer de cadeiras, mesas, toldos, equipamento de som? | L32: 1 = Sim | M32: 2 = Não
A35: =A32+0.01 -> 10.1 | B35: Possuiu qualquer outra empresa não-agrícola, mesmo que se trate de uma pequena atividade exercida no domicílio ou na rua (por exemplo, fabrico e venda de objetos de artesanato, tapetes, joias, entrançamento de esteiras, entrançamento de cabelo, salão de cabeleireiro, etc)? | L35: 1 = Sim | M35: 2 = Não
A38: =A35+0.01 -> 10.11 | B38: =CONCATENATE("A resposta a uma das perguntas (",A11,")"," a ","(",TEXT(A35,"0,00"),") é positiva?") -> A resposta a uma das perguntas (10,02) a (10,10) é positiva? | L38: 1 = Sim | M38: 2 = Não | N38: ► Secção 11

Sheet S10_Entreprises2
A1: SECÇÃO 10: EMPRESAS NÃO-AGRÍCOLAS | P1: SECÇÃO 10: EMPRESAS NÃO-AGRÍCOLAS | AD1: SECÇÃO 10: EMPRESAS NÃO-AGRÍCOLAS | AO1: SECÇÃO 10: EMPRESAS | AS1: Falta de clientes por outros motivos | BN1: SECÇÃO 10: EMPRESAS NÃO-AGRÍCOLAS | CA1: SECÇÃO 10: EMPRESAS NÃO-AGRÍCOLAS | CS1: SECÇÃO 10: EMPRESAS NÃO-AGRÍCOLAS
A2: PARTE B: CARACTERÍSTICAS DAS EMPRESAS NÃO-AGRÍCOLAS | P2: PARTE B: CARACTERÍSTICAS DAS EMPRESAS NÃO-AGRÍCOLAS | AD2: PARTE B: CARACTERÍSTICAS DAS EMPRESAS NÃO-AGRÍCOLAS | AO2: PARTE B: CARACTERÍSTICAS DAS EMPRESAS NÃO-AGRÍCOLAS | BN2: PARTE B: CARACTERÍSTICAS DAS EMPRESAS NÃO-AGRÍCOLAS | CA2: PARTE B: CARACTERÍSTICAS DAS EMPRESAS NÃO-AGRÍCOLAS | CS2: PARTE B: CARACTERÍSTICAS DAS EMPRESAS NÃO-AGRÍCOLAS
B3: (10.12) Quantas empresas possui o agregado familiar:
A5: NÚMERO DE ORDEM DA EMPRESA (N.E.) | B5: =10.13 -> 10.13 | C5: =B5+0.01 -> 10.14 | D5: =C5+0.01 -> 10.15 | F5: =D5+0.01 -> 10.16 | H5: =F5+0.01 -> 10.17 | I5: =H5+0.01 -> 10.18 | K5: =I5+0.01 -> 10.19 | M5: =K5+0.01 -> 10.2 | N5: =M5+0.01 -> 10.21 | O5: =N5+0.01 -> 10.22 | P5: NÚMERO DE ORDEM DA EMPRESA (N.E.) | Q5: =O5+0.01 -> 10.23 | S5: =Q5+0.01 -> 10.24 | T5: =S5+0.01 -> 10.25 | U5: =T5+0.01 -> 10.26 | V5: =U5+0.01 -> 10.27 | W5: =V5+0.01 -> 10.28 | X5: =W5+0.01 -> 10.29 | Y5: =X5+0.01 -> 10.3 | Z5: =Y5+0.01 -> 10.31 | AA5: =Z5+0.01 -> 10.32 | ... AC5: =AB5+0.01 -> 10.34 | AD5: NÚMERO DE ORDEM DA EMPRESA (N.E.) | AE5: =AC5+0.01 -> 10.35 | AF5: =AE5+0.01 -> 10.36 | AG5: =AF5+0.01 -> 10.37 | AH5: =AG5+0.01 -> 10.38 | AI5: =AH5+0.01 -> 10.39 | AJ5: =AI5+0.01 -> 10.4 | AK5: =AJ5+0.01 -> 10.41 | AL5: =AK5+0.01 -> 10.42 | AM5: =AL5+0.01 -> 10.43 | AN5: =AM5+0.01 -> 10.44 | AO5: NÚMERO DE ORDEM DA EMPRESA (N.E.) | AP5: =AN5+0.01 -> 10.45 | BJ5: =AP5+0.01 -> 10.46 | BK5: =BJ5+0.01 -> 10.47 | BL5: =BK5+0.01 -> 10.48 | BM5: =BL5+0.01 -> 10.49 | BN5: NÚMERO DE ORDEM DA EMPRESA (N.E.) | BO5: =BM5+0.01 -> 10.5 | BP5: =BO5+0.01 -> 10.51 | BQ5: =BP5+0.01 -> 10.52 | BR5: =BQ5+0.01 -> 10.53 | BS5: =BR5+0.01 -> 10.54 | BT5: =BS5+0.01 -> 10.55 | BU5: =BT5+0.01 -> 10.56 | BV5: =BU5+0.01 -> 10.57 | BW5: =CONCATENATE(BV5, "a") -> 10,57a | BX5: =CONCATENATE(BV5, "b") -> 10,57b | BY5: =BV5+0.01 -> 10.58 | BZ5: =BY5+0.01 -> 10.59 | CA5: NÚMERO DE ORDEM DA EMPRESA (N.E.) | CB5: =BZ5+0.01 -> 10.6 | CC5: =CB5+0.01 -> 10.61 | CS5: NÚMERO DE ORDEM DA EMPRESA (N.E.) | CT5: =CC5+0.01 -> 10.62 | DJ5: =CONCATENATE(CT5, "a") -> 10,62a | DK5: =CONCATENATE(CT5, "b") -> 10,62b
B6: INQUIRIDOR: O RESPONDENTE DE CADA EMPRESA É AINDA MELHOR SE FOR O PROPRIETÁRIO OU UM DOS GERENTES DA EMPRESA Quem é o principal respondente desta empresa? | C6: Qual é o nome do proprietário principal ou o nome da empresa, se aplicável? | D6: Qual é o codigo ID do(s) proprietário(s) desta empresa? (Indicar no máximo 2 pessoas) | F6: Favor indicar o principal bem e/ou serviço produzido/prestado por esta empresa? | H6: Código do ramo (preencher depois da entrevista) | I6: Qual é o codigo ID da(s) pessoa(s) que gere(m) esta empresa? (Indicar no máximo 2 pessoas) Se gerente nao é membro do AF, escrever 98 | K6: Qual é o codigo ID da(s) pessoa(s) que gere(m) as receitas desta empresa? (Indicar no máximo 2 pessoas) Se a pessoa que gere as receitas nao é é membro do AF, escrever 98 | M6: Desde quando funciona a empresa? | N6: Quantas pessoas não pertencentes ao agregado familiar são coproprietárias desta empresa? | O6: Que parte dos lucros reverte para o agregado familiar? | Q6: Em que tipo de local é exercida a atividade? | S6: O agregado familiar é proprietário ou arrendatário do local? | T6: Qual é o valor atual dos locais profissionais desta empresa? | U6: Esta empresa dispõe de eletricidade? | V6: Esta empresa dispõe de água corrente? | W6: Esta empresa ou o seu gestor dispõe de um telefone? | X6: Esta empresa possui contabilidade escrita? | Y6: Esta empresa dispõe de um número de identificação fiscal (NIF)? | Z6: Esta empresa está registada na Conservatória do Registo Comercial (CRC)? | AA6: As pessoas que trabalham nesta empresa estão registadas no Instituto Nacional de Segurança Social (INSS)? | AB6: Qual é o estatuto jurídico desta empresa? | AC6: Qual foi a principal fonte de financiamento que o ajudou a criar esta empresa? | AE6: Esta empresa possui maquinaria? | AF6: Qual é o valor atual desta maquinaria? | AG6: Esta empresa possui material circulante (viaturas, motociclos, etc.)?? | AH6: Qual é o valor atual deste material circulante? | AI6: Esta empresa possui mobiliário e equipamento de escritório? | AJ6: Qual é o valor atual deste mobiliário e equipamento de escritório? | AK6: Esta empresa possui outros equipamentos (por exemplo, panelas ou louça, no caso de um restaurante, pequenos utensílios de carpintaria, etc.)? | AL6: Qual é o valor atual destes equipamentos? | AM6: A quem compra principalmente esta empresa as suas matérias-primas ou mercadorias? | AN6: A quem vende principalmente esta empresa os seus produtos? | AP6: Nos últimos 12 meses, a empresa deparou com os seguintes problemas no exercício da sua atividade? Escrever 1 para Sim, 2 para Não e 3 para Não abrangido | BJ6: Qual foi o montante obtido com a revenda de mercadorias compradas e revendidas no estado em que se encontram durante os últimos 30 dias ou durante o último mês em que a empresa funcionou? | BK6: Quanto despendeu na compra destas mercadorias revendidas no estado em que se encontram durante os últimos 30 dias ou durante o último mês em que a empresa funcionou? | BL6: Qual foi o montante obtido com a venda de produtos transformados pela empresa durante os últimos 30 dias ou durante o último mês em que a empresa funcionou? | BM6: Quanto despendeu na compra de matérias-primas para os produtos vendidos durante os últimos 30 dias ou durante o último mês em que a empresa funcionou? | BO6: Qual foi o montante obtido com os serviços prestados pela empresa durante os últimos 30 dias ou durante o último mês em que a empresa funcionou? | BP6: Quanto despendeu noutros consumos intermédios (telefone, transporte, materiais, etc.) durante os últimos 30 dias ou durante o último mês em que a empresa funcionou? | BQ6: Quanto despendeu em despesas de arrendamento, água e eletricidade durante os últimos 30 dias ou durante o último mês em que a empresa funcionou? | BR6: Quanto despendeu em despesas de serviços para utilizar ou alugar equipamentos durante os últimos 30 dias ou durante o último mês em que a empresa funcionou? | BS6: Quanto despendeu noutras despesas e serviços durante os últimos 30 dias ou durante o último mês em que a empresa funcionou? (reparação de equipamento, etc.) | BT6: Qual foi o montante de imposto comercial pago pela empresa nos últimos 12 meses? | BU6: Qual foi o montante dos outros impostos e taxas pagos pela empresa nos últimos 12 meses? | BV6: Qual foi o montante das despesas administrativas não regulamentares pagas pela empresa nos últimos 12 meses? | BW6: Qual foi a ajuda mais importante que a empresa recebeu do governo para cumprir seus encargos durante a crise do COVID-19? | BX6: A assistência recebida por esta empresa continuou? | BY6: Esta empresa está atualmente em atividade? | BZ6: Durante quantos meses esteve a empresa em atividade nos últimos 12 meses? | CB6: Por que o negócio não funcionou o tempo todo nos últimos 12 meses? | CC6: Mão de obra familiar que trabalhou nesta empresa nos últimos 12 meses | CT6: Mão de obra assalariada que trabalhou nesta empresa nos últimos 30 dias ou no último mês em que a empresa funcionou | DJ6: A gestão da mão de obra foi afetada pelo COVID-19? 1 Sim 2 Não ► Empresa seguinte | DK6: O que mudou na gestão da mão de obra? 1 Aumentou 2 Diminuiu 3 Não alterou 4 NC
CC7: Prestar informações em baixo sobre cada membro do agregado familiar que tenha trabalhado na empresa,
CC8: começando pelo chefe da empresa | DK8: A | DL8: B | DM8: C | DN8: D
CC9: A. Código ID (número de ordem) da pessoa | CT9: A. Número de pessoas da categoria que trabalharam na empresa durante este período | DK9: Número de membros de agregado que trabalham para a empresa | DL9: Número de pessoas externas que trabalham no agregado | DM9: Tempo de trabalho das pessoas que trabalham para a empresa | DN9: Salário das pessoas que trabalham para a empresa
AC10: 1. Fundos próprios | AP10: Dificuldades de abastecimento em matérias-primas | AQ10: Dificuldades no fornecimento de matéria-prima devido ao COVID-19 | AR10: Falta de clientes devido ao COVID-19 | AS10: Falta de clientes por outros motivos | AT10: Falta de clientela | AU10: Demasiada concorrência | AV10: Dificuldades de acesso ao crédito | AW10: Dificuldades de recrutamento de pessoal qualificado | AX10: Falta de instalações, de local adequado | AY10: Dificuldades de acesso aos equipamentos | AZ10: Dificuldades técnicas de fabrico | BA10: Aumento dos custos operacionais para cumprir as medidas de barreira contra COVID-19 (compra de sabonete, gel, máscara) | BB10: Dificuldades técnicas de gestão | BC10: Problemas de acesso a eletricidade | BD10: Problemas de cortes de eletricidade | BE10: Problemas ligados a outra infraestrutura (água, telefone) | BF10: Problemas de ligação à Internet | BG10: Limitação de horário de funcionamento pelas autoridades devido ao COVID-19 | BH10: Problemas de insegurança | BI10: Excesso de regulamentação, impostos e taxas
O11: 1. Menos de 25% | Q11: 1 Escritório, oficina, armazém, loja, garagem | AC11: 2. Ajuda de um dos parentes no país | CB11: 1. Falência | CC11: B. Número de meses nos últimos 12 meses em que a pessoa trabalhou na empresa | CT11: B. Número de dias em que uma pessoa da categoria trabalhou na empresa durante este período
O12: 2. Entre 25 e 50% | AC12: 3. Ajuda de um dos parentes no estrangeiro | AM12: 1. Setor público | AN12: 1. Setor público | CB12: 2. Atividade sazonal
O13: 3. Entre 50 e 75% | Q13: =CONCATENATE("2 Posto fixo na via pública ► (",W5,")") -> 2 Posto fixo na via pública ► (10,28) | AB13: 1. Empresa em nome individual | AC13: 4. Empréstimo de outro agregado familiar | AM13: 2. Grande entidade comercial privada | AN13: 2. Grande entidade comercial privada | CB13: 3 Falta de clientes | CC13: C. Quantos dias por mês dedica a pessoa à empresa? | CT13: C. Número de horas diárias em que uma pessoa da categoria trabalhou na empresa durante este período
O14: 4. Mais de 75% | S14: 1 Proprietário | AC14: 5. Empréstimo de uma tontina/abota | AM14: 3. Pequena entidade comercial | AN14: 3. Pequena entidade comercial | BW14: 1 Cancelamento de cobranças | CB14: 4. Falta de mão de obra
Q15: =CONCATENATE("3 Posto móvel na via pública ► (",W5,")") -> 3 Posto móvel na via pública ► (10,28) | S15: =CONCATENATE("2 Arrendatário ►(",U5,")") -> 2 Arrendatário ►(10,26) | U15: 1. Sim | V15: 1. Sim | W15: 1. Sim | X15: 1. Sim, transmitida à Direção-Geral de Contribuição e Impostos | AB15: 2. Cooperativas/Agrupamentos Complementares de Empresas | AC15: 6. Empréstimo bancário ou de APMF | AM15: 4. Grande entidade não comercial privada | AN15: 4. Grande entidade não comercial privada | BW15: 2 Redução de cobranças | BX15: 1 Sim | CB15: 5. Falta de matéria-prima / problemas técnicos | CC15: D. Número de horas diárias que a pessoa dedicou à empresa | CT15: D. Salário pago a uma pessoa da categoria que trabalhou na empresa durante este período (em francos FCA)
N16: =CONCATENATE("SE ZERO ►(", TEXT(Q5,"00,23"),")") -> SE ZERO ►(10,23) | U16: 2. Não | V16: 2. Não | W16: 2. Não | Z16: 1. Sim | AC16: 7. Empréstimo/apoio de uma cooperativa | BX16: 2 Não | BY16: 1. Sim | BZ16: =CONCATENATE("Se 12 ►(",ROUND(CC5,2),")") -> Se 12 ►(10,61) | CB16: 6. Problemas de abastecimento devido a COVID-19
Q17: =CONCATENATE("4 No domicílio ►(",W5,")") -> 4 No domicílio ►(10,28) | Y17: 1. Sim | Z17: 2. Não | AC17: 8. Empréstimo/apoio de uma ONG | AM17: 5. Pequena entidade não comercial | AN17: 5. Pequena entidade não comercial | BW17: 3 Diferimento de cobranças | BY17: 2. Não | CB17: 7. Criado durante o ano
Q18: =CONCATENATE("5 Domicílio dos clientes ►(",W5,")") -> 5 Domicílio dos clientes ►(10,28) | X18: 2. Sim, não transmitida à Direção-Geral dos Impostos | Y18: 2. Não | AC18: 9. Outro (especificar) | AE18: 1. Sim | AG18: 1. Sim | AI18: 1. Sim | AK18: 1. Sim | AM18: 6. Agregado familiar/particular | AN18: 6. Agregado familiar/particular | CB18: 8 Fechado por falta de pagamento de impostos
Q19: =CONCATENATE("6 Viatura, motorizada ►(",W5,")") -> 6 Viatura, motorizada ►(10,28) | AE19: =CONCATENATE("2. Não ►(",ROUND(AG5,2),")") -> 2. Não ►(10,37) | AG19: =CONCATENATE("2. Não ►(",ROUND(AI5,2),")") -> 2. Não ►(10,39) | AI19: =CONCATENATE("2. Não ►(",TEXT(ROUND(AK5,2),"0,41"),")") -> 2. Não ►(10,41) | AK19: =CONCATENATE("2. Não ►(",ROUND(AM5,2),")") -> 2. Não ►(10,43) | AM19: 7. Importações diretas | AN19: 7. Exportações diretas | CB19: 9 Fechado temporariamente devido ao COVID-19
Q20: =CONCATENATE("7 Ambulante ► (",W5,")") -> 7 Ambulante ► (10,28) | AA20: 1. Sim | AB20: 3. Outros (especificar) | AM20: 8. Apanha/colheita | BJ20: (ESCREVER ZERO NO CASO DE DESPESA NULA) | BK20: (ESCREVER ZERO NO CASO DE DESPESA NULA) | BL20: (ESCREVER ZERO NO CASO DE DESPESA NULA) | BM20: (ESCREVER ZERO NO CASO DE DESPESA NULA) | BO20: (ESCREVER ZERO NO CASO DE DESPESA NULA) | BP20: (ESCREVER ZERO NO CASO DE DESPESA NULA) | BQ20: (ESCREVER ZERO NO CASO DE DESPESA NULA) | BR20: (ESCREVER ZERO NO CASO DE DESPESA NULA) | BS20: (ESCREVER ZERO NO CASO DE DESPESA NULA) | BT20: (ESCREVER ZERO NO CASO DE DESPESA NULA) | BU20: (ESCREVER ZERO NO CASO DE DESPESA NULA) | BV20: (ESCREVER ZERO NO CASO DE DESPESA NULA) | BW20: 4 Outro tipo de assistência (especificar) | CB20: 10. Problemas de saúde
Q21: =CONCATENATE("8 Mercado ► (",W5,")") -> 8 Mercado ► (10,28) | AA21: 2. Não | CB21: 11. Insegurança, delinquência, banditismo
Q22: =CONCATENATE("9 Outro (especificar) ►(",W5,")") -> 9 Outro (especificar) ►(10,28) | X22: 3. Não, contabilidade inexistente | AA22: 3. NC | AM22: 9. Não abrangido | BW22: =CONCATENATE("5 Nenhuma assistência ►(",TEXT(BY5,"0,00"),")") -> 5 Nenhuma assistência ►(10,58) | CB22: 12. Instabilidade política
CB23: 13. Outros
CT24: Adultos (15 anos ou mais) | DB24: Crianças (menos de 15 anos)
D25: Prop. 1 | E25: Prop. 2 | H25: CÓDIGO DO RAMO | I25: Gerente 1 | J25: Gerente 2 | K25: Diretor 1 | L25: Diretor 2 | M25: ANO | N25: NÚMERO | O25: CÓDIGO | Q25: CÓDIGO | S25: CÓDIGO | T25: FRANCOS CFA | U25: CÓDIGO | V25: CÓDIGO | W25: CÓDIGO | X25: CÓDIGO | Y25: CÓDIGO | Z25: CÓDIGO | AA25: CÓDIGO | AB25: CÓDIGO | AC25: CÓDIGO | AE25: CÓDIGO | AF25: FRANCOS CFA | AG25: CÓDIGO | AH25: FRANCOS CFA | AI25: CÓDIGO | AJ25: FRANCOS CFA | AK25: CÓDIGO | AL25: FRANCOS CFA | AM25: CÓDIGO | AN25: CÓDIGO | AP25: CÓDIGO | AQ25: CÓDIGO | AR25: CÓDIGO | AS25: CÓDIGO | AT25: CÓDIGO | AU25: CÓDIGO | AV25: CÓDIGO | AW25: CÓDIGO | AX25: CÓDIGO | AY25: CÓDIGO | AZ25: CÓDIGO | BA25: CÓDIGO | BB25: CÓDIGO | BC25: CÓDIGO | BD25: CÓDIGO | BE25: CÓDIGO | BF25: CÓDIGO | BG25: CÓDIGO | BH25: CÓDIGO | BI25: CÓDIGO | BJ25: MONTANTE EM FRANCOS CFA | BK25: MONTANTE EM FRANCOS CFA | BL25: MONTANTE EM FRANCOS CFA | BM25: MONTANTE EM FRANCOS CFA | BO25: MONTANTE EM FRANCOS CFA | BP25: MONTANTE EM FRANCOS CFA | BQ25: MONTANTE EM FRANCOS CFA | BR25: MONTANTE EM FRANCOS CFA | BS25: MONTANTE EM FRANCOS CFA | BT25: MONTANTE EM FRANCOS CFA | BU25: MONTANTE EM FRANCOS CFA | BV25: MONTANTE EM FRANCOS CFA | BW25: CÓDIGO | BX25: CÓDIGO | BY25: CÓDIGO | BZ25: NÚMERO DE MESES | CB25: CÓDIGO | CC25: Pessoa 1 | CG25: Pessoa 2 | CK25: Pessoa 3 | CO25: Pessoa 4 | CT25: Homens | CX25: Mulheres | DB25: Rapazes | DF25: Raparigas | DJ25: CÓDIGO | DK25: CÓDIGO | DL25: CÓDIGO | DM25: CÓDIGO | DN25: CÓDIGO
B26: CÓDIGO ID: | C26: NOME | D26: CÓDIGO ID: | E26: CÓDIGO ID: | F26: Produto/serviço fabricado | I26: CÓDIGO ID: | J26: CÓDIGO ID: | K26: CÓDIGO ID: | L26: CÓDIGO ID: | CC26: ID | CD26: Meses | CE26: Dias | CF26: H | CG26: ID | CH26: Meses | CI26: Dias | CJ26: H | CK26: ID | CL26: Meses | CM26: Dias | CN26: H | CO26: ID | CP26: Meses | CQ26: Dias | CR26: H | CT26: A | CU26: B | CV26: C | CW26: D | CX26: A | CY26: B | CZ26: C | DA26: D | DB26: A | DC26: B | DD26: C | DE26: D | DF26: A | DG26: B | DH26: C | DI26: D
A27: 1 | P27: 1 | AD27: 1 | AO27: 1 | BN27: 1 | CA27: 1 | CS27: 1
A28: 2 | P28: 2 | AD28: 2 | AO28: 2 | BN28: 2 | CA28: 2 | CS28: 2
A29: 3 | P29: 3 | AD29: 3 | AO29: 3 | BN29: 3 | CA29: 3 | CS29: 3
A30: 4 | P30: 4 | AD30: 4 | AO30: 4 | BN30: 4 | CA30: 4 | CS30: 4
A31: 5 | P31: 5 | AD31: 5 | AO31: 5 | BN31: 5 | CA31: 5 | CS31: 5
A32: 6 | P32: 6 | AD32: 6 | AO32: 6 | BN32: 6 | CA32: 6 | CS32: 6
A33: 7 | P33: 7 | AD33: 7 | AO33: 7 | BN33: 7 | CA33: 7 | CS33: 7
A34: 8 | P34: 8 | AD34: 8 | AO34: 8 | BN34: 8 | CA34: 8 | CS34: 8
A35: 9 | P35: 9 | AD35: 9 | AO35: 9 | BN35: 9 | CA35: 9 | CS35: 9
A36: 10 | P36: 10 | AD36: 10 | AO36: 10 | BN36: 10 | CA36: 10 | CS36: 10

Sheet S11_Logement 
A1: SECÇÃO 11: CARACTERÍSTICAS DA HABITAÇÃO
E2: 11 | F2: Escreva o código ID do respondente principal da secção:
A5: 11.01 | B5: Tipo de alojamento atual? | J5: =A42+0.01 -> 11.08 | K5: Quem é esse terceiro não pertencente ao agregado familiar que paga parcial ou totalmente a renda? (Indique o mais importante) | S5: =J40+0.01 -> 11.15 | T5: Durante os últimos 12 meses, o agregado familiar
B6: 1 | D6: Apartamento num imóvel | G6: 7 | H6: Baraca | T6: pagou reembolsos do crédito sobre este alojamento?
B7: 2 | D7: Moradia | G7: 8 | H7: Outro (especificar) | J7: 1 | K7: Parente | T7: 1 | U7: Sim | W7: 2 | X7: =CONCATENATE("Não ►(",S14,")") -> Não ►(11,17)
B8: 3 | D8: Vivenda ou casa individual | J8: 2 | K8: Amigo ou outra pessoa | S8: =S5+0.01 -> 11.16 | T8: Qual é o montante mensal destas prestações? (FCFA)
B9: 4 | D9: Casa numa concessão | J9: 3 | K9: Empregador privado | O9: 5 | P9: Empresa pública
B10: 5 | D10: Casas em banda (casernas) | J10: 4 | K10: Governo | O10: 6 | P10: Outro (especificar)
B11: 6 | D11: Unidades independentes | J11: =J5+0.01 -> 11.09 | K11: Qual é o montante mensal da renda, incluindo os benefícios associados ao alojamento (água, eletricidade, telefone, etc.) pago por este(s) terceiro(s)? (FCFA)
A12: =A5+0.01 -> 11.02 | B12: Quantas divisões ocupa o agregado familiar?
B14: (NÃO INCLUIR COZINHAS, CASAS DE BANHO, CORREDORES, VARANDAS) | S14: =S8+0.01 -> 11.17 | T14: O agregado familiar possui uma empresa que funciona no alojamento?
A16: =A12+0.01 -> 11.03 | B16: O alojamento dispõe dos seguintes equipamentos? | M16: ►► | N16: =S14 -> 11.17 | U16: 1Sim | W16: 2 Não
C17: 1 Sim 2 Não | J17: =J11+0.01 -> 11.1 | K17: Quais são os membros do agregado familiar que figuram no título/escritura de propriedade? Escrever 98 se nenhum membro do agregado familiar figurar no título de propriedade
A18: A | B18: Aparelhos de ar condicionado/splits que fazem parte do alojamento | S18: =S14+0.01 -> 11.18 | T18: Qual é o principal material de construção das paredes exteriores?
A19: B | B19: Caldeira (para água quente)
A20: C | B20: Ventoinhas montadas no teto | K20: código ID da pessoa | T20: 1 | U20: Cimento/betão/pedras de cantaria
A21: =A16+0.01 -> 11.04 | B21: Qual é o seu estatuto de ocupação atual? | K21: código ID da pessoa | T21: 2 | U21: Tijolo cozido | Y21: 6 Pedras simples (tradicionais)
J22: =J17+0.01 -> 11.11 | K22: Alguma pessoa não pertencente ao agregado familiar figura no título/escritura de propriedade? | T22: 3 | U22: Chapas de aluminio, vidros, etc. | Y22: 7 Palha, Banco, torrão de terra
B23: 1 | C23: Proprietário com título ou escritura de propriedade | T23: 4 | U23: Adobe ameliorado / semi-duro | Y23: 8 Outro (especificar)
B24: 2 | C24: Proprietário sem título ou escritura de propriedade | M24: 1 Sim | T24: 5 | U24: Materiais de recuperação (tábuas, chapas, etc.) | Z24: 9 Taipe/Adobe
B25: 3 | C25: Coproprietário com título ou escritura | M25: =CONCATENATE("2 Não ►(",TEXT(J40,"0,00"),")") -> 2 Não ►(11,14) | S25: =S18+0.01 -> 11.19 | T25: Qual é o principal material do telhado?
B26: 4 | C26: Coproprietário sem título ou escritura | J26: =J22+0.01 -> 11.12 | K26: Quem é a pessoa não pertencente ao agregado familiar que figura no título de propriedade? | T26: 1 | U26: Laje de cimento | X26: 7 | Y26: Palha
B27: 5 | C27: Arrendatário | E27: ► | F27: =A38 -> 11.06 | T27: 2 | U27: Telha | X27: 8 | Y27: Outro (especificar)
B28: 6 | C28: Alojado pela entidade patronal | M28: 1 Parente | T28: 3 | U28: Zinco
B29: 7 | C29: Alojado gratuitamente pelos parentes/amigos) | M29: 2 Amigo ou outra pessoa | T29: 4 | U29: Palha
B30: 8 | C30: Outro (especificar) | M30: 3 Outro (especificar) | T30: 5 | U30: Taipe
A31: =A21+0.01 -> 11.05 | B31: Qual é o montante (FCFA) pago por um alojamento como o seu na sua cidade ou bairro? | M31: ►► | N31: =J40 -> 11.14 | T31: 6 | U31: Palha de cibe
J32: =J26+0.01 -> 11.13 | K32: Qual é a razão principal para o agreagado familiar não possuir um título ou certificado de propriedade? | S32: =S25+0.01 -> 11.2 | T32: Qual é o principal material de revestimento do alojamento?
K34: 1 | L34: Não é exigido por lei | T34: 1 | U34: Ladrilhos/marmoe | X34: 5 | Y34: Outro (especificar)
K35: 2 | L35: As despesas de emissão são demasiado elevadas | T35: 2 | U35: Cimento/Betão
A36: =CONCATENATE(" Se 1,3 à (",TEXT(A21,"0,00"),") ►►(",TEXT(J17,"0,00"),")") -> Se 1,3 à (11,04) ►►(11,10) | E36: =CONCATENATE(" Se 2,4 à (",TEXT(A21,"0,00"),") ►►(",TEXT(J32,"0,00"),")") -> Se 2,4 à (11,04) ►►(11,13) | H36: =CONCATENATE(" Se 6,7, ou 8 à (",TEXT(A21,"0,00"),") ►►(",TEXT(S14,"0,00"),")") -> Se 6,7, ou 8 à (11,04) ►►(11,17) | K36: 3 | L36: Repartição de registo demasiado distante | T36: 3 | U36: Terrabatida/areia
K37: 4 | L37: Processo em curso | T37: 4 | U37: Excrementos de animais
A38: =A31+0.01 -> 11.06 | B38: Qual é o valor do aluguel mensal? (FCFA) | K38: 5 | L38: Procedimento muito longo | S38: =S32+0.01 -> 11.21 | T38: O agregado está conectada a uma rede de água corrente?
K39: 6 | L39: Outro à especificar | T39: 1 Sim
J40: =J32+0.01 -> 11.14 | K40: Qual documento certifica seus direitos de propriedade? | T40: 2 Não | W40: =CONCATENATE("► (",A57,")") -> ► (11,24)
K41: 1 | L41: Factura de venda | S41: =S38+0.01 -> 11.22 | T41: Para os agregados familiares alojados pelo empregador ou outros, o serviço de água corrente está incluído na renda?
A42: =+A38+0.01 -> 11.07 | B42: A renda é paga parcial ou totalmente por um terceiro não pertencente ao agregado familiar? | K42: 2 | L42: Factura dos impostos
K43: 3 | L43: Documentos relativos a herança | U43: 1 | V43: =CONCATENATE("Sim ► (",A57,")") -> Sim ► (11,24)
D44: 1 Sim | K44: 4 | L44: Outros a serem especificados | U44: 2 | V44: Não
D45: 2 Não | E45: ► | F45: =S14 -> 11.17 | K45: 5 | L45: Nenhum documento
A47: =S41+0.01 -> 11.23 | B47: Qual é o valor da última conta de água? (Em FCFA) | J47: =CONCATENATE(A66, "a") -> 11,26a | K47: Você está satisfeito com esta água potável? | S47: =J81+0.01 -> 11.33 | T47: O agregado familiar está ligado a uma rede elétrica?
K48: 1 Sim | T48: 1 Sim, agregado familiar ligado a uma rede
K49: 2 Não | T49: 2 Sim, agregado familiar ligado ao vizinho
J50: =A66+0.01 -> 11.27 | K50: Qual é a distância (em metros) do alojamento até a principal fonte de abastecimento de água potável durante a estação seca? | T50: =CONCATENATE("3 Ligado diretamente ao poste ►(",TEXT(ROUND(S62,2),"0,00"),")") -> 3 Ligado diretamente ao poste ►(11,36)
B51: Periodicidade da última fatura | T51: =CONCATENATE("4 Não, Agregado não ligado ►(",TEXT(ROUND(S70,2),"0,00"),")") -> 4 Não, Agregado não ligado ►(11,37)
B52: 1 Semanal | S52: =S47+0.01 -> 11.34 | T52: Para os agregados familiares alojados pelo empregador ou outros, o serviço de eletricidade está incluído na renda?
B53: 2 Mensal | J53: =CONCATENATE("Se a fonte estiver no agregado, escreva 0 ► (",TEXT(ROUND(J64,2),"0,00"),")") -> Se a fonte estiver no agregado, escreva 0 ► (11,29)
B54: 3 A cada 2 meses | U54: 1 | V54: Sim | X54: =CONCATENATE("► (",TEXT(ROUND(S70,2),"0,00"),")") -> ► (11,37)
B55: 4 Trimestralmente | U55: 2 | V55: Não
J56: =J50+0.01 -> 11.28 | K56: Qual é o tempo (em minutos) para chegar à principal fonte de abastecimento de água potável durante a estação seca? | U56: 3 | V56: Agregado familiar não alojado
A57: =A47+0.01 -> 11.24 | B57: O agregado compra água de vendedores ou de outro agregado? | S57: =S52+0.01 -> 11.35 | T57: De que tipo de subscrição dispõe o agregado familiar?
S58: 1 | T58: Contador clássica | X58: 4 Adicionado/ligado ao contador do vizinho
C59: 1 | D59: Sim | J59: Tempo gasto para ir | N59: Minutos | S59: 2 | T59: Contador com cartao pré-pago | X59: 5 Sem contador
C60: 2 | D60: =CONCATENATE("Não ►(", TEXT(A66,"0,00"),")") -> Não ►(11,26) | S60: 3 | T60: Os dois
A61: =A57+0.01 -> 11.25 | B61: Qual o valor dessas despesas nos últimos 30 dias? (Em FCFA) | J61: Tempo gasto para se abastecer uma vez na fonte
N62: Horas/Minutos | S62: =S57+0.01 -> 11.36 | T62: Qual foi o montante da última fatura de eletricidade?
J64: =J56+0.01 -> 11.29 | K64: Qual é a distância (em metros) da residência até a principal fonte de abastecimento de água potável durante a estação das chuvas?
T65: Periodicidade da última fatura
A66: =A61+0.01 -> 11.26 | B66: Qual é a principal fonte de abastecimento de água potável no agregado? | T66: 1 Semanal
J67: =CONCATENATE("Se a fonte estiver no agregado, escreva 0 ► (",TEXT(ROUND(J76,2),"0,00"),")") -> Se a fonte estiver no agregado, escreva 0 ► (11,31) | T67: 2 Mensal
B68: ÁGUA DA TORNEIRA | T68: 3 A cada 2 meses
A69: 1 | B69: Na habitação | J69: =J64+0.01 -> 11.3 | K69: Qual é o tempo (em minutos) para chegar à fonte de abastecimento de água potável durante a estação das chuvas? | T69: 4 Trimestral
A70: 2 | B70: No pátio/concessão | G70: Estação seca | S70: =S62+0.01 -> 11.37 | T70: Qual é a principal fonte de iluminação da habitação?
A71: 3 | B71: Torneira do vizinho | J71: Tempo gasto para ir | N71: Minutos | T71: 1 | U71: Eletricidade da rede
A72: 4 | B72: Fontenário / torneira pública | T72: 2 | U72: =CONCATENATE("Electricidade (gerador) ► (",TEXT(ROUND(A101,2),"0,00"),")") -> Electricidade (gerador) ► (11,42)
B73: POÇO ABERTO | J73: Tempo gasto para se abastecer uma vez na fonte | O73: Horas/Minutos | T73: 3 | U73: =CONCATENATE("Electricidade com placa solar ► (",TEXT(ROUND(A101,2),"0,00"),")") -> Electricidade com placa solar ► (11,42)
A74: 5 | B74: Poço aberto no pátio/concessão | T74: 4 | U74: =CONCATENATE("Candeeiro a petróleo ► (",TEXT(ROUND(A101,2),"0,00"),")") -> Candeeiro a petróleo ► (11,42)
A75: 6 | B75: Poço aberto noutro local | T75: 5 | U75: =CONCATENATE("Lampada a pilhas/Lampada solar ► (",TEXT(ROUND(A101,2),"0,00"),")") -> Lampada a pilhas/Lampada solar ► (11,42)
B76: POÇO COBERTO OU FURO | J76: =J69+0.01 -> 11.31 | K76: Você faz alguma coisa para tornar a água potável mais saudável? | T76: 6 | U76: =CONCATENATE("Parafina/Lenha/Madeira ► (", TEXT(ROUND(A101,2),"0,00"),")") -> Parafina/Lenha/Madeira ► (11,42)
A77: 7 | B77: Poço coberto no pátio/concessão | M77: 1 Sim | T77: 7 | U77: =CONCATENATE("Outros (a precisar) ►(",TEXT(ROUND(A101,2),"0,00"),")") -> Outros (a precisar) ►(11,42)
A78: 8 | B78: Poço coberto noutro local | M78: =CONCATENATE("2 Não ► (",ROUND(S47,2),")") -> 2 Não ► (11,33) | T78: 8 | U78: =CONCATENATE("Vela ►(",TEXT(ROUND(A101,2),"0,00"),")") -> Vela ►(11,42)
A79: 9 | B79: Poço perfurado na concessão | M79: =CONCATENATE("3 Não sabe ► (",ROUND(S47,2),")") -> 3 Não sabe ► (11,33) | S79: =S70+0.01 -> 11.38 | T79: Nos últimos 7 dias, ocorreu pelo menos um corte de corrente elétrica na sua habitação?
A80: 10 | B80: Poço perfurado noutro local
B81: ÁGUA DE SUPERFÍCIE | G81: Estação das chuvas | J81: =J76+0.01 -> 11.32 | K81: Normalmente, o que você faz para tornar a água potável mais saudável? | W81: 1 Sim
A82: 11 | B82: Fonte melhorada | W82: =CONCATENATE("2 Não ► (",TEXT(ROUND(A101,2),"0,00"),")") -> 2 Não ► (11,42)
A83: 12 | B83: Fonte não melhorada | K83: (Responda a cada pergunta com Sim ou Não) | Q83: 1 Sim 2 Não | S83: =S79+0.01 -> 11.39 | T83: Durante quantos dias suportou pelo menos um corte de corrente nos últimos 7 dias?
A84: 13 | B84: Rio/regato/lago/represa | K84: A Ferver
B85: OUTRAS FONTES | K85: B Adicionar lixívia / cloro, comprimido | W85: Número de dias
A86: 14 | B86: Água engarrafada | K86: C Filtra com um pano
A87: 15 | B87: Águas pluviais | K87: D Usa um filtro (cerâmica, areia, composto, etc.) | S87: =S83+0.01 -> 11.4 | T87: Qual é o número médio de cortes registado por dia?
A88: 16 | B88: Pacote de água | K88: E Desinfecção solar
A89: 17 | B89: Vendedor de rua | K89: F Deixe assentar | W89: Número de cortes
A90: 18 | B90: Outro( especificar) | K90: G Outro (especifique)
A95: =S87+0.01 -> 11.41 | B95: Qual é a duração média de um corte? | J95: =A128+0.01 -> 11.48 | K95: Qual é o tipo de ligação à Internet usado pelo agregado familiar? | S95: =J129+0.01 -> 11.54 | T95: Que tipo de instalação sanitária utiliza o seu agregado familiar?
B96: 1 | C96: Menos de 15 minutos | K96: 1 | L96: Rede telefónica comutada (Modem) | S96: 1 Sanita interior com descarga de água
B97: 2 | C97: Entre 15 minutos e menos de 30 minutos | K97: 2 | L97: ADSL | S97: 2 Sanita exterior com descarga de água | X97: 8. Latrinas de laje simples
B98: 3 | C98: Entre 30 minutos e menos de uma hora | K98: 3 | L98: Fibra ótica (alta velocidade) | S98: 3.Sanita interior com descarga de água manual | X98: 9. Fossa rudimentar/buraco a céu aberto
B99: 4 | C99: Entre uma hora e menos de 3 horas | K99: 4 | L99: Satélite | S99: 4.Sanita exterior com descarga de água manual | X99: 10.Casas de banho públicas | Z99: ► | AA99: =S120 -> 11.59
B100: 5 | C100: Mais de 3 horas | K100: 5 | L100: Acesso móvel (pen drive internet, etc.) | S100: 5 Latrinas VIP (de laje, ventiladas) | X100: 11.Nenhuma sanita (na natureza) | Z100: ► | AA100: =S120 -> 11.59
A101: =A95+0.01 -> 11.42 | B101: O agregado familiar está ligado a uma rede fixa de telecomunicações? | J101: =J95+0.01 -> 11.49 | K101: O agregado tem um canal de televisão por cabo, satelitte, TNT? | S101: 6 Latrinas ECOSAN (de laje, cobertas)
S102: 7 Latrinas SANPLAT (de laje, não cobertas) | Y102: 12. Outro (especificar)
C103: 1 | D103: Sim | K103: 1 | L103: Sim | S103: =S95+0.01 -> 11.55 | T103: O agregado familiar partilha estas instalações sanitárias com outros agregados?
C104: 2 | D104: =CONCATENATE("Não ► (",ROUND(A120,2),")") -> Não ► (11,45) | K104: 2 | L104: Não | M104: =CONCATENATE("► (",TEXT(ROUND(J119,2),"0,00"),")") -> ► (11,52) | U104: 1 | V104: Sim
A105: =A101+0.01 -> 11.43 | B105: Para os agregados familiares alojados, o serviço de telecomunicações fixas está incluído na renda? | J105: =J101+0.01 -> 11.5 | K105: Para os agregados familiares alojados (empregador ou outros), a assinatura da televisão por cabo/satélite está incluída na renda? | U105: 2 | V105: Não | W105: ► | X105: =S109 -> 11.57
S106: =S103+0.01 -> 11.56 | T106: Quantos outros agregados familiares usam estas instalações sanitárias?
D107: 1 Sim | E107: =CONCATENATE("► (",ROUND(A120,2),")") -> ► (11,45) | U107: Número:
D108: 2 Não | K108: 1 | L108: =CONCATENATE("Sim ► (",TEXT(ROUND(J119,2),"0,00"),")") -> Sim ► (11,52)
K109: 2 | L109: Não | S109: =S106+0.01 -> 11.57 | T109: Como são evacuados os dejetos no agregado?
A110: =A105+0.01 -> 11.44 | B110: Qual foi o montante da última fatura de telefone fixo ou do último cartão pré-pago? (FCFA) | J110: =J105+0.01 -> 11.51 | K110: Qual foi o montante da fatura do último mês? (Em FCFA) | T110: =CONCATENATE("1 Esgotos ►", "(",TEXT(S120, "0,00"), ")") -> 1 Esgotos ►(11,59) | X110: =CONCATENATE("6 Rua/pátio/sarjeta/natureza ►", "(",TEXT(S120, "0,00"), ")") -> 6 Rua/pátio/sarjeta/natureza ►(11,59)
T111: 2 Fossa séptica | X111: 7 Outro (especificar)
...

Sheet S12_Avoirs
A1: SECÇÃO 12: ATIVOS DO AGREGADO FAMILIAR
B2: 12 | C2: Escrever o codigo ID do respondente deste secçao
A4: 12.01 | B4: BENS | H4: =A4+0.01 -> 12.02 | L4: =H4+0.01 -> 12.03 | P4: =L4+0.01 -> 12.04 | S4: =P4+0.01 -> 12.05 | Z4: =S4+0.01 -> 12.06 | AD4: =Z4+0.01 -> 12.07 | AG4: =AD4+0.01 -> 12.08 | AK4: =AG4+0.01 -> 12.09
A5: CÓDIGO DO BEM | H5: O agregado familiar ou um membro do agregado familiar possui/dispõe de [BEM] em boas condições de funcionamento? 1=Sim 2=Não ►BEM SEGUINTE | L5: Qual é o número de [BEM]? | P5: O bem pertence a um membro específico do agregado familiar? | S5: Qual é o CÓDIGO ID da(s) pessoa(s) que possui(em) estes bens? | Z5: Em que condições se encontrava o último bem quando foi adquirido? 1=Novo 2=Em segunda mão | AD5: Há quantos anos é possuidor de [BEM]? (SE FOREM VÁRIOS, CONSIDERAR A IDADE DO ÚLTIMO) | AG5: Qual foi o valor de aquisição de [BEM]? (SE FOREM VÁRIOS, CONSIDERAR O ÚLTIMO) | AK5: Qual é o valor (ou preço de revenda) atual de [BEM]? (SE FOREM VÁRIOS, CONSIDERAR O ÚLTIMO)
P11: 1=Sim
P12: =CONCATENATE("2=Não ►(",ROUND(Z4,2),")" ) -> 2=Não ►(12,06) | S12: Pessoa 1 | V12: Pessoa 2 | X12: Pessoa 3
B13: DESCRITIVO | H13: CÓDIGO | L13: NÚMERO | P13: CÓDIGO | S13: CÓDIGO ID: | V13: CÓDIGO ID: | X13: CÓDIGO ID: | Z13: CÓDIGO | AD13: ANOS | AG13: FRANCOS CFA | AK13: FRANCOS CFA
A14: 1 | B14: Conjunto de sala de estar (poltronas e mesa de apoio)
A15: =A14+1 -> 2 | B15: Mesa de jantar (mesa + cadeiras)
A16: =A15+1 -> 3 | B16: Cama
A17: =A16+1 -> 4 | B17: Colchão simples
A18: =A17+1 -> 5 | B18: Armários e outros móveis
A19: =A18+1 -> 6 | B19: Tapetes
A20: =A19+1 -> 7 | B20: Ferro de passar elétrico
A21: =A20+1 -> 8 | B21: Ferro de passar a carvão
A22: =A21+1 -> 9 | B22: Fogão elétrico ou a gás
A23: =A22+1 -> 10 | B23: Garrafa de gás
A24: =A23+1 -> 11 | B24: Fogão (placa) elétrico ou a gás
A25: =A24+1 -> 12 | B25: Forno micro-ondas ou elétrico
A26: =A25+1 -> 13 | B26: Lareiras melhoradas
... A58: =A57+1 -> 45 | B58: Terreno não edificado

Sheet S13_Transferts
A1: SECÇÃO 13: TRANSFERÊNCIAS
A2: PARTE A: TRANSFERÊNCIAS RECEBIDAS PELO AGREGADO FAMILIAR
A3: 13.01 | B3: Algum membro do agregado familiar tem um parente próximo (pai, mãe, filho, irmão, irmã) que mora num país estrangeiro? | N3: =CONCATENATE("1=Sm 2=Não ►(",TEXT(A5,"0,00"),")") -> 1=Sm 2=Não ►(13,03)
A4: =A3+0.01 -> 13.02 | B4: Os parentes próximos mencionados acima enviaram dinheiro a um membro do agregado familiar nos últimos 12 meses? | N4: =CONCATENATE("1=Sim 2=Não") -> 1=Sim 2=Não
A5: =A4+0.01 -> 13.03 | B5: Algum membro do agregado familiar tem outros parentes (primo, primo, tio, tia, avós, neto, etc.) ou amigos que moram no exterior? | N5: =CONCATENATE("1=Sim 2=Não ►(",TEXT(A7,"0,00"),")") -> 1=Sim 2=Não ►(13,05)
A6: =A5+0.01 -> 13.04 | B6: Esses parentes ou amigos mencionados acima enviaram dinheiro a um membro do agregado familiar nos últimos 12 meses? | N6: =CONCATENATE("1=Sim 2=Não") -> 1=Sim 2=Não
A7: =A6+0.01 -> 13.05 | B7: Durante os últimos 12 meses, o agregado familiar ou um de seus membros recebeu dinheiro em mão (cash) por intermédio de um viajante, por uma empresa de transferência (Western Union, Money Gram, Wary, Ria etc.), banca móvel, fax, transportadoras de um parente ou qualquer outro -membro de agregado que mora no exterior? | N7: =CONCATENATE("1=Sim 2=Não") -> 1=Sim 2=Não
A8: =A7+0.01 -> 13.06 | B8: Nos últimos 12 meses, o agregado familiar ou um de seus membros recebeu algum dinheiro de seu filho, filha, pai, mãe, irmão, irmã, cônjuge ou outro membro do agregado que não vive no agregado, mas que mora no país? | N8: =CONCATENATE("1=Sim 2=Não") -> 1=Sim 2=Não
A9: =A8+0.01 -> 13.07 | B9: Nos últimos 12 meses, o agregado familiar ou qualquer membro dele recebeu algum dinheiro de alguma outra pessoa não membro do agregado familiar que vive no país? | N9: =CONCATENATE("1=Sim 2=Não") -> 1=Sim 2=Não
A10: =A9+0.01 -> 13.08 | B10: Durante os últimos 12 meses, o agregado familiar ou um de seus membros recebeu dinheiro em mão (cash) por meio de um viajante, por uma empresa de transferência (Western Union, Money Gram etc.), banca móvel, fax, transportadoras de um parente ou qualquer outra pessoa não membro do agregado que vive no país? | N10: =CONCATENATE("1=Sim 2=Não") -> 1=Sim 2=Não
I11: =CONCATENATE("1 Sim 2 Não ►",[2]S14A_Chocs1!A1, ) -> 1 Sim 2 Não ►SEÇÃO 14A: COVID-19 E IMPACTO NOS AGREGADOS FAMÍLIAS
A12: =A10+0.01 -> 13.09 | B12: =CONCATENATE("A resposta para qualquer uma das perguntas (",A4,"), (",A6,"), (",A7,"), (",A8,"), (",A9,"), (",A10,") é positiva ?") -> A resposta para qualquer uma das perguntas (13,02), (13,04), (13,05), (13,06), (13,07), (13,08) é positiva ?
A14: NUMERO DE TRANSFERÊNCIA | B14: =A12+0.01 -> 13.1 | C14: =B14+0.01 -> 13.11 | D14: =C14+0.01 -> 13.12 | E14: =D14+0.01 -> 13.13 | F14: =E14+0.01 -> 13.14 | G14: =F14+0.01 -> 13.15 | H14: =G14+0.01 -> 13.16 | I14: =H14+0.01 -> 13.17 | J14: =I14+0.01 -> 13.18 | ... N14: =M14+0.01 -> 13.22 | P14: CÓDIGO ID: | Q14: =N14+0.01 -> 13.23
B15: Escreve o código ID do respondente. | C15: Código ID do beneficiário? | D15: Quem enviou / deu o dinheiro para [NOME]? | E15: Qual é o sexo do remetente? | F15: Qual é a idade do remetente? | G15: Qual é o nível de instrução do remetente? | H15: Qual é o estatuto profissional do remetente? | I15: O remetente já morou neste agregado? | J15: Há quantos anos (em anos completos) ele está fora do agregado? (Por exemplo, coloque 0 para menos de um ano) | K15: Qual é o local de residência do remetente? | L15: Qual é o principal motivo da transferência? | M15: Qual é o principal método de transferência? | N15: Qual é a frequência das transferências e o montante recebido de cada vez? (Se o montante for regular, anotar o montante recebido nos últimos 12 meses) | Q15: Quem controla principalmente a receita dessas transferências?
K18: 1 Mesma Cidade/tabanca 2 Mesma região 3 Em outro lugar do país 4 Benin 5 Burkina 6 Cabo-Verde 7 Code Ivoire 8. Gambia 9. Gana 10. Guinée-Conacry 11. Guiné-Bissau 12 Liberia 13 Niger 14 Nigeria 15 Mali 16 Serra-Leoa 17 Senegal 18 Togo 12. Outros paises na Africa 13. França 14. Espanha 15. Italia 16. Estados Unidos 17. Outros países fora de África 18. Portugal 19. Luxemburgo 20. Inglaterra
L19: 1 Escolaridade, educação
H20: 1. Quadro superior | L20: 2 Saúde, doença
F21: escrever 9999 para Não Sabe | G21: 1 Nenhum | H21: 2. Quadro médio / supervisor intermediário2 | L21: 3 Apoio regular | M21: 1 Sociedade de transferências 2 Banco 3 Correios 4 Mobile money (Mtn/orange) 5 Compensação 6 Cash (mão à mão) 7 Viajante 8 Comércio/Fax 9 Sociedade de transportes 10 Outra
G22: 2 Primário | H22: 3. Trabalhador ou funcionário qualificado | L22: 4 Apoio a trabalhos agrícolas
D23: 1 cônjuge | G23: 3 Secundário 1 | H23: 4. Trabalhador ou funcionário não qualificado | N23: CÓDIGO DA UNIDADE DE TEMPO
D24: 2 Filhos | E24: 1 Masculino | G24: 4 Secundário 2 | H24: 5. Operário, governanta | I24: 1 Sim | L24: 5 Apoio/arranque de uma empresa não-agrícola | N24: 1 Mensal
D25: 3 Pai, Mãe | E25: 2 Feminino | G25: 5 Médio | H25: 6. Estagiário ou aprendiz remunerado | I25: =CONCATENATE("2 Não ►(",TEXT(K14,"0,00"),")") -> 2 Não ►(13,19) | N25: 2 Trimestral
D26: 4 Irmão, irmã | G26: 6 Superior | N26: 3 Semestral
D27: 5 Outro parente | G27: 7 Não sabe | H27: 7. Estagiário ou aprendiz não remunerado | L27: 6 Festa/eventos | N27: 4 Anual
D28: 6 Sem laços de parentesco | L28: 7 Compra de terreno | N28: 5 Irregular
H29: 8. Trabalhador familiar contribuinte para uma empresa familiar | L29: 8 Construção de uma casa
L30: 9 Ajuda por causa do COVID-19
H31: 9. Trabalhador de conta própria | L31: 10 Outro (especificar)
H32: 10. Patrão / Empregador
H33: 11. Reformado | N33: MONTANTE | O33: UNIDADE DE TEMPO
H34: 12. Aluno/Estudante
B35: CÓDIGO ID: | C35: CÓDIGO ID: | D35: CÓDIGO | E35: CÓDIGO | F35: ANO | G35: CÓDIGO | H35: CÓDIGO | I35: CÓDIGO | J35: ANOS | K35: CÓDIGO | L35: CÓDIGO | M35: CÓDIGO | N35: FCFA | O35: CÓDIGO | Q35: CÓDIGO
A36: 01 | P36: 01
A37: 02 | P37: 02
A38: 3 | P38: 3
A39: 4 | P39: 4
A40: 5 | P40: 5
A41: 6 | P41: 6
A42: 7 | P42: 7
A43: 8 | P43: 8
A44: 9 | P44: 9
A45: 10 | P45: 10

Sheet S14A_Chocs
A1: SEÇÃO 14A: COVID-19 E IMPACTO NOS AGREGADOS FAMILIARES
B3: 14A.01 | C3: 14A.02 | D3: 14A.03 | E3: 14A.04 | F3: 14A.05 | G3: 14A.06 | H3: 14A.07 | I3: 14A.08 | J3: 14A.09
B4: Desde o início da pandemia em Março de 2020 | C4: =CONCATENATE("Pelo menos uma pessoa que morava neste agregado [...]? 1. Sim 2. Não ► Linha seguinte") -> Pelo menos uma pessoa que morava neste agregado [...]? 1. Sim 2. Não ► Linha seguinte | D4: =CONCATENATE("A pessoa ainda é membro do agregado? 1. Sim 2. Não ►",F3,) -> A pessoa ainda é membro do agregado? 1. Sim 2. Não ►14A.05 | E4: =CONCATENATE("Qual é o seu número de ordem? ►►",I3) -> Qual é o seu número de ordem? ►►14A.08 | F4: Qual é o seu sexo? 1. Masculino 2. Feminino | G4: Qual é a sua idade? | H4: Qual é a sua relação com o chefe do agregado? 1. Cônjuge 2. Filho 3. Outro parente 4. Sem relação de parentesco | I4: O problema [...] foi resolvido ou continua? 1. Solução encontrada 2. Continua ► Próxima linha | J4: Depois de quantos meses [...] encontrou uma solução para o problema?
C5: CÓDIGO | D5: CÓDIGO | E5: CÓDIGO ID | F5: CÓDIGO | G5: NOMBRE | H5: CÓDIGO | I5: CÓDIGO | J5: NÚMERO
A6: 1 | B6: Esteve doente com Coronavirus
A7: 2 | B7: Sofreu com queda nas transferências de parentes que moram no exterior por conta do coronavírus
A8: =A7+1 -> 3 | B8: Sofreu com queda nas transferências de parentes que moram no país por conta do coronavírus
A9: =A8+1 -> 4 | B9: Sofreu com a queda dos produtos agrícolas devido ao coronavírus
A10: =A9+1 -> 5 | B10: Evitou visitar parentes ou amigos dentro do país devido ao coronavírus
A11: =A10+1 -> 6 | B11: Evitou visitar parentes ou amigos fora do país devido ao coronavírus
A12: =A11+1 -> 7 | B12: Desistiu de uma viagem de negócios dentro do país devido ao coronavírus
A13: =A12+1 -> 8 | B13: Desistiu de uma viagem de negócios para fora do país devido ao coronavírus

Sheet S14B_Chocs
A1: SEÇÃO 14B: CHOQUES E ESTRATÉGIAS DE SOBREVIVÊNCIA
E2: As perguntas (14B.04) e (14B.05) (abaixo) são respondidas apenas para choques que ocorreram nos últimos 12 meses
A3: 14B.00 | B3: Código de identificação do respondente principal da seção:
A4: 14B.01 | B4: Natureza do choque | C4: 14B.02 | D4: 14B.03 | E4: 14B.04 | K4: 14B.05 | N4: Códigos para (14B.05)
C5: Durante os últimos 3 anos, o agregado familiar foi afetada negativamente pelo seguinte problema? | D5: Quando ocorreu esse choque? Se há mais de 12 meses, ► Próximo choque | E5: Como consequência deste [CHOQUE], o seu agregado familiar registou o aumento ou diminuição no seguinte [...] (Leia as respostas propostas para cada coluna) | K5: Qual foi a estratégia adotada pelo agregado após o [CHOQUE] para lidar com a situação? (Para cada choque, dê até 3 estratégias em ordem de importância. Se o tipo de choque ocorreu várias vezes nos últimos 3 anos, considere o evento mais recente. Use os códigos à direita).
N6: 1. Uso de poupança
N7: 2. Ajuda de parentes ou amigos
A8: Código | N8: 3. Ajuda governamental / estatal
N9: 4. Ajuda de organizações religiosas ou ONGs
N10: 5. Casar os filhos
N11: 6. Mudança de hábitos de consumo (redução do número de refeições diárias, redução das quantidades consumidas, etc.)
N14: 7. Comprando comida mais barata
C15: 1 Sim | E15: Rendimentos | F15: Bens | G15: Produção agricola | H15: Números de gados | I15: Stock de produtos alimentares | J15: Comptra de produtos alimentares | N15: 8. Membros ativos da família empregados aceitaram empregos adicionais.
C16: 2 Não ► Choque seguinte
K17: 1º | L17: 2º | M17: 3º | N17: 9. Membros adultos (pelo menos 15 anos de idade) inativos ou desempregados aceitaram empregos
A18: 101 | B18: Doença grave ou acidente de um membro do agregado familiar
A19: =A18+1 -> 102 | B19: Morte de um membro da famíliar | N19: 10. Crianças menores de 15 anos foram obrigadas a trabalhar
A20: =A19+1 -> 103 | B20: Divórcio, separação | N20: 11. As crianças foram retiradas da escola
A21: =A20+1 -> 104 | B21: Seca / chuvas irregulares | N21: 12. Migração de membros da família
A22: =A21+1 -> 105 | B22: Inundações | N22: 13. Redução de despesas com saúde / educação
A23: =A22+1 -> 106 | B23: Incêndios | N23: 14. Obtenção de um empréstimo
A24: =A23+1 -> 107 | B24: Alta taxa de doenças nas colheitas | N24: 15. Venda de ativos agrícolas
A25: =A24+1 -> 108 | B25: Alta taxa de doenças animais | N25: 16. Venda de bens domésticos duráveis
A26: =A25+1 -> 109 | B26: Queda significativa nos preços dos produtos agrícolas | N26: 17. Venda de terrenos / edifícios / casas
A27: =A26+1 -> 110 | B27: Preços altos de insumos agrícolas | N27: 18. Aluguer / penhora do seu terreno
A28: =A27+1 -> 111 | B28: Preços altos dos alimentos | N28: 19. Venda de estoques de alimentos
A29: =A28+1 -> 112 | B29: Fim das transferências regulares de outros agregados familiares | N29: 20. Maior prática da pesca
A30: =A29+1 -> 113 | B30: Perda significativa de renda do agregado familiar fora da fazenda (exceto devido a acidente ou doença) | N30: 21. Venda de gado
... A35: =A34+1 -> 118 | B35: Conflito de fazendeiros / pastores | N35: 26. Nenhuma estratégia
A36: =A35+1 -> 119 | B36: Conflito armado / violência / insegurança
A37: =A36+1 -> 120 | B37: Ataques de gafanhotos ou outras pragas de plantações
A38: =A37+1 -> 121 | B38: Deslizamento de terra
A39: =A38+1 -> 122 | B39: Outro especificar)

Sheet S15_Filet
A1: SECÇÃO 15: REDES DE SEGURANÇA | O1: SECÇÃO 15: REDES DE SEGURANÇA
B2: (15.00) Escreva o código ID do respondente principal da secção: | P2: (15.00) Escreva o código ID do respondente principal da secção:
A4: 15.01 | C4: =A4+0.01 -> 15.02 | D4: =C4+0.01 -> 15.03 | E4: =D4+0.01 -> 15.04 | F4: =E4+0.01 -> 15.05 | G4: =F4+0.01 -> 15.06 | H4: =G4+0.01 -> 15.07 | I4: =H4+0.01 -> 15.08 | M4: =H4+0.01 -> 15.08 | O4: 15.01 | Q4: =I4+0.01 -> 15.09 | R4: =Q4+0.01 -> 15.1 | T4: =R4+0.01 -> 15.11 | V4: =T4+0.01 -> 15.12 | W4: =V4+0.01 -> 15.13
A5: CÓDIGO DO PROGRAMA | C5: Você ou algum outro membro do agregado já ouviu falar do [PROGRAMA]? | D5: Nos últimos 12 meses, o agregado familiar ou um dos seus membros se inscreveu para o [PROGRAMA] abaixo? | E5: Por que você não se inscreveu em [PROGRAMA]? | F5: Durante os últimos 12 meses, o agregado ou um de seus membros se beneficiou do [PROGRAMA] abaixo? | G5: Por que o agregado ou um de seus membros não se beneficiou? | H5: Foi todo o seu agregado que se beneficiou dessa assistência ou algumas pessoas específicas? | I5: Quais são os números de ordem dos membros do agregado que beneficiaram com esta assistência? | M5: Quem controla principalmente a receita dessa assistência ”, prever dois códigos para a resposta | O5: CÓDIGO DO PROGRAMA | Q5: Durante os últimos 12 meses, quantas vezes o agregado recebeu essa assistência? | R5: Durante os últimos 12 meses, por quanto tempo o agregado recebeu essa assistência? Marque o número de meses ou dias e a unidade de tempo escolhida | T5: Em que data (mês de 2 dígitos e ano de 4 dígitos) o agregado familiar recebeu esta assistência pela última vez nos últimos 12 meses? | V5: Você teve alguma dificuldade para receber o último pagamento do [PROGRAMA]? | W5: Qual foi a principal dificuldade em receber o último pagamento deste [PROGRAMA]?
I10: Se a pessoa não for mais membro do agregado, escreva 98
B11: As bolsas de estudo, pensões (reforma, invalidez) e os subsídios para fertilizantes /adubos agrícolas não são considerados nos programas abaixo | E11: =CONCATENATE("1 Não elegível 2 Não sabe se é elegível 3 Não sabe como se inscrever 4 Elegível, mas o procedimento é muito restritivo 5 Elegível, mas não necessário 6 Candidatou-se nos últimos 12 meses 7 Não é necessário 8 Outra ") -> 1 Não elegível 2 Não sabe se é elegível 3 Não sabe como se inscrever 4 Elegível, mas o procedimento é muito restritivo 5 Elegível, mas não necessário 6 Candidatou-se nos últimos 12 meses 7 Não é necessário 8 Outra | P11: As bolsas de estudo, as pensões (reforma, invalidez) e os subsídios a fertilizantes/adubos agrícolas não são tidos em conta nos programas abaixos
G12: 1. Não elegível 2. Problema técnico no ponto de pagamento 3. Distância até o ponto de pagamento muito longa 4. Ausência de pessoal no ponto de pagamento 5. Paragem temporário do programa devido ao COVID-19 6. Outro (a ser especificado)
V14: 1 Sim | W14: 1 Problemas técnicos no ponto de pagamento
V15: 2 Não ► Programa seguinte | W15: 2 Distância muito longe
C16: 1 Sim | D16: =CONCATENATE("1 Sim ►(",TEXT(F4,"0,00"),")") -> 1 Sim ►(15,05) | F16: =CONCATENATE("1 Sim ►(",TEXT(H4,"0,00"),")") -> 1 Sim ►(15,07) | H16: =CONCATENATE("1 Agregado ►","(",TEXT(Q4,"0,00"),")") -> 1 Agregado ►(15,09) | R16: Unidade de Tempo | W16: 3 Tempo de espera muito longa
C17: 2 Não ►Linha seguinte | D17: 2 Não | F17: 2 Não | H17: 2 Individuo | R17: 1 | S17: Mês | W17: 4 Ausência de pessoal
R18: 2 | S18: Dia | W18: 5 Outro (a ser especificado)
I20: Individuo 1 | J20: Individuo 2 | K20: Individuo 3 | L20: Individuo 4 | M20: Individuo 1 | N20: Individuo 2
G21: ►►Linha seguinte | S21: Unidade de Tempo
C22: CÓDIGO | D22: CÓDIGO | E22: CÓDIGO | F22: CÓDIGO | G22: CÓDIGO | H22: CÓDIGO | I22: CÓDIGO ID | J22: CÓDIGO ID | K22: CÓDIGO ID | L22: CÓDIGO ID | M22: CÓDIGO ID | N22: CÓDIGO ID | Q22: NÚMERO | R22: NÚMERO | T22: MÊS | U22: ANOS | V22: CÓDIGO | W22: CÓDIGO
A23: 01 | B23: Doação de cereais (arroz, milho preto, bacil, cavalo e trigo) | O23: 01 | P23: Doação de cereais (arroz, milho preto, bacil, cavalo e trigo)
A24: =A23+1 -> 2 | B24: Doação de farinhas de cereais (sêmola) | O24: =O23+1 -> 2 | P24: Doação de farinhas de cereais (sêmola)
A25: =A24+1 -> 3 | B25: Doação de alimentos para alunos na escola | O25: =O24+1 -> 3 | P25: Doação de alimentos para alunos na escola
A26: =A25+1 -> 4 | B26: Alimentos a troco de trabalho | O26: =O25+1 -> 4 | P26: Alimentos a troco de trabalho
A27: =A26+1 -> 5 | B27: Suplemento alimentar para crianças subnutridas | O27: =O26+1 -> 5 | P27: Suplemento alimentar para crianças subnutridas
A28: =A27+1 -> 6 | B28: Obras públicas de mão de obra intensiva (dinheiro pelo trabalho) | O28: =O27+1 -> 6 | P28: Obras públicas de mão de obra intensiva (dinheiro pelo trabalho)
A29: =A28+1 -> 7 | B29: Transferências de dinheiro do governo / ONG, etc. | O29: =O28+1 -> 7 | P29: Transferências de dinheiro do governo / ONG, etc.
A30: =A29+1 -> 8 | B30: Programa de tratamento de mulheres grávidas | O30: =O29+1 -> 8 | P30: Programa de tratamento de mulheres grávidas
A31: =A30+1 -> 9 | B31: Cuidados para crianças com menos de 5 anos | O31: =O30+1 -> 9 | P31: Cuidados para crianças com menos de 5 anos
A32: 10 | B32: Doação de mosquiteiro impregnado | O32: 10 | P32: Doação de mosquiteiro impregnado
A33: 11 | B33: Materias de prevenção do Covid-19 (Mascaras, gel, balde de lavagem de mãos, etc) | O33: 11 | P33: Materias de prevenção do Covid-19 (Mascaras, gel, balde de lavagem de mãos, etc)

Sheet S16a_Agri
B1: Lista dos campos e parcelas exploradas pelo agregado familiar | Q1: SECÇÃO 16: AGRICULTURA | Y1: SECÇÃO 16: AGRICULTURA | AT1: SECÇÃO 16: AGRICULTURA | BT1: SECÇÃO 16: AGRICULTURA | CO1: SECÇÃO 16: AGRICULTURA | DF1: SECÇÃO 16: AGRICULTURA | DR1: SECÇÃO 16: AGRICULTURA | ED1: SECÇÃO 16: AGRICULTURA
B2: (16A.00) Pelo menos um membro do agregado familiar cultivou terras (incluindo culturas perenes) de sua propriedade ou não, durante a campanha de inverno de 2021/2022? | Q2: PARTE A: PARCELAS | Y2: PARTE A: PARCELAS | AT2: PARTE A: PARCELAS | BT2: PARTE A: PARCELAS | CO2: PARTE A: PARCELAS | DF2: PARTE A: PARCELAS | DR2: PARTE A: PARCELAS | ED2: PARTE A: PARCELAS
C4: 1=Sim 2=Não ► Secção 17
A5: Número de identificação da parcela | B5: (16A.01) | C5: (16A.02) | D5: (16A.03) | E5: (16A.04) | F5: (16A.05) | G5: (16A.06) | H5: (16A.07) | I5: (16A.08) | K5: (16A.09) | M5: (16A.10) | N5: (16A.11) | O5: (16A.12) | P5: (16A.13) | Q5: (16A.14) | S5: (16A.14a) | U5: (16A.14b) | W5: (16A.15) | X5: (16A.16) | Y5: (16A.17) | Z5: (16A.18) | AA5: (16A.19) | AB5: (16A.20) | AC5: (16A.21) | AD5: (16A.22) | AE5: (16A.23) | AF5: (16A.24) | AH5: (16A.25) | AI5: (16A.26) | AJ5: (16A.27) | AK5: (16A.28) | AL5: (16A.29) | AT5: (16A.30) | AU5: (16A.31) | BC5: (16A.32) | BD5: (16A.33) | BT5: (16A.34) | BU5: (16A.35) | CK5: (16A.36) | CL5: (16A.37) | DB5: (16A.38) | DC5: (16A.39) | DO5: (16A.40) | DP5: (16A.41) | EB5: (16A.42) | EC5: (16A.43) | EO5: (16A.44) | EP5: (16A.45) | EQ5: (16A.46) | ES5: (16A.47) | ET5: (16A.48)
B6: ORDEM DE REGISTO | C6: Número de ordem do campo | D6: Número da parcela no campo | E6: Qual é o número de ordem do respondente relativo a esta parcela? | F6: =CONCATENATE("Qual é o modo de gestão da parcela? 1=Individual 2=Coletivo►",H5) -> Qual é o modo de gestão da parcela? 1=Individual 2=Coletivo►(16A.07) | G6: Qual é número de ordem da pessoa que explora a parcela? (Utilize as identificações da secção B das características demográficas do agregado familiar) | H6: Quantas culturas existem nesta parcela para a campanha de 2021/2022? | I6: Qual é a principal cultura desta parcela durante a campanha de 2021/2022? | K6: Qual é a área da parcela segundo o explorador (Especificar a área em hectares ou em metros quadrados com duas casas decimais) Unidade: 1. Hectare (Ha) 2. Metro quadrado (m2) | M6: Qual é o modelo de ocupaçao desta parcela? | N6: Qual é número de ordem do proprietário da parcela? (Utilize as identificações da secção das características demográficas do agregado familiar) | O6: Qual é o modo de aquisição desta parcela? 1=Compra 2=Herança 3=Casamento 4=Doação 5=Empréstimo 6=Outro (especificar) | P6: =CONCATENATE("Possui algum documento legal (título, escritura, certificado, etc.) que ateste a sua posse desta parcela? 1=Título fundiário 2=Licença de exploração 3=Registo 4=Locação 5=Convençao de venda 6=Outro 7=Nenhum ►",W5) -> Possui algum documento legal (título, escritura, certificado, etc.) que ateste a sua posse desta parcela? 1=Título fundiário 2=Licença de exploração 3=Registo 4=Locação 5=Convençao de venda 6=Outro 7=Nenhum ►(16A.15) | Q6: Quais são os membros do agregado familiar que figuram neste documento legal? | S6: Quais são os membros que têm o direito de vender esta parcela? | U6: Quem são os membros que têm o direito de transmitir esta parcela como herança? | W6: =CONCATENATE("Considera que há um risco de discordância relativamente aos seus direitos associados a esta parcela nos próximos 5 anos? 1=Sim 2=Não ►",Y5,) -> Considera que há um risco de discordância relativamente aos seus direitos associados a esta parcela nos próximos 5 anos? 1=Sim 2=Não ►(16A.17) | X6: Qual é a principal fonte de preocupação? | Y6: Qual é a principal fonte de abastecimento de água desta parcela? | Z6: Qual é o tipo de solo desta parcela? | AA6: Qual é a topografia desta parcela? | AB6: Como avalia a fertilidade desta parcela? | AC6: Quanto tempo precisa percorrer com meio usual entre esta parcela e a habitação? | AD6: =CONCATENATE("Utilizou resíduos animais nesta parcela durante esta campanha? 1=Sim 2=Não ►",AH5) -> Utilizou resíduos animais nesta parcela durante esta campanha? 1=Sim 2=Não ►(16A.25) | AE6: Qual foi o principal modo de aquisição destes resíduos animais? 1=Estrumação direta 2=Estrumação indireta 3=Compra 4=Animais próprios 5=Outro (especificar) | AF6: "Que quantidade de estrume você aplicou no terreno? [Digite 98 para os casos de estrumamento direto ou indireto em que o respondente não pode determinar a quantidade] Código da Unidade 1 = Kg 2 = Saco grande 3 = Saco médio 4 = Saco pequeno 5 = Carrinho de burro 6 = Carrinho de carne 7 = Balde 8 = Cesta 9= Caminhão basculante 10= Outro a especificar " | AH6: Utilizou lixo doméstico e outros nesta parcela durante esta campanha? 1=Sim 2=Não►(16A.30) | AI6: Quantas vezes aplicou lixo doméstico nesta parcela durante esta campanha? | AJ6: Utizou adubos inorgânicos/químicos nesta parcela durante esta campanha? 1=Sim 2=Não►(16A.30) | AK6: Quantas vezes aplicou adubo inorgânico nesta parcela durante esta campanha? | AL6: Adubos inorgânicos/químicos | AT6: =CONCATENATE("Utilizou produtos fitossanitários nesta parcela durante esta campanha? 1=Sim 2=Não ►",TEXT(BC5,"(0.00)")) -> Utilizou produtos fitossanitários nesta parcela durante esta campanha? 1=Sim 2=Não ►(16A.32) | AU6: Produtos fitossanitários | BC6: =CONCATENATE("Utilizou mão de obra familiar nestas parcelas durante a campanha de 2021/2022 para o período de preparação do solo (lavoura) e de sementeira? 1=Sim 2=Não ►",BT5) -> Utilizou mão de obra familiar nestas parcelas durante a campanha de 2021/2022 para o período de preparação do solo (lavoura) e de sementeira? 1=Sim 2=Não ►(16A.34) | BD6: Em relação aos membros do agregado familiar que trabalharam na parcela durante o período de preparação da terra e da sementeira, o número de dias trabalhado por cada pessoa | BT6: =CONCATENATE("Utilizou mão de obra familiar nestas parcelas durante a campanha de 2021/2022 para o período de manutenção do solo (monda, etc.)? 1=Sim 2=Não ►",CK5) -> Utilizou mão de obra familiar nestas parcelas durante a campanha de 2021/2022 para o período de manutenção do solo (monda, etc.)? 1=Sim 2=Não ►(16A.36) | BU6: Em relação aos membros do agregado familiar que trabalharam na parcela para a monda ou manutenção do solo, o número de dias trabalhado por cada pessoa | CK6: =CONCATENATE("Utilizou mão de obra familiar nestas parcelas durante a campanha de 2021/2022 para o período das colheitas? 1=Sim 2=Não ►",DB5) -> Utilizou mão de obra familiar nestas parcelas durante a campanha de 2021/2022 para o período das colheitas? 1=Sim 2=Não ►(16A.38) | CL6: Em relação aos membros do agregado familiar que trabalharam na parcela durante as colheitas, o número de dias trabalhado por cada pessoa | DB6: =CONCATENATE("Utilizou mão de obra não familiar nestas parcelas durante a campanha de 2021/2022 para o período de preparação do solo (lavoura) e sementeira? 1=Sim 2=Não ►",DO5) -> Utilizou mão de obra não familiar nestas parcelas durante a campanha de 2021/2022 para o período de preparação do solo (lavoura) e sementeira? 1=Sim 2=Não ►(16A.40) | DC6: Em relação à mão de obra não familiar que trabalhou na parcela durante o período de preparação da terra (lavoura) e da sementeira, indique o número de pessoas de cada categoria, o número total de dias trabalhado por cada categoria e o salário total pago a cada categoria de pessoas | DO6: =CONCATENATE("Utilizou mão de obra não familiar nestas parcelas durante a campanha de 2021/2022 para o período de DL6? 1=Sim 2=Não ►",EB5) -> Utilizou mão de obra não familiar nestas parcelas durante a campanha de 2021/2022 para o período de DL6? 1=Sim 2=Não ►(16A.42) | DP6: Em relação à mão de obra não familiar que trabalhou na parcela durante o período de manutenção do solo (monda, etc.), indique o número de pessoas de cada categoria, o número total de dias trabalhado por cada categoria e o salário total pago a cada categoria de pessoas | EB6: =CONCATENATE("Utilizou mão de obra não familiar nestas parcelas durante a campanha de 2021/2022 para o período das colheitas? 1=Sim 2=Não ►",EO5) -> Utilizou mão de obra não familiar nestas parcelas durante a campanha de 2021/2022 para o período das colheitas? 1=Sim 2=Não ►(16A.44) | EC6: Em relação à mão de obra não familiar que trabalhou na parcela durante o período das colheitas, indique o número de pessoas de cada categoria, o número total de dias trabalhado por cada categoria e o salário total pago a cada categoria de pessoas | EO6: Qual é o modo de lavoura da parcela durante a campanha de 2021/2022? 1=Sem lavoura 2=Manual 3=Rebocado 4=Motorizado | EP6: =CONCATENATE("A parcela foi medida por GPS? 1=Sim 2=Não ►",ET5) -> A parcela foi medida por GPS? 1=Sim 2=Não ►(16A.48) | EQ6: Coordenadas GPS da parcela | ES6: Qual é a área da parcela (em hectares) de acordo com as medidas GPS? ►► (parcela seguinte) | ET6: Qual a razão principal para a parcela não ter sido medida? 1=Demasiado pequena 2=GPS avariado 3=Indisponibilidade do agregado 4= Demasiado distante 5 = Outra (especificar)
B7: (COMEÇAR POR ELABORAR A LISTA DE TODOS OS CAMPOS E EM SEGUIDA DAS PARCELAS NOS CAMPOS EXPLORADOS PELO AGREGADO FAMILIAR EM 2021/2022) | AL7: Código da Unidade: 1=Quilograma 2=Tonelada 3=Saco 4=Outro | AU7: Que quantidade de pesticidas utilizou? Escrever zero se não tiverem sido utilizados pesticidas Código da Unidade 1=Grama 2=Kg 3=Litros 4=Saquinho | AW7: Que quantidade de fungicidas utilizou? Escrever zero se não tiverem sido utilizados fungicidas Código da Unidade 1=Grama 2=Kg 3=Litros 4=Saquinho | AY7: Que quantidade de herbicidas utilizou? Escrever zero se não tiverem sido utilizados herbicidas Código da Unidade 1=Grama 2=Kg 3=Litros 4=Saquinho | BA7: Que quantidade de outros produtos fitossanitários (raticidas, etc.) utilizou? Escrever zero se não tiverem sido utilizados outros produtos Código da Unidade 1=Grama 2=Kg 3=Litros 4=Saquinho
Q9: (Utilize as identificações da secção das características demográficas do agregado familiar) | S9: (Utilize as identificações da secção das características demográficas do agregado familiar) | U9: (Utilize as identificações da secção das características demográficas do agregado familiar) | AL9: Que quantidade de ureia utilizou? Escrever zero se não tiver sido utilizada ureia | AN9: Que quantidade de fosfatos utilizou? Escrever zero se não tiverem sido utilizados fosfatos | AP9: Que quantidade de NPK/Fórmula única utilizou? Escrever zero se não tiver sido utilizado NPK | AR9: Que quantidade de DAP ou outros adubos químicos utilizou? Escrever zero se não tiverem sido utilizados outros adubos químicos
M10: =CONCATENATE("1=Proprietário") -> 1=Proprietário | Z10: 1=Arenoso
M11: 2=Empréstimo a título gratuito ►(16A.17) | X11: 1=Litígio sobre limites de terreno 2=Propriedade: ligada à herança 3=Propriedade: ligada à venda 4=Propriedade: expropriação 5=Outra (especificar) | Z11: 2=Limoso | AA11: 1=Colina
M12: =CONCATENATE("3=Arrendamento ►",Y5, " 4=Parceria ►",Y5) -> 3=Arrendamento ►(16A.17) 4=Parceria ►(16A.17) | Y12: 1 = Irrigação, poço próprio | Z12: 3=Argiloso | AA12: 2=Planície | AB12: 1=Boa
M13: =CONCATENATE("5=Penhora ►",Y5) -> 5=Penhora ►(16A.17) | Y13: 2 = Irrigação canal | Z13: 4=Talude | AA13: 3=Declive suave | AB13: 2=Média
M14: =CONCATENATE("6=Outro ►",Y5) -> 6=Outro ►(16A.17) | Y14: 3 = Irrigação regato | Z14: 5=Outro | AA14: 4=Declive acentuado | AB14: 3=Fraca
Y15: 4 = Pluvial | AA15: 5=Vale
Y16: 5 = Pântano/"wetlands" | AA16: 6=Outro
Y17: 6 = Outro (especificar)
Q18: Pessoa 1 | R18: Pessoa 2 | S18: Pessoa 1 | T18: Pessoa 2 | U18: Pessoa 1 | V18: Pessoa 2 | AF18: Quantidade | AG18: Unidade | AL18: Quantidade | AM18: Unidade | AN18: Quantidade | AO18: Unidade | AP18: Quantidade | AQ18: Unidade | AR18: Quantidade | AS18: Unidade | AU18: Quantidade | AV18: Unidade | AW18: Quantidade | AX18: Unidade | AY18: Quantidade | AZ18: Unidade | BA18: Quantidade | BB18: Unidade | BD18: Indivíduo 1 | BF18: Indivíduo 2 | BH18: Indivíduo 3 | BJ18: Indivíduo 4 | BL18: Indivíduo 5 | BN18: Indivíduo 6 | BP18: Indivíduo 7 | BR18: Indivíduo 8 | BU18: Indivíduo 1 | BW18: Indivíduo 2 | BY18: Indivíduo 3 | CA18: Indivíduo 4 | CC18: Indivíduo 5 | CE18: Indivíduo 6 | CG18: Indivíduo 7 | CI18: Indivíduo 8 | CL18: Indivíduo 1 | CN18: Indivíduo 2 | CP18: Indivíduo 3 | CR18: Indivíduo 4 | CT18: Indivíduo 5 | CV18: Indivíduo 6 | CX18: Indivíduo 7 | CZ18: Indivíduo 8 | DC18: Homens (15 anos ou mais) | DF18: Mulheres (15 anos ou mais) | DI18: Rapazes (menos de 15 anos) | DL18: Raparigas (menos de 15 anos) | DP18: Homens (15 anos ou mais) | DS18: Mulheres (15 anos ou mais) | DV18: Rapazes (menos de 15 anos) | DY18: Raparigas (menos de 15 anos) | EC18: Homens (15 anos ou mais) | EF18: Mulheres (15 anos ou mais) | EI18: Rapazes (menos de 15 anos) | EL18: Raparigas (menos de 15 anos)
B19: NOME (ATRIBUÍDO AO LOCAL) | C19: N.º | D19: N.º | E19: CÓDIGO ID: | F19: CÓDIGO | G19: CÓDIGO ID: | H19: NÚMERO | I19: NOME | J19: CÓDIGO | K19: NÚMERO | L19: Unidade | M19: CÓDIGO | N19: CÓDIGO ID: | O19: CÓDIGO | P19: CÓDIGO | Q19: CÓDIGO ID: | R19: CÓDIGO ID: | S19: CÓDIGO ID: | T19: CÓDIGO ID: | U19: CÓDIGO ID: | V19: CÓDIGO ID: | W19: CÓDIGO | X19: CÓDIGO | Y19: CÓDIGO | Z19: CÓDIGO | AA19: CÓDIGO | AB19: CÓDIGO | AC19: MINUTOS | AD19: CÓDIGO | AE19: CÓDIGO | AF19: NÚMERO | AG19: CÓDIGO | AH19: CÓDIGO | AI19: NÚMERO | AJ19: CÓDIGO | AK19: NÚMERO | AL19: NÚMERO | AM19: CÓDIGO | AN19: NÚMERO | AO19: CÓDIGO | AP19: NÚMERO | AQ19: CÓDIGO | AR19: NÚMERO | AS19: CÓDIGO | AT19: CÓDIGO | AU19: NÚMERO | AV19: CÓDIGO | AW19: NÚMERO | AX19: CÓDIGO | AY19: NÚMERO | AZ19: CÓDIGO | BA19: NÚMERO | BB19: CÓDIGO | BC19: CÓDIGO | BD19: ID | BE19: DIAS | BF19: ID | BG19: DIAS | BH19: ID | BI19: DIAS | BJ19: ID | BK19: DIAS | BL19: ID | BM19: DIAS | BN19: ID | BO19: DIAS | BP19: ID | BQ19: DIAS | BR19: ID | BS19: DIAS | BT19: CÓDIGO | BU19: ID | BV19: DIAS | BW19: ID | BX19: DIAS | BY19: ID | BZ19: DIAS | CA19: ID | CB19: DIAS | CC19: ID | CD19: DIAS | CE19: ID | CF19: DIAS | CG19: ID | CH19: DIAS | CI19: ID | CJ19: DIAS | CK19: CÓDIGO | CL19: ID | CM19: DIAS | CN19: ID | CO19: DIAS | CP19: ID | CQ19: DIAS | CR19: ID | CS19: DIAS | CT19: ID | CU19: DIAS | CV19: ID | CW19: DIAS | CX19: ID | CY19: DIAS | CZ19: ID | DA19: DIAS | DB19: CÓDIGO | DC19: Efetivo | DD19: Dias | DE19: Salários | DF19: Efetivo | DG19: Dias | DH19: Salários | DI19: Efetivo | DJ19: Dias | DK19: Salários | DL19: Efetivo | DM19: Dias | DN19: Salários | DO19: CÓDIGO | DP19: Efetivo | DQ19: Dias | DR19: Salários | DS19: Efetivo | DT19: Dias | DU19: Salários | DV19: Efetivo | DW19: Dias | DX19: Salários | DY19: Efetivo | DZ19: Dias | EA19: Salários | EB19: CÓDIGO | EC19: Efetivo | ED19: Dias | EE19: Salários | EF19: Efetivo | EG19: Dias | EH19: Salários | EI19: Efetivo | EJ19: Dias | EK19: Salários | EL19: Efetivo | EM19: Dias | EN19: Salários | EO19: CÓDIGO | EP19: CÓDIGO | EQ19: Latitude | ER19: Longitude | ES19: HA | ET19: CÓDIGO
A20: 01
A21: 02
A22: 03
A23: 04
A24: 05
A25: 06
A26: 07
A27: 08
A28: 09
A29: 10
A30: 11
A31: 12
... A34: 15

Sheet S16b_Agri
A1: SECÇÃO 16: AGRICULTURA
A2: PARTE B: CUSTO DOS INSUMOS | E2: (16B.00) Qual é o código ID do respondente?
A4: (16B.01) | C4: (16B.02) | D4: (16B.03) | F4: (16B.04) | G4: (16B.05) | H4: (16B.06) | I4: (16B.07) | K4: (16B.08) | L4: (16B.09)
A5: Tipo de insumos | C5: Utilizou [INSUMO]? 1=Sim 2=Não ►INSUMO SEGUINTE | D5: Recorda-se da quantidade total de [INSUMO] utilizada durante a estação das chuvas de 2021/2022? 01=Grama 02=Quilograma 03=Tonelada 04=Litro 05=Carroça 06= Saco 07=Bacia 08=Outras (a precisar) | F5: Onde adquiriu a maior parte de [INSUMO]? 1=Cooperativa 2=Mercado/loja 3=Autoprodução 4=Outro lavrador ou agregado familiar 5=Animais no campo 6= Estrutura estatal 7= Banco cerealífero 8=Outro (especificar) | G5: Obteve algum [INSUMO] sob forma de presente ou doação? 1=Sim 2=Não ► (16B.08) | H5: Junto de quem você recebeu seu presente / doação principalmente? 1 = Outro agregado familiar 2 = Estado 3 = ONG 4 = Associação / Grupo de Aldeia 5 = Outro (a ser especificado) | I5: Na sua opinião, qual é a quantidade de [INSUMO] recebida na forma de presente ou doação? 01=Grama 02=Quilograma 03=Tonelada 04=Litro 05=Carroça 06= Saco 07=Bacia 08=Outra (a precisar) | K5: Comprou algum [INSUMO]? 1=Sim 2=Não ►Insumo seguinte | L5: Qual é a quantidade e o valor total de [INSUMO] comprados? 01=Grama 02=Quilograma 03=Tonelada 04=Litro 05=Carroça 06= Saco 07=Bacia 08=Outras (a precisar)
D17: QUANTIDADE | E17: UNIDADE | I17: QUANTIDADE | J17: UNIDADE | L17: QUANTIDADE | M17: UNIDADE | N17: MONTANTE
A18: Código | B18: Descritivo | C18: CÓDIGO | E18: CÓDIGO | F18: CÓDIGO | G18: CÓDIGO | H18: CÓDIGO | I18: NÚMERO | J18: CÓDIGO | K18: CÓDIGO | L18: NÚMERO | M18: CÓDIGO | N18: FRANCOS CFA
A19: 1 | B19: Adubos orgânicos - estrume animal
A20: =A19+1 -> 2 | B20: Adubos orgânicos - lixo doméstico
A21: =A20+1 -> 3 | B21: Adubos inorgânicos - ureia
A22: =A21+1 -> 4 | B22: Adubos inorgânicos - fosfatos
A23: =A22+1 -> 5 | B23: Adubos inorgânicos - NPK/Fórmula única
A24: =A23+1 -> 6 | B24: DAP e outros adubos inorgânicos
A25: =A24+1 -> 7 | B25: Produtos fitossanitários - Pesticidas
A26: =A25+1 -> 8 | B26: Produtos fitossanitários - Herbicidas
A27: =A26+1 -> 9 | B27: Produtos fitossanitários - Fungicidas
A28: =A27+1 -> 10 | B28: Outros produtos fitossanitários
A29: =A28+1 -> 11 | B29: Sementes de milho preto
A30: =A29+1 -> 12 | B30: Sementes de milho cavalo
A31: =A30+1 -> 13 | B31: Sementes de milho bacil
... A39: =A38+1 -> 21 | B39: Outras sementes

Sheet S16c_Agri
B1: Lista das culturas nos campos e parcelas explorados pelo agregado familiar | J1: SECÇÃO 16: AGRICULTURA
J2: PARTE C: CULTURAS
A4: Número de identificação da cultura na parcela | B4: (16C.01) | C4: (16C.02) | D4: (16C.03) | E4: (16C.04) | F4: (16C.05) | G4: (16C.06) | H4: (16C.07) | I4: (16C.08) | J4: (16C.09) | K4: =CONCATENATE("(16C.",TEXT(K34,"00"),")") -> (16C.00) | M4: =CONCATENATE("(16C.",TEXT(M34,"00"),")") -> (16C.00) | N4: =CONCATENATE("(16C.",TEXT(N34,"00"),")") -> (16C.00) | O4: =CONCATENATE("(16C.",TEXT(O34,"00"),")") -> (16C.00) | P4: =CONCATENATE("(16C.",TEXT(P34,"00"),")") -> (16C.00) | Q4: =CONCATENATE("(16C.",TEXT(Q34,"00"),")") -> (16C.00) | R4: =CONCATENATE("(16C.",TEXT(R34,"00"),")") -> (16C.00)
C5: Número de ordem do campo | D5: Número de ordem da parcela | E5: Código da cultura | F5: Nome da cultura na parcela (escrever os nomes das culturas praticadas no agregado familiar e o código correspondente em 16C.04) | G5: Qual é número de ordem do respondente relativo a esta cultura nesta parcela? | H5: =CONCATENATE("Que sistema de cultura utilizou? 1 = Pura ►",J4," 2 = Associação de culturas") -> Que sistema de cultura utilizou? 1 = Pura ►(16C.09) 2 = Associação de culturas | I5: Que percentagem da parcela ocupou esta cultura? | J5: Que tipo de semente você usou principalmente para esta cultura? 1 = locais 2 = Melhorado (novo) 3 = Melhorado (reciclado) | K5: Que Quantidade de semente você aplicou na parcela? (Para culturas perenes, coloque 9999) Código: 1 = grama 2 = kilograma | M5: "Terminou de colher esta cultura? 1 = Sim ► (16C.16) 2 = Não 3 = Sem colheita ► (16C.14) " | N5: =CONCATENATE("Que porcentagem da área você ainda tem para colher? Se 100% (colheita não iniciada) ► Próximo cultura ") -> Que porcentagem da área você ainda tem para colher? Se 100% (colheita não iniciada) ► Próximo cultura | O5: =CONCATENATE("A área colhida foi menor do que a área plantada neste parcela? 1 = Sim 2 = Não ►",R4 ) -> A área colhida foi menor do que a área plantada neste parcela? 1 = Sim 2 = Não ►(16C.00) | P5: Por que você não conseguiu colher toda a superfície do terreno ou por que perdeu toda a colheita? 1 = Seca 2 = Fogo 3 = insetos 4 = Animais 5 = Roubos 6 = Doença de planta 7 = Falta de mão de obra 8 = Outro | Q5: Qual porcentagem do terreno foi perdida? Se 100% da parcela ► Próxima cultura | R5: =CONCATENATE("Qual a quantidade já colhida na presente campanha ", [2]Variables!C4, "?") -> Qual a quantidade já colhida na presente campanha 2021/2022?
B6: ORDEM DE REGISTO
R7: Código Unidade:
B8: (CONTINUAR COM A MESMA ORDEM DOS CAMPOS E PARCELAS DA SECÇÃO 16A E ENUMERAR, PARA CADA PARCELA, TODAS AS CULTURAS, UMA CULTURA POR LINHA E POR PARCELA) | R8: 1=Kg, 2=Unidade, 3=Bacia, 4=Tina, 5=Saco Pequeno, 6=Saco Médio, 7=Saco grande, 8=Balde, 9=Outra (especificar)
R11: Registamos a quantidade de acordo com a UML declarada na coluna seguinte. Na coluna ESTADO, o estado do produto é especificado em consistência com a quantidade e a unidade declarada. Na coluna Equivalente em Kg, indicamos o peso em kg de UMA UML no estado indicado
R14: Código Estado:
R15: 1 = espiga/catcho, 2 = grão, 3 = descascado, 4= Não descascado, 5=NA
K17: Quantidade | L17: Unidade | R17: Quantidade em UML | S17: UML | T17: Equivalente em kg para 1 UML | U17: Estado do produto
B18: NOME (ATRIBUÍDO AO LOCAL) | C18: CÓDIGO | D18: CÓDIGO | E18: CÓDIGO | F18: NOME | G18: CÓDIGO ID: | H18: CÓDIGO | I18: PERCENTAGENS | J18: CÓDIGO | K18: NÚMERO | L18: CÓDIGO | M18: CÓDIGO | N18: POURCENTS | O18: CÓDIGO | P18: CÓDIGO | Q18: NÚMERO | R18: NÚMERO | S18: CÓDIGO | T18: NÚMERO | U18: CÓDIGO
A19: 01
A20: 02
A21: 03
A22: 04
A23: 05
A24: 06
A25: 07
A26: 08
A27: 09
A28: 10
A29: 11
A30: 12
... A33: 15

Sheet S16d_Agri
B1: =CONCATENATE("Lista das culturas nos campos e parcelas explorados pelo agregado familiar ",[2]Variables!C4) -> Lista das culturas nos campos e parcelas explorados pelo agregado familiar 2021/2022 | O1: SECÇÃO 16: AGRICULTURA | R1: SECÇÃO 16: AGRICULTURA | Y1: SECÇÃO 16: AGRICULTURA
O2: PARTE D: UTILIZAÇÃO DA PRODUÇÃO | R2: PARTE D: UTILIZAÇÃO DA PRODUÇÃO | Y2: PARTE D: UTILIZAÇÃO DA PRODUÇÃO
A4: Número de identificação da cultura na parcela | B4: =CONCATENATE("(16D.",TEXT(B34,"00"),")") -> (16D.00) | C4: =CONCATENATE("(16D.",TEXT(C34,"00"),")") -> (16D.01) | D4: =CONCATENATE("(16D.",TEXT(D34,"00"),")") -> (16D.02) | G4: =CONCATENATE("(16D.",TEXT(G34,"00"),")") -> (16D.03) | J4: =CONCATENATE("(16D.",TEXT(J34,"00"),")") -> (16D.04) | K4: =CONCATENATE("(16D.",TEXT(K34,"00"),")") -> (16D.05) | O4: =CONCATENATE("(16D.",TEXT(O34,"00"),")") -> (16D.06) | P4: =CONCATENATE("(16D.",TEXT(P34,"00"),")") -> (16D.07) | Q4: =CONCATENATE("(16D.",TEXT(Q34,"00"),")") -> (16D.08) | R4: =CONCATENATE("(16D.",TEXT(R34,"00"),")") -> (16D.09) | S4: =CONCATENATE("(16D.",TEXT(S34,"00"),")") -> (16D.10) | T4: =CONCATENATE("(16D.",TEXT(T34,"00"),")") -> (16D.11) | U4: =CONCATENATE("(16D.",TEXT(U34,"00"),")") -> (16D.12) | V4: =CONCATENATE("(16D.",TEXT(V34,"00"),")") -> (16D.13) | Y4: =CONCATENATE("(16D.",TEXT(Y34,"00"),")") -> (16D.14) | Z4: =CONCATENATE("(16D.",TEXT(Z34,"00"),")") -> (16D.15) | AA4: =CONCATENATE("(16D.",TEXT(AA34,"00"),")") -> (16D.16) | AB4: =CONCATENATE("(16D.",TEXT(AB34,"00"),")") -> (16D.17) | AE4: =CONCATENATE("(16D.",TEXT(AE34,"00"),")") -> (16D.18) | AF4: =CONCATENATE("(16D.",TEXT(AF34,"00"),")") -> (16D.19) | AG4: =CONCATENATE("(16D.",TEXT(AG34,"00"),")") -> (16D.20)
C5: Código da cultura | D5: Qual é a quantidade já consumida no agregado familiar? (escrever 0 se o consumo for nulo, escrever a quantidade consumida em UML da coluna seguinte) | G5: Qual é a quantidade deste produto oferecido (donativo/presente) a outros agregados familiares? (Escrever 0 se não tiverem sido feitas doações, escrever a quantidade doada em UML da coluna seguinte) | J5: =CONCATENATE("Foi vendida alguma parte da produção? 1=Sim 2=Não ►",U4,) -> Foi vendida alguma parte da produção? 1=Sim 2=Não ►(16D.12) | K5: Qual é a quantidade já vendida deste produto? (escrever nesta coluna a quantidade vendida em UML da coluna seguinte) | O5: Qual foi a receita da venda deste produto? | P5: Quem é a pessoa que controla a receita dessa venda? (Digite o número do ID da pessoa) | Q5: Para quem você vendeu principalmente? 1 = Mercado 2 = Família / Individual 3 = Cooperativa 4 = Operador privado 5 = Estado 6 = Bancos de cereais 5 = Outro (a especificado) | R5: =CONCATENATE("Você vendeu algum resto da produção de [CULTURA]? 1 = Sim 2 = Não ►",T4) -> Você vendeu algum resto da produção de [CULTURA]? 1 = Sim 2 = Não ►(16D.11) | S5: Quel revenu avez vous tiré de la vente des résidus de [CULTURA]? | T5: Qual é o principal método de armazenamento dessa cultura? 1=Celeiro na concessão 2=Celeiro no exterior 3=Armazém 4=Hangar/Barraca 5=Telhado da casa 6= Nenhum método de armazenamento 7=Outro (especificar) | U5: =CONCATENATE("Parte da produção desta campanha está em estoque? 1=Sim 2=Não ►",AF4,) -> Parte da produção desta campanha está em estoque? 1=Sim 2=Não ►(16D.19) | V5: Qual é a quantidade armazenada deste produto da presente campanha (em celeiro e fora de celeiro)? (escrever nesta coluna a quantidade armazenada em UML da coluna seguinte) | Y5: =CONCATENATE("Com que finalidade principal armazena [Nome da cultura]? 1=Consumo próprio 2=Venda a preços mais altos ►",AB4," 3= Venda para outras necessidades ►",AB4," 4=Sementes 5=OutrosAutre (a precisar)") -> Com que finalidade principal armazena [Nome da cultura]? 1=Consumo próprio 2=Venda a preços mais altos ►(16D.17) 3= Venda para outras necessidades ►(16D.17) 4=Sementes 5=OutrosAutre (a precisar) | Z5: =CONCATENATE("Para a produção ainda armazenada, prevê vender mais tarde alguma parte da mesma? 1=Sim ►",AB4, " 2=Não") -> Para a produção ainda armazenada, prevê vender mais tarde alguma parte da mesma? 1=Sim ►(16D.17) 2=Não | AA5: =CONCATENATE("Qual a razão principal para não prever vender pelo menos uma parte da produção? 1=Insuficiente para o agregado familiar 2=Preços baixos 3= Sementes 4=Falta de clientes 5=Ausência de estrada/mercado 6=Outra (especificar) ►►",AF4) -> Qual a razão principal para não prever vender pelo menos uma parte da produção? 1=Insuficiente para o agregado familiar 2=Preços baixos 3= Sementes 4=Falta de clientes 5=Ausência de estrada/mercado 6=Outra (especificar) ►►(16D.19) | AB5: Que quantidade prevê vender da que tem armazenada? (escrever nesta coluna a quantidade armazenada em UML da coluna seguinte) | AE5: =CONCATENATE("A que preço unitário prevê vender segundo a unidade indicada em ",AB4,"?") -> A que preço unitário prevê vender segundo a unidade indicada em (16D.17)? | AF5: Depara com dificuldades para escoar o produto? 1=Sim 2=Não ► Cultura Seguinte | AG5: Quais são as duas principais dificuldades encontradas na venda deste produto? 1 = Distância das estradas 2 = Distância dos mercados 3 = Mercados inacessíveis devido a COVID-19 4 = Custos de transporte elevados 5 = Estrada intransitável 6 = Falta de clientes 7 = Preços baixos 8 = Insegurança 9 = Outro (a ser especificado) ►►Próxima Cultura
B6: ORDEM DE REGISTO
K7: Registamos a quantidade de acordo com a UML declarada na coluna seguinte. Na coluna ESTADO, o estado do produto é especificado em consistência com a quantidade e a unidade declarada. Na coluna Equivalente em Kg, indicamos o peso em kg de UMA UML no estado indicado
B8: REPORTAR AS CULTURAS LISTADAS NA SEÇÃO ANTERIOR (Inserir os nomes das culturas cultivadas no agregado e o código correspondente em 16C.04)
D10: Código Unidade: | G10: Código Unidade: | K10: Código Unidade: | V10: Código Unidade: | AB10: Código Unidade:
D11: 1=Kg, 2=Unidade, 3=Bacia, 4=Tina, 5=Saco Pequeno, 6=Saco Médio, 7=Saco grande, 8=Balde, 9=Outra (especificar) | G11: 1=Kg, 2=Unidade, 3=Bacia, 4=Tina, 5=Saco Pequeno, 6=Saco Médio, 7=Saco grande, 8=Balde, 9=Outra (especificar) | K11: 1=Kg, 2=Unidade, 3=Bacia, 4=Tina, 5=Saco Pequeno, 6=Saco Médio, 7=Saco grande, 8=Balde, 9=Outra (especificar) | V11: 1=Kg, 2=Unidade, 3=Bacia, 4=Tina, 5=Saco Pequeno, 6=Saco Médio, 7=Saco grande, 8=Balde, 9=Outra (especificar) | AB11: 1=Kg, 2=Unidade, 3=Bacia, 4=Tina, 5=Saco Pequeno, 6=Saco Médio, 7=Saco grande, 8=Balde, 9=Outra (especificar)
V13: Código Estado:
D14: Código Estado: | G14: Código Estado: | K14: Código Estado: | V14: 1 = espiga/catcho, 2 = grão, 3 = descascado, 4= Não descascado, 5=NA | AB14: Código Estado:
D15: 1 = espiga/catcho, 2 = grão, 3 = descascado, 4= Não descascado, 5=NA | G15: 1 = espiga/catcho, 2 = grão, 3 = descascado, 4= Não descascado, 5=NA | K15: 1 = espiga/catcho, 2 = grão, 3 = descascado, 4= Não descascado, 5=NA | AB15: 1 = espiga/catcho, 2 = grão, 3 = descascado, 4= Não descascado, 5=NA
D17: Quantidade em UML | E17: UML | F17: Estado do produto | G17: Quantidade em UML | H17: UML | I17: Estado do produto | K17: Quantidade em UML | L17: UML | M17: Equivalente em kg para 1 UML | N17: Estado do produto | S17: Montante em FCFA | V17: Quantidade em UML | W17: UML | X17: Estado do produto | AB17: Quantidade em UML | AC17: UML | AD17: Estado do produto | AE17: Montante em FCFA | AG17: Dificuldade 1 | AH17: Dificuldade 2
B18: NOME DA CULTURA | C18: CÓDIGO | D18: NÚMERO | E18: CÓDIGO | F18: CÓDIGO | G18: NÚMERO | I18: CÓDIGO | J18: CÓDIGO | K18: NÚMERO | L18: CÓDIGO | M18: NÚMERO | N18: CÓDIGO | O18: MONTANTE | P18: CODIGO ID | Q18: CÓDIGO | R18: CÓDIGO | S18: MONTANTE | T18: CÓDIGO | U18: CÓDIGO | V18: NÚMERO | W18: CÓDIGO | X18: CÓDIGO | Y18: CÓDIGO | Z18: CÓDIGO | AA18: CÓDIGO | AB18: NÚMERO | AC18: CÓDIGO | AD18: CÓDIGO | AE18: NÚMERO | AF18: CÓDIGO | AG18: CÓDIGO | AH18: CÓDIGO
A19: 01
A20: 02
A21: 03
A22: 04
A23: 05
A24: 06
A25: 07
A26: 08
A27: 09
A28: 10
A29: 11
A30: 12
... A33: 15
